Workbook
Name ___________________________________________________________________________________can430: 40.73
Name ___________________________________________________________________________________can435: 43.3
Name __________________________________________________________________________________can430: 40.73
Name __________________________________________________________________________________can435: 43.3
Name _________________________________________________________________________________can430: 40.73
Name _________________________________________________________________________________can435: 43.3
Name ________________________________________________________________________________can430: 40.73
Name ________________________________________________________________________________can435: 43.3
Name _______________________________________________________________________________can430: 40.73
Name _______________________________________________________________________________can435: 43.3
Name ______________________________________________________________________________can430: 40.73
Name ______________________________________________________________________________can435: 43.3

Sheet Inputsheet
A1: Habitation | B1: Bijwar | D1: Name of the work | E1: Construction of Kitchen shed at ZPHS Bijwar(V) of Utkoor(M)
A2: G.P | B2: =B1 -> Bijwar
A3: Mandal | B3: Utkoor | D3: LS | E3: ='kitchen shed'!K146 -> 18645
A4: Admn. Sanction Number | B4: 1
A5: Admn. Sanction Date | B5: 44672
A6: TS Number | B6: 76
A7: TS Date | B7: 44672
A8: Priority | B8: =B6 -> 76
A9: Estd. Cost | B9: 3.4
A10: Average no. of labours | B10: 4
A11: Total Area under taken for construction(sq feet)
A13: Sand | B13: Sangambanda | C13: 29
A14: Metal | B14: Gudeballur | C14: 38
A15: Bricks | B15: Makthal | C15: 23
A16: Shabadstone | B16: MBNR | C16: 80

Sheet Cover
B4: Government of Telangana Panchayat Raj Engineering Department
B7: DETAILED ESTIMATE
B9: =LEAD!A2 -> Construction of Kitchen shed at ZPHS Bijwar(V) of Utkoor(M)
B16: ESTIMATE COST : | E16: Rs | F16: 3.4 | G16: Lakhs

Sheet ABS
A1: COMPONENT - IX
A2: ='kitchen shed'!B2 -> Construction of Kitchen shed at ZPHS Bijwar(V) of Utkoor(M)
A3: Sl. No | B3: Name of Component | D3: Amount in Rs.
A5: 1 | B5: Kitechen Shed in Govt. School | D5: ='kitchen shed'!K144 -> 319756
B6: Sub Total >>> | D6: =SUM(D5:D5) -> 319756
A7: 2 | B7: ELECTICAL PLUMBING and cleaning arrangements | D7: 20000
A8: 3 | B8: Add L.S for unforeseen item of work and Provision for fluctuation of rates | D8: 6352
B9: Grand Total of Civil Works >>> (in Rs.) | D9: =SUM(D6:D8) -> 346108 | E9: =360000-D9 -> 13892 | F9: =+E9+D8 -> 20244
B10: Or say (Rupees in Lakhs) | D10: =ROUND(D9/100000,2) -> 3.46

Sheet kitchen shed
A1: Detailed Estimate
B2: =LEAD!A2 -> Construction of Kitchen shed at ZPHS Bijwar(V) of Utkoor(M)
C3: No's
A4: S.no | B4: Description | E4: L | F4: B | G4: H | H4: Qty | I4: Units | J4: Rate | K4: Amt
A5: 1 | B5: Earth work excavation and depositing on bank (manual means) with initial lead of 10m and initial lift of 3m in Loamy & Clayey Soils like BC Soils, Red Earth & Ordinary Gravelly Soils ( SS 20-B) including all operational incidental labour charges such as shoring, strutting, sheeting, planking and dewatering including cost of hire charges of T & P, labour charges etc., complete for finished item of work excluding seignerage charges and dewatering charges etc., complete for Foundation of Building.(APSS No. 308)
B6: store room l/w | C6: 1 | D6: 2 | E6: 4.1 | F6: 0.6 | G6: 0.6 | H6: =PRODUCT(C6:G6) -> 2.952 | O6: =4.35-0.6*2 -> 3.15
B7: store room c/w | C7: 1 | D7: 2 | E7: 2.38 | F7: 0.6 | G7: 0.6 | H7: =PRODUCT(C7:G7) -> 1.7136
B8: kitchen l/w | C8: 1 | D8: 1 | E8: 4.1 | F8: 0.6 | G8: 0.6 | H8: =PRODUCT(C8:G8) -> 1.476
B9: kitchen c/w | C9: 1 | D9: 2 | E9: 2 | F9: 0.6 | G9: 0.6 | H9: =PRODUCT(C9:G9) -> 1.44
B10: As per Rural SSR Rates as GO Rt.No119 dt 29.04.2022 | H10: =SUM(H6:H9) -> 7.5816 | I10: Cum | J10: 257 | K10: =ROUND(J10*H10,0) -> 1948
A11: 2 | B11: Plain Cement Concrete corresponding to M5 grade as per IS 456 equivalent to (1:5:10) proportion nominal mix (cement: fine aggregate: Coarse aggregate) using,40mm size Hard Blasted Granite (IS383, 1970) metal from approved quarry including cost and conveyance of all materials like cement, sand, coarse aggregate, water etc. to site, including sales & other taxes on all materials, all operational, incidental, and labour charges such as mixing, laying and ramming concrete in layers in position not exceeding 15cm, finishing top surface, curing concrete, etc., complete but excluding seigniorage chargesfor finished item of work for Foundations and Flooring Bed (APSS No. 402)
B12: store room | C12: 1 | D12: 2 | E12: 4.1 | F12: 0.6 | G12: 0.15 | H12: =PRODUCT((C12:G12)) -> 0.738
B13: store room c/w | C13: 1 | D13: 2 | E13: 2.38 | F13: 0.6 | G13: 0.15 | H13: =PRODUCT((C13:G13)) -> 0.4284
B14: kitchen l/w | C14: 1 | D14: 2 | E14: 4.1 | F14: 0.6 | G14: 0.15 | H14: =PRODUCT((C14:G14)) -> 0.738
B15: kitchen c/w | C15: 1 | D15: 2 | E15: 2 | F15: 0.6 | G15: 0.15 | H15: =PRODUCT((C15:G15)) -> 0.36
H16: =SUM(H12:H15) -> 2.2644
B17: store room | C17: 1 | D17: 1 | E17: 3.65 | F17: 1.8 | G17: 0.15 | H17: =PRODUCT((C17:G17)) -> 0.9855
B18: kitchen | C18: 1 | D18: 1 | E18: 3.65 | F18: 1.8 | G18: 0.15 | H18: =PRODUCT((C18:G18)) -> 0.9855
H19: =SUM(H17:H18) -> 1.971
H20: =H19+H16 -> 4.2354 | I20: Cum | J20: ='C-data'!I276 -> 3537.3 | K20: =ROUND(J20*H20,0) -> 14982
A21: 3 | B21: Random Rubble stone masonry, in CM (1:8) prop: (Cement: Sand) using Hard blasted Granite stones from approved quarry including cost and conveyance of all materials like Granite stones, cement, sand, water, etc., to site sales & other taxes on all materials, all operational, incidental, and labour charges such as cutting stones to required size and shape, mixing of cement mortar, constructing masonry, curing etc., complete but excluding seigniorage charges for finished item of work for foundation and basement (APSS No. 601 & 615)
B22: store room l/w | C22: 1 | D22: 2 | E22: 4.1 | F22: 0.45 | G22: 1.2 | H22: =PRODUCT((C22:G22)) -> 4.428
B23: store room c/w | C23: 1 | D23: 2 | E23: 1.8 | F23: 0.45 | G23: 1.2 | H23: =PRODUCT((C23:G23)) -> 1.944
B24: kitchen l/w | C24: 1 | D24: 2 | E24: 4.1 | F24: 0.45 | G24: 1.2 | H24: =PRODUCT((C24:G24)) -> 4.428
B25: kitchen c/w | C25: 1 | D25: 2 | E25: 1.8 | F25: 0.45 | G25: 1.2 | H25: =PRODUCT((C25:G25)) -> 1.944
H26: =SUM(H22:H25) -> 12.744 | I26: Cum | J26: ='C-data'!I395 -> 3227.5 | K26: =ROUND(J26*H26,0) -> 41131
A27: 4 | B27: Filling with Gravel in trenches, sides of foundations and basement with initial lead in layers not exceeding 15cm thick, consolidating each deposited layer by watering and ramming including cost and conveyence of water to the work site and all operational, incidental, labour charges, hire charges of T & P etc., completebut but excluding seignorage charges, for finished item of work. (APSS NO. 309 & 310)
B28: store room | C28: 1 | D28: 1 | E28: 3.65 | F28: 1.8 | G28: 0.6 | H28: =PRODUCT((C28:G28)) -> 3.942
B29: kitchen | C29: 1 | D29: 1 | E29: 3.65 | F29: 1.8 | G29: 0.6 | H29: =PRODUCT((C29:G29)) -> 3.942
H30: =SUM(H28:H29) -> 7.884 | I30: Cum | J30: ='C-data'!I255 -> 227.15 | K30: =ROUND(J30*H30,0) -> 1791
A31: 5 | B31: Brick Masonry in superstructure with CM (1:8) prop: using second class bricks from approved source having minimum crushing strength of 40 Kg/Sqcm. including cost and conveyance of all materials like cement, sand, bricks, water etc., to site, including sales & other taxes on all materials, all operational, incidental and labour charges such as mixing cement mortar, constructing masonry, scaffolding charges, lift charges, curing, etc., complete but excluding seigniorage charges for finished item of work. (APSS No. 501 & 504).
B32: store room l/w | C32: 1 | D32: 2 | E32: 4.1 | F32: 0.23 | G32: 2.8 | H32: =PRODUCT((C32:G32)) -> 5.2808
B33: store room c/w | C33: 1 | D33: 2 | E33: 2 | F33: 0.23 | G33: 2.8 | H33: =PRODUCT((C33:G33)) -> 2.576
B34: kitchen l/w | C34: 1 | D34: 1 | E34: 4.1 | F34: 0.23 | G34: 1 | H34: =PRODUCT((C34:G34)) -> 0.943
B35: kitchen C/w | C35: 1 | D35: 2 | E35: 2 | F35: 0.23 | G35: 2.8 | H35: =PRODUCT((C35:G35)) -> 2.576
B36: kitchen C/w | C36: 1 | D36: 1 | E36: 2 | F36: 0.23 | G36: 1 | H36: =PRODUCT((C36:G36)) -> 0.46
B37: steps | C37: 1 | D37: 1 | E37: 1.7 | F37: 0.9 | G37: 0.23 | H37: =PRODUCT((C37:G37)) -> 0.3519
B38: steps | C38: 1 | D38: 1 | E38: 1.7 | F38: 0.6 | G38: 0.15 | H38: =PRODUCT((C38:G38)) -> 0.153
B39: steps | C39: 1 | D39: 1 | E39: 1.7 | F39: 0.3 | G39: 0.15 | H39: =PRODUCT((C39:G39)) -> 0.0765
B40: dedutions
B41: door | C41: -1 | D41: 1 | E41: 1.2 | F41: 0.23 | G41: 2.1 | H41: =PRODUCT((C41:G41)) -> -0.5796
B42: window | C42: -1 | D42: 1 | E42: 1.5 | F42: 0.23 | G42: 1.35 | H42: =PRODUCT((C42:G42)) -> -0.46575
H43: =SUM(H32:H42) -> 11.37185 | I43: Cum | J43: ='C-data'!E797 -> 5652.3 | K43: =ROUND(J43*H43,0) -> 64277
A44: 6 | B44: Reinforced Brick Masonry 11.5cm (4 1/2") thick for partition walls in CM (1:4) prop: using second class bricks from approved source having minimum crushing strength of 40 Kg/Sqcm. and placing 2nos. of 6mm dia MS bars embedded in every 3rd layer with free ends of reinforcement keyed into mortar joints of the main brick work whereever applicable including cost and conveyance of all materials like cement, sand, bricks, water etc., to site, sales & other taxes on all materials, all operational, incidental and labour charges such as mixing cement mortar, constructing masonry, scaffolding charges, lift charges, curing, etc., but excluding cost and conveyance of steel and its fabrication charges complete but excluding seigniorage charges for finished item of work. (APSS No. 501 & 504).
B45: store shelf wall | C45: 1 | D45: 2 | E45: 0.45 | G45: 0.6 | H45: =PRODUCT((C45:G45)) -> 0.54
B46: kitchen shelf wall | C46: 2 | D46: 3 | E46: 0.45 | G46: 0.6 | H46: =PRODUCT((C46:G46)) -> 1.62
H47: =SUM(H45:H46) -> 2.16 | I47: Sqm | J47: ='C-data'!E819 -> 758.3 | K47: =ROUND(J47*H47,0) -> 1638
A48: 7 | B48: Providing High Yield Strength Deformed (HYSD) steel bars (Fe 500 grade as per IS 1786-1985) of 8mm to 40mm diameters, (TATA, SAIL, VSP,JSW & Shyam Steel) cutting, bending, to required sizes and shapes placing in position with cover blocks of approved size and binding wire of 20SWG, forming grills for reinforcement work as per approved designs and drawings including cost and conveyance of bars from approved sources to site of work, including cost and conveyance of binding wire, cover blocks, chairs, overlaps, spacers, dowels, wastage etc., and all operational, incidental, and labour charges such as cutting, bending, placing in position, tying etc., and sales & other taxes,on cost of all materials complete for finished item of work (APSS No.126)
A49: 8mm | B49: main bars | C49: 2 | D49: 30 | E49: 4.35 | F49: 0.39 | H49: =PRODUCT((C49:G49)) -> 101.79
A50: 8mm | B50: dist bars | C50: 2 | D50: 50 | E50: 2.95 | F50: 0.39 | H50: =PRODUCT((C50:G50)) -> 115.05
H51: =SUM(H49:H50) -> 216.84
H52: =H51/1000 -> 0.21684 | I52: M.t | J52: ='C-data'!E895 -> 98665 | K52: =ROUND(J52*H52,0) -> 21395
A53: 8 | B53: RCC M- 20 Nominal mix (Cement:fine aggregate: coarse aggregate) corresponding to Table 9 of IS 456 using 20mm size graded machine crushed hard granite metal (coarse aggregate) from approved quarry including cost and conveyance of all materials like cement, Sand of Concrete coarse aggregate, water etc., to site and including sales & other taxes on all materials including all operational, incidental and labour charges such as machine mixing, laying concrete, curing etc.,complete but excluding cost of steel and its fabrication charges for finished item of work, but excluding centering, shuttering.
B54: Roof Slab 115mm thick | C54: 1 | D54: 1 | E54: 4.4 | F54: 3 | H54: =PRODUCT(D54:G54) -> 13.2
H55: =H54 -> 13.2 | I55: Sqm | J55: ='C-data'!E546 -> 1036.9 | K55: =ROUND(J55*H55,0) -> 13687
A56: 9 | B56: Providing impervious coat with required slopes in CM (1:3) prop. 20mm thick (average) mixed with water proofing compound manufactured by reputed manufacturers as approved by Engineer-in-charge at 1Kg/bag of cement, laid over roof slab when it is green, finished smooth with a floating coat of neat cement and thread lining at regular intervals of 45cmx45cm including cost and conveyance of all materials like cement, sand, water proofing compound, water etc., to site, sales & other taxes on all materials, all operational, incidental and labour charges such as mixing mortar, laying, rounding off at junctions of wall and slab, rendering smooth with thread lining, curing, lift charges, etc., complete but excluding seigniorage charges for finished item of work (APSS No. 901 & 903).
C57: 1 | D57: 1 | E57: =+E54 -> 4.4 | F57: =+F54 -> 3 | H57: =PRODUCT(D57:G57) -> 13.2
H58: =H55 -> 13.2 | I58: Sqm | J58: ='C-data'!E1031 -> 397.4 | K58: =ROUND(J58*H58,0) -> 5246
A59: 10 | B59: Plastering 12mm thick in two coats with base coat of 8mm thick in CM (1:6) and top coat of 4mm thick in CM (1:4) dubara sponge finish including cost and conveyance of all materials like cement, sand, water etc., to site, sales & other taxes on all materials,all operational, incidental and labour charges such as mixing mortar, scaffolding charges, lift charges, including cutting of Grooves wherever necessary as directed by Engineer - in - charge, finishing, curing, etc., complete but excluding seigniorage charges for Even Surfaces of Wall for finished item of work. (APSS 901,903 & 904)
B60: celling | C60: 1 | D60: 1 | E60: 3.65 | F60: 1.8 | H60: =PRODUCT(B60:G60) -> 6.57
B61: slab projection | C61: 1 | D61: 2 | E61: 4.4 | F61: 0.3 | H61: =PRODUCT(B61:G61) -> 2.64
B62: slab projection | C62: 1 | D62: 1 | E62: 3 | F62: 0.3 | H62: =PRODUCT(B62:G62) -> 0.9
B63: l/w store room | C63: 1 | D63: 2 | E63: 3.65 | G63: 2.8 | H63: =PRODUCT(B63:G63) -> 20.44
B64: c/w store room | C64: 1 | D64: 2 | E64: 1.8 | G64: 2.8 | H64: =PRODUCT(B64:G64) -> 10.08
B65: kitchen c/w | C65: 1 | D65: 1 | E65: 1.8 | G65: 2.8 | H65: =PRODUCT(B65:G65) -> 5.04
B66: kitchen c/w | C66: 1 | D66: 1 | E66: 1.8 | G66: 1 | H66: =PRODUCT(B66:G66) -> 1.8
B67: litchen l/w | C67: 1 | D67: 1 | E67: 3.65 | G67: 2.8 | H67: =PRODUCT(B67:G67) -> 10.22
B68: kitchen l/w front | C68: 1 | D68: 1 | E68: 3.65 | G68: 1 | H68: =PRODUCT(B68:G68) -> 3.65
B69: platfrom int/store | C69: 2 | D69: 2 | E69: 2 | F69: 0.45 | H69: =PRODUCT(B69:G69) -> 3.6
B70: platfrom int/kitchen | C70: 2 | D70: 2 | E70: 6 | F70: 0.45 | H70: =PRODUCT(B70:G70) -> 10.8
B71: Deductions
B72: door | C72: -1 | D72: 1 | E72: 1.2 | G72: 2.1 | H72: =PRODUCT(B72:G72) -> -2.52
B73: door | C73: -1 | D73: 1 | E73: 1.2 | G73: 1.6 | H73: =PRODUCT(B73:G73) -> -1.92
B74: window | C74: -1 | D74: 1 | E74: 1.5 | G74: 1.37 | H74: =PRODUCT(B74:G74) -> -2.055
H75: =SUM(H60:H74) -> 69.245 | I75: Sqm | J75: ='C-data'!E958 -> 351.85 | K75: =ROUND(J75*H75,0) -> 24364
A76: 11 | B76: Plastering 20mm thick in two coats with base coat of 16mm thick in CM (1:6) and top coat of 4mm thick in CM (1:4) dubara sponge finish including cost and conveyance of all materials like cement, sand, water etc., to site, sales & other taxes on all materials, all operational, incidental and labour charges such as mixing mortar,scaffolding charges, lift charges, finishing,including cutting of Grooves wherever necessary as directed by Engineer - in - charge, curing, etc., complete but excluding seigniorage charges for Uneven Surfaces of Brick Wall for finished item of work. (APSS 901,903 & 904)
B77: side | C77: 1 | D77: 2 | E77: 2.33 | G77: 3.35 | H77: =PRODUCT(C77:G77) -> 15.611
B78: kitchen sides | C78: 1 | D78: 2 | E78: 2 | G78: 1.6 | H78: =PRODUCT(C78:G78) -> 6.4
B79: front | C79: 1 | D79: 1 | E79: 4.1 | G79: 1.6 | H79: =PRODUCT(C79:G79) -> 6.56
B80: rear wall | C80: 1 | D80: 1 | E80: 4.1 | G80: 3.45 | H80: =PRODUCT(C80:G80) -> 14.145
B81: sajja projetion | C81: 1 | D81: 2 | E81: 1.5 | F81: 0.6 | H81: =PRODUCT(C81:G81) -> 1.8
B82: steps | C82: 1 | D82: 3 | E82: 1.5 | F82: 0.3 | H82: =PRODUCT(C82:G82) -> 1.35
B83: risers | C83: 1 | D83: 3 | E83: 1.5 | G83: 0.15 | H83: =PRODUCT(C83:G83) -> 0.675
B84: Deductions
B85: door | C85: -1 | D85: 1 | E85: 1.2 | G85: 1.6 | H85: =PRODUCT(C85:G85) -> -1.92
B86: window | C86: -1 | D86: 1 | E86: 1.5 | G86: 1.37 | H86: =PRODUCT(C86:G86) -> -2.055
H87: =SUM(H77:H86) -> 42.566 | I87: Sqm | J87: ='C-data'!E981 -> 365.55 | K87: =ROUND(J87*H87,0) -> 15560
A88: 12 | B88: Supply and Fixing of Door with Double leaf shutter, Door Size 1.22x2.13 mtrs with Medium teak wood Frame of sections size 75mm x 100mm with Flush Door Shutter Solid Bond Wood black board type with commercial ply on both faces of 35mm thick including cost of fixtures such as MS Powder coated Tower Bolts 250mm long 2 Nos, MS Powder coated Handles 150mm long 2 Nos, 300mm long MS Powder coated Aldrops 1No, 125mm long MS Powder coated butt hinges 6Nos, 300 mm long MS Powder coated Flat latch 1No, MS Powder coated heavy Door stoppers 2 Nos, MS Hold fasts 6Nos, Sales and Other Taxes cost and convenyance of all materials to site all Labour charges such as Fixing of Door Frame on shutter Fixing in position , with Hardware fixtures etc., complete for finsihed item of work.
B89: Door | C89: 1 | D89: 1 | H89: 1 | I89: No | J89: ='D&W DATA 1'!H142 -> 10337 | K89: =ROUND(J89*H89,0) -> 10337
A91: 13 | B91: ='D&W DATA 1'!D285 -> Providing & Fixing of Open able Windows with Flymesh made of pre-painted steel as per IS 513 of 0.58 mm thick galvanized as per IS 277 finish painted with a polyester paint and the section for outer frame of 72 x 55mm, centre mullion of 72 x 50mm, section for fixed glass beading section of 12 x 12 mm and section for shutters of 48 x 25 mm and outer frame & mullion sections with rebate for glazed shutters, fly mesh and a 20 mm provision for guard bars/grills and fly mesh shutter section of 20 x 40 mm, stay, handles, latch 2 Nos of heavy duty stainless steel pivot hinges per shutter and panelled with 0.5 mm thick Galvalume corrugated sheet and S.S. Mesh for fly mesh shutter (304 grade), fitted using rubber gaskets including fixing the windows in the concrete/masonry wall by means of self expanding screws, including 10mm Square guard bars with 6” (152.4mm) pitch , complete for Three shutter window
B92: Window | C92: 1 | D92: 1 | E92: 1.5 | G92: 1.35 | H92: =PRODUCT(C92:G92) -> 2.025 | I92: Sqm | J92: ='D&W DATA 1'!H291 -> 8426 | K92: =ROUND(J92*H92,0) -> 17063
A93: 14 | B93: Supply and Fixing MS Purlins 50mm dia including Labour Charges for fixing complete including cost and conveyance of all materials to site, sales and other taxes, all labour charges etc., complete for finished item of work
C94: 1 | D94: 3 | E94: 4.1 | H94: =PRODUCT(B94:G94) -> 12.3
C95: 1 | D95: 2 | E95: 2.4 | H95: =PRODUCT(B95:G95) -> 4.8
H96: =SUM(H94:H95) -> 17.1 | I96: Rmt | J96: =+'C-data'!I1275 -> 484.5 | K96: =ROUND(J96*H96,0) -> 8285
A97: 15 | B97: Roofing: - Roofing will be provided with 0.5mm thick galvanized / pre painted G.I. profiled sheets fixed to the purlins with 14 size self drilling screws with neoprene washer. Side laps are stitched with self tapping / drilling screws. End laps are to be sealed with 25x3 mm Butyl tape. The sheets are provided with anti capillary grove
C98: 1 | D98: 1 | E98: 4.7 | F98: 2.6 | H98: =F98*E98*D98*C98 -> 12.22 | I98: Sqm | J98: =+'C-data'!I1550 -> 762 | K98: =ROUND(J98*H98,0) -> 9312
A99: 16 | B99: ='[2]kitchen shed p3 '!$B$565 -> Supplying and fabrication and placing of MSGrills or Doors with of MS Flat including Cost and Convenance of all material and labour charges etc complete.
B100: Ms gate (1.2 x 1.85 ) | C100: 1 | D100: 1 | E100: 43 | H100: =E100*D100*C100*2 -> 86
B101: kitchen sides (2.02 x 1.5) | C101: 1 | D101: 1 | E101: 53 | H101: =E101*D101*C101*2 -> 106
...

Sheet LEAD
A1: LEAD CHART
A2: =Inputsheet!E1 -> Construction of Kitchen shed at ZPHS Bijwar(V) of Utkoor(M)
A3: RATES AS PER COMMON SSR OF 2021-22 with cement and steel rates of March 2022
A4: . | B4: Description | C4: SSR Sl.No. | D4: Avg. Thickness in mm | E4: Source of Material | F4: Lead in KM | I4: Convence Charges | J4: Initial Cost including Stacking Charges wherever necesssary | K4: Add Differenc in Seignio- rage Charges | L4: 1% towards storage | M4: Loading charges | N4: unloading charges | O4: =CONCATENATE("Area allowence on loading & unloading charges @ ",'C-data'!E5*100," %") -> Area allowence on loading & unloading charges @ 0 % | P4: Total | Q4: Unit per
F5: MR | G5: CT | H5: Total
A6: 1 | B6: =A6+1 -> 2 | C6: =B6+1 -> 3 | D6: =C6+1 -> 4 | E6: =D6+1 -> 5 | F6: =E6+1 -> 6 | G6: =F6+1 -> 7 | H6: =G6+1 -> 8 | I6: =H6+1 -> 9 | ... Q6: =P6+1 -> 17
A7: 1 | B7: Sand for Concrete items | C7: M- 27 a | E7: =Inputsheet!B13 -> Sangambanda | F7: =Inputsheet!C13 -> 29 | G7: 0 | H7: =CEILING((F7+G7*1.1),1) -> 29 | I7: =VLOOKUP(H7,Conv!$C$3:$P$852,2) -> 437.12 | J7: 0 | K7: 0 | L7: 0 | M7: 0 | N7: 0 | O7: 0 | P7: =I7+J7+K7+L7+M7+N7+O7 -> 437.12 | Q7: Cum.
A8: 2 | B8: Sand for filling& blindage | C8: M-27 b | E8: Local | F8: 5 | G8: 0 | H8: =CEILING((F8+G8*1.1),1) -> 5 | I8: =VLOOKUP(H8,Conv!$C$3:$P$852,2) -> 94.88 | J8: 0 | K8: 0 | L8: 0 | M8: 0 | N8: 0 | O8: 0 | P8: =I8+J8+K8+L8+M8+N8+O8 -> 94.88 | Q8: Cum.
A9: =A8+1 -> 3 | B9: Sand for plastering works | C9: M-28 | E9: =E7 -> Sangambanda | F9: =F7 -> 29 | G9: 0 | H9: =CEILING((F9+G9*1.1),1) -> 29 | I9: =VLOOKUP(H9,Conv!$C$3:$P$852,2) -> 437.12 | J9: 0 | K9: 0 | L9: 0 | M9: 0 | N9: 0 | O9: 0 | P9: =I9+J9+K9+L9+M9+N9+O9 -> 437.12 | Q9: Cum.
A10: =A9+1 -> 4 | B10: Gravel | C10: M-89 | E10: Local | F10: 5 | G10: 0 | H10: =CEILING((F10+G10*1.1),1) -> 5 | I10: =VLOOKUP(H10,Conv!$C$3:$P$852,2) -> 94.88 | J10: 98 | K10: 0 | L10: 0 | M10: 0 | N10: 0 | O10: 0 | P10: =I10+J10+K10+L10+M10+N10+O10 -> 192.88 | Q10: Cum.
A11: =A10+1 -> 5 | B11: R.R. Stone(Granite, Dolamite & Trap variety) | C11: M- 22 g | E11: =Inputsheet!B14 -> Gudeballur | F11: =Inputsheet!C14 -> 38 | G11: 0 | H11: =CEILING((F11+G11*1.1),1) -> 38 | I11: =VLOOKUP(H11,Conv!$C$3:$P$852,3) -> 546.42 | J11: 239 | K11: 0 | L11: 0 | M11: 0 | N11: 0 | O11: 0 | P11: =I11+J11+K11+L11+M11+N11+O11 -> 785.42 | Q11: Cum.
A12: =A11+1 -> 6 | B12: C.R. Stone(Granite, Dolamite &Trap variety) | C12: M- 23 a | E12: =E11 -> Gudeballur | F12: =F11 -> 38 | G12: 0 | H12: =CEILING((F12+G12*1.1),1) -> 38 | I12: =VLOOKUP(H12,Conv!$C$3:$P$852,3) -> 546.42 | J12: 249 | K12: 0 | L12: 0 | M12: 0 | N12: 0 | O12: 0 | P12: =I12+J12+K12+L12+M12+N12+O12 -> 795.42 | Q12: Cum.
A13: =A12+1 -> 7 | B13: trough stones25 x25x45 to 60 cms | C13: M - 75 | E13: =E12 -> Gudeballur | F13: =F12 -> 38 | G13: 0 | H13: =CEILING((F13+G13*1.1),1) -> 38 | I13: =VLOOKUP(H13,Conv!$C$3:$P$852,3) -> 546.42 | J13: =V13 -> 1523.8095 | K13: 0 | L13: 0 | M13: 0 | N13: 0 | O13: 0 | P13: =I13+J13+K13+L13+M13+N13+O13 -> 2070.2295 | Q13: Cum. | R13: BASIC INPUT DATA FOR IRRIGATION WORK ITEMS s.no.76 | S13: =0.25*0.25*0.45 -> 0.028125 | T13: =0.25*0.25*0.6 -> 0.0375 | U13: =(S13+T13)/2 -> 0.0328125 | V13: =50/U13 -> 1523.8095
A14: =A13+1 -> 8 | B14: Bond stones20 x20x60 cms | C14: M - 75 | E14: =E13 -> Gudeballur | F14: =F13 -> 38 | G14: 0 | H14: =CEILING((F14+G14*1.1),1) -> 38 | I14: =VLOOKUP(H14,Conv!$C$3:$P$852,3) -> 546.42 | J14: =V14 -> 1208.3333 | K14: 0 | L14: 0 | M14: 0 | N14: 0 | O14: 0 | P14: =I14+J14+K14+L14+M14+N14+O14 -> 1754.7533 | Q14: Cum. | R14: BASIC INPUT DATA FOR IRRIGATION WORK ITEMS s.no.76 | S14: =0.2*0.2*0.6 -> 0.024 | T14: 0 | U14: =(S14+T14) -> 0.024 | V14: =29/U14 -> 1208.3333
A15: =+A14+1 -> 9 | B15: 40mm HBG Metal (IS383-1970) | C15: M- 33 f | E15: =E13 -> Gudeballur | F15: =F13 -> 38 | G15: 0 | H15: =CEILING((F15+G15*1.1),1) -> 38 | I15: =VLOOKUP(H15,Conv!$C$3:$P$852,3) -> 546.42 | J15: =(505*1.25)+70 -> 701.25 | K15: 0 | L15: 0 | M15: 0 | N15: 0 | O15: 0 | P15: =I15+J15+K15+L15+M15+N15+O15 -> 1247.67 | Q15: Cum.
A16: =A15+1 -> 10 | B16: 20mm M/c chips/Trap metal (IS383-1970) | C16: M- 33 d | E16: =E15 -> Gudeballur | F16: =F15 -> 38 | G16: 0 | H16: =CEILING((F16+G16*1.1),1) -> 38 | I16: =VLOOKUP(H16,Conv!$C$3:$P$852,3) -> 546.42 | J16: =(870*1.25)+70 -> 1157.5 | K16: 0 | L16: 0 | M16: 0 | N16: 0 | O16: 0 | P16: =I16+J16+K16+L16+M16+N16+O16 -> 1703.92 | Q16: Cum.
A17: =A16+1 -> 11 | B17: 12 mm M/c chips /Trap metal (IS383-1970) | C17: M- 33 c | E17: =E16 -> Gudeballur | F17: =F16 -> 38 | G17: 0 | H17: =CEILING((F17+G17*1.1),1) -> 38 | I17: =VLOOKUP(H17,Conv!$C$3:$P$852,3) -> 546.42 | J17: =(781*1.25)+70 -> 1046.25 | K17: 0 | L17: 0 | M17: 0 | N17: 0 | O17: 0 | P17: =I17+J17+K17+L17+M17+N17+O17 -> 1592.67 | Q17: Cum.
A18: =A17+1 -> 12 | B18: 10mm M/c chips /Trap metal (IS383-1970) | C18: M- 33 b | E18: =E17 -> Gudeballur | F18: =F17 -> 38 | G18: 0 | H18: =CEILING((F18+G18*1.1),1) -> 38 | I18: =VLOOKUP(H18,Conv!$C$3:$P$852,3) -> 546.42 | J18: =(657*1.25)+70 -> 891.25 | K18: 0 | L18: 0 | M18: 0 | N18: 0 | O18: 0 | P18: =I18+J18+K18+L18+M18+N18+O18 -> 1437.67 | Q18: Cum.
A19: =A18+1 -> 13 | B19: 6mm M/c chips/Trap metal (IS383-1970) | C19: M- 33 a | E19: =E18 -> Gudeballur | F19: =F18 -> 38 | G19: 0 | H19: =CEILING((F19+G19*1.1),1) -> 38 | I19: =VLOOKUP(H19,Conv!$C$3:$P$852,3) -> 546.42 | J19: =(505*1.25)+70 -> 701.25 | K19: 0 | L19: 0 | M19: 0 | N19: 0 | O19: 0 | P19: =I19+J19+K19+L19+M19+N19+O19 -> 1247.67 | Q19: Cum.
A20: =A19+1 -> 14 | B20: 2nd Class Bricks of size 23x11x7cm | C20: TBSC-A.I-01 | E20: =Inputsheet!B15 -> Makthal | F20: 5 | G20: 0 | H20: =Inputsheet!C15 -> 23 | I20: =VLOOKUP(H20,Conv!$C$3:$P$852,7) -> 564.2 | J20: 7000 | K20: 0 | L20: 0 | M20: 0 | N20: ='Basic Data'!AG31 -> 63.81 | O20: =N20*'C-data'!E5 -> 0 | P20: =I20+J20+K20+L20+M20+N20+O20 -> 7628.01 | Q20: 1000 Nos
A21: =A20+1 -> 15 | B21: Fly Ash Bricks of size 290 x100 x140 mm with compressive strength of 50 Kg /sq.cm | C21: TBSC-A.II-11 | E21: =Inputsheet!B15 -> Makthal | F21: =Inputsheet!C15 -> 23 | G21: 0 | H21: =CEILING((F21+G21*1.1),1) -> 23 | I21: =VLOOKUP(H21,Conv!$C$3:$P$852,7)*D21 -> 0 | J21: 12000 | K21: 0 | L21: 0 | M21: 0 | N21: ='Basic Data'!AG32*D21 -> 0 | O21: =N21*'C-data'!E5 -> 0 | P21: =I21+J21+K21+L21+M21+N21+O21 -> 12000 | Q21: 1000 Nos
A22: =A21+1 -> 16 | B22: Fly Ash Bricks of size 290 x225 x 140 mm with compressive strength of 50 Kg/sq .cm | C22: TBSC-A.II-08 | E22: =E21 -> Makthal | F22: 20 | G22: 0 | H22: =H20 -> 23 | I22: =VLOOKUP(H22,Conv!$C$3:$P$852,7)*D22 -> 0 | J22: 27000 | K22: 0 | L22: 0 | M22: 0 | N22: ='Basic Data'!AG31*D22 -> 0 | O22: =N22*'C-data'!E5 -> 0 | P22: =I22+J22+K22+L22+M22+N22+O22 -> 27000 | Q22: 1000 Nos
A23: =A22+1 -> 17 | B23: Polished Shabad/Tandur blue Slabas 15 to 18 mm thick (0.457M x 0.457M) | C23: TBSC-B.I-03 | D23: =VLOOKUP($B23,$B$59:$P$60,3,0) -> 16.5 | E23: =Inputsheet!B16 -> MBNR | F23: 80 | G23: 0 | H23: =Inputsheet!C16 -> 80 | I23: =VLOOKUP(H23,Conv!$C$3:$P$852,5)*D23/1000 -> 25.32354 | J23: 173 | K23: =VLOOKUP($B23,$B$59:$P$60,10,0) -> 0 | L23: 0 | M23: 0 | N23: ='Basic Data'!AD32*LEAD!D23/1000 -> 0.382635 | O23: =N23*'C-data'!E5 -> 0 | P23: =I23+J23+K23+L23+M23+N23+O23 -> 198.70618 | Q23: 1Sqm.
A24: =A23+1 -> 18 | B24: Rough shabad / Tandur Stone slabs of minimum25 to 40 mm thick (0.457 x 457M) | C24: TBSC-B.I-02 | D24: =VLOOKUP($B24,$B$64:$P$65,3,0) -> 32.5 | E24: =E23 -> MBNR | F24: 80 | G24: 0 | H24: =H23 -> 80 | I24: =VLOOKUP(H24,Conv!$C$3:$P$852,5)*D24/1000 -> 49.8797 | J24: 130 | K24: =VLOOKUP($B24,$B$64:$P$65,10,0) -> 0 | L24: 0 | M24: 0 | N24: ='Basic Data'!AD32*LEAD!D24/1000 -> 0.753675 | O24: =N24*'C-data'!E5 -> 0 | P24: =I24+J24+K24+L24+M24+N24+O24 -> 180.63338 | Q24: 1Sqm.
A25: =A24+1 -> 19 | B25: ='C-data'!C142 -> Polished Marble Slabs of any variety 16 to 20 mm thick (size 0.457 x 0.457 M / 0.6 x 0.6 M) | C25: TBSC-B.II-03 | D25: 18 | E25: =E24 -> MBNR | F25: =F24 -> 80 | G25: 0 | H25: =H23 -> 80 | I25: 0 | J25: 953 | K25: 0 | L25: 0 | M25: 0 | N25: ='Basic Data'!AD32*LEAD!D25/1000 -> 0.41742 | O25: =N25*'C-data'!E5 -> 0 | P25: =I25+J25+K25+L25+M25+N25+O25 -> 953.41742 | Q25: 1Sqm.
A26: =A25+1 -> 20 | B26: ='C-data'!C144 -> High polished Granite 16 to 18 mm thick up to 8' 00" (2.43M) black | C26: TBSC-B.III-03 | D26: 17 | E26: =E25 -> MBNR | F26: =F25 -> 80 | G26: 0 | H26: =H24 -> 80 | I26: =VLOOKUP(H26,Conv!$C$3:$P$852,5)*D26/1000 -> 26.09092 | J26: 2419 | K26: 0 | M26: 0 | N26: ='Basic Data'!AD32*LEAD!D26/1000 -> 0.39423 | O26: =N26*'C-data'!E5 -> 0 | P26: =I26+J26+K26+L26+M26+N26+O26 -> 2445.4851 | Q26: 1Sqm.
A27: =A26+1 -> 21 | B27: water | C27: M- 276 | E27: Local | F27: 0.5 | G27: 0 | H27: 0.5 | I27: 0 | J27: 73 | P27: =I27+J27+K27+L27+M27+N27+O27 -> 73 | Q27: KL
A28: =A27+1 -> 22 | B28: Cement | C28: CSSR-A.05 | E28: Local | F28: 0 | G28: 0 | H28: =CEILING((F28+G28*1.1),1) -> 0 | I28: 0 | J28: 5600 | K28: 0 | L28: =J28*0% -> 0 | M28: 0 | N28: 0 | O28: 0 | P28: =(I28+J28+K28+L28+M28+N28+O28)*1.28 -> 7168 | Q28: M.T | R28: AS ON 29.04.2022
A29: =A28+1 -> 23 | B29: Mild Steel Bars (Fe 250) for 6mm | E29: At Site | F29: 0 | G29: 0 | H29: =CEILING((F29+G29*1.1),1) -> 0 | I29: 0 | J29: 65000 | K29: 0 | L29: 0 | M29: 0 | N29: 0 | O29: 0 | P29: =(I29+J29+K29+L29+M29+N29+O29)*1.18 -> 76700 | Q29: M.T
A30: =A29+1 -> 24 | B30: High Yield Strength Deformed Bars (Fe 500) for 8mm to 40mm dia (TATA, SAIL, VSP,JSW & Shyam Steel) | E30: At Site | F30: 0 | G30: 0 | H30: =CEILING((F30+G30*1.1),1) -> 0 | I30: 0 | J30: 71000 | K30: 0 | L30: 0 | M30: 0 | N30: 0 | O30: 0 | P30: =(I30+J30+K30+L30+M30+N30+O30)*1.18 -> 83780 | Q30: M.T
A31: =A30+1 -> 25 | B31: Mild Steel, Structural steel, I,e, Angles, Channels & I-Sections | E31: At Site | F31: 0 | G31: 0 | H31: =CEILING((F31+G31*1.1),1) -> 0 | I31: 0 | J31: 63000 | K31: 0 | L31: 0 | M31: 0 | N31: 0 | O31: 0 | P31: =(I31+J31+K31+L31+M31+N31+O31)*1.18 -> 74340 | Q31: M.T
A32: =A31+1 -> 26 | B32: M.S. Plates | E32: At Site | F32: 0 | G32: 0 | H32: =CEILING((F32+G32*1.1),1) -> 0 | I32: 0 | J32: 77000 | K32: 0 | L32: 0 | M32: 0 | N32: 0 | O32: 0 | P32: =(I32+J32+K32+L32+M32+N32+O32)*1.18 -> 90860 | Q32: M.T
B33: CERTIFICATES:-
A34: 1 | B34: Certified that the above leads are true and correct to the best of my knowledge
A35: 2 | B35: Certified that the quarry requries blasting for RR, CRS, 6mm, 10mm, 12mm, 20mm & 40mm Metal
A36: 3 | B36: Certified that the 20mm, 12mm, 10mm, 6mm Metal requires Machine Crushing
B41: Asst Engineer | D41: Dy. Executive Engineer
B42: PR MP Utkoor | D42: PR SD Makthal
G44: Edit only Entries in RED Font
G45: Village : | H45: ZAHEERABAD | O45: phase :1 | P45: Ground floor | Q45: First floor
G46: Mandal : | H46: ZAHEERABAD | O46: Frount wing | P46: 1 | Q46: 1
G47: District : | H47: SANGAREDDY | O47: Left wing | P47: 1 | Q47: 1
C48: =CONCATENATE(" CONSTRUCTION OF OF MINORITY RESIDENTIAL SCHOOL COMPLEX FOR GIRLS AT "&H45&" (V) , "&H46&" (M) , IN "&H47&" DISTRICT.") -> CONSTRUCTION OF OF MINORITY RESIDENTIAL SCHOOL COMPLEX FOR GIRLS AT ZAHEERABAD (V) , ZAHEERABAD (M) , IN SANGAREDDY DISTRICT. | M48: Ls amount | N48: =#REF! -> #REF! | O48: Right wing | P48: 1 | Q48: 1
C49: Length Of Compound Wall in Rmt | G49: 1000 | I49: Type Design | J49: 1 | K49: SBC | L49: 250 | M49: KN/SQMT | O49: Back wing | P49: 1 | Q49: 1
C50: Depth of Foundation for Building | G50: 1.6 | I50: Plinth Area | J50: 19597 | K50: Over Head Charges | L50: 0 | M50: =L50*100 -> 0
C51: Height of Basement for Building | G51: 0.75 | I51: Circle | J51: HYDERABAD | K51: Agency area allowence | L51: 0.2 | M51: =L51*100 -> 20 | O51: Rate per SFT | P51: =ROUND((#REF!*100000)/LEAD!J50,2) -> #REF!
C52: Depth of Foundation for Ext.walls | G52: 0.75 | I52: Division | J52: KHAMMAM | K52: provision for price escalation | L52: 0.001 | N52: completion period | O52: 18 | P52: Months
D53: doors | E53: sal wood frame & flush door | F53: Brick work | G53: Fly ash | I53: Sub Division | J53: KOTHAGUDEM | K53: Water charges area | L53: urban | O53: Steel per SFT | P53: =ROUND((#REF!+#REF!+#REF!+#REF!)*1000/LEAD!J50,2) -> #REF!
D54: windows | E54: NCL or equivalent Prepainted | I54: section | J54: BHADRACHALAM
C55: Height of parapet wall | G55: 0.75
B56: Fly ash | C56: ='C-data'!C820 -> Brick Masonry in superstructure with CM (1:8) prop: using Fly ASH Bricks of size 290x225x140mm with compressive of 50 Kgs / Sqcm from approved source including cost and conveyance of all materials like cement, sand, fly ash bricks, water etc., to site, including sales & other taxes on all materials, all operational, incidental and labour charges such as mixing cement mortar, constructing masonry, scaffolding charges, lift charges, curing, etc., complete but excluding seigniorage charges for finished item of work. (APSS No. 501 & 504). | D56: ='C-data'!E842 -> 5411.75 | E56: ='C-data'!F842 -> 5791.95 | F56: ='C-data'!G842 -> 6172.15 | G56: ='C-data'!C861 -> Reinforced Fly Ash Brick Masonry 10cm thick for partition walls in CM (1:4) prop: Fly Bricks of size 290x100x140mm with compressive of 50 Kgs / Sqcm from approved source and placing 2nos. of 6mm dia MS bars embedded in every 3rd layer with free ends of reinforcement keyed into mortar joints of the main brick work whereever applicable including cost and conveyance of all materials like cement, sand, bricks, water etc., to site, sales & other taxes on all materials, all operational, incidental and labour charges such as mixing cement mortar, constructing masonry, scaffolding charges, lift charges, curing, etc., but excluding cost and conveyance of steel and its fabrication charges & seignerage charges complete for finished item of work. (APSS No. 501 & 509). | H56: ='C-data'!E881 -> 627.45 | I56: ='C-data'!F881 -> 686.15 | J56: ='C-data'!G881 -> 744.85 | K56: Steel & Cement Rates | L56: =J3 -> 0 | N56: ='C-data'!C935 -> Plastering 12mm thick in two coats with base coat of 8mm thick in CM (1:6) and top coat of 4mm thick in CM (1:4) dubara sponge finish including cost and conveyance of all materials like cement, sand, water etc., to site, sales & other taxes on all materials,all operational, incidental and labour charges such as mixing mortar, scaffolding charges, lift charges, including cutting of Grooves wherever necessary as directed by Engineer - in - charge, finishing, curing, etc., complete but excluding seigniorage charges for Even Surfaces of Wall for finished item of work. (APSS 901,903 & 904) | O56: ='C-data'!E958 -> 351.85 | P56: ='C-data'!F958 -> 385.85 | Q56: ='C-data'!G958 -> 419.85
B57: 2nd class | C57: ='C-data'!C776 -> Brick Masonry in superstructure with CM (1:8) prop: using second class bricks from approved source having minimum crushing strength of 40 Kg/Sqcm. including cost and conveyance of all materials like cement, sand, bricks, water etc., to site, including sales & other taxes on all materials, all operational, incidental and labour charges such as mixing cement mortar, constructing masonry, scaffolding charges, lift charges, curing, etc., complete but excluding seigniorage charges for finished item of work. (APSS No. 501 & 504). | D57: ='C-data'!E797 -> 5652.3 | E57: ='C-data'!F797 -> 6401.6 | F57: ='C-data'!G797 -> 6708.85 | G57: ='C-data'!C798 -> Reinforced Brick Masonry 11.5cm (4 1/2") thick for partition walls in CM (1:4) prop: using second class bricks from approved source having minimum crushing strength of 40 Kg/Sqcm. and placing 2nos. of 6mm dia MS bars embedded in every 3rd layer with free ends of reinforcement keyed into mortar joints of the main brick work whereever applicable including cost and conveyance of all materials like cement, sand, bricks, water etc., to site, sales & other taxes on all materials, all operational, incidental and labour charges such as mixing cement mortar, constructing masonry, scaffolding charges, lift charges, curing, etc., but excluding cost and conveyance of steel and its fabrication charges complete but excluding seigniorage charges for finished item of work. (APSS No. 501 & 504). | H57: ='C-data'!E819 -> 758.3 | I57: ='C-data'!F819 -> 817 | J57: ='C-data'!G819 -> 875.7 | N57: ='C-data'!C959 -> Plastering 20mm thick in two coats with base coat of 16mm thick in CM (1:6) and top coat of 4mm thick in CM (1:4) dubara sponge finish including cost and conveyance of all materials like cement, sand, water etc., to site, sales & other taxes on all materials, all operational, incidental and labour charges such as mixing mortar,scaffolding charges, lift charges, finishing,including cutting of Grooves wherever necessary as directed by Engineer - in - charge, curing, etc., complete but excluding seigniorage charges for Uneven Surfaces of Brick Wall for finished item of work. (APSS 901,903 & 904) | O57: ='C-data'!E981 -> 365.55 | P57: ='C-data'!F981 -> 399.55 | Q57: ='C-data'!G981 -> 433.55
A59: 15 | B59: Polished Shabad/Tandur blue Slabas 15 to 18 mm thick (0.457M x 0.457M) | C59: BMT-B.05 | D59: 16.5 | E59: Tandur | J59: 165.4 | K59: 0 | M59: 0.664455 | N59: 0.33231 | O59: ='C-data'!$E$5*(N59) -> 0 | P59: =I59+J59+K59+L59+M59+N59+O59 -> 166.39677 | Q59: 1Sqm.
A60: 15 | B60: Polished Black Kadapa slabs minimum of 15 mm thick (0.457M x 0.457M) | C60: BMT-B.06 | D60: 15 | E60: Kadapa | J60: 137.9 | K60: 0 | M60: 0.60405 | N60: 0.3021 | O60: ='C-data'!$E$5*(N60) -> 0 | P60: =I60+J60+K60+L60+M60+N60+O60 -> 138.80615 | Q60: 1Sqm.
A64: 16 | B64: Rough shabad / Tandur Stone slabs of minimum25 to 40 mm thick (0.457 x 457M) | C64: BMT-B.04 | D64: =(25+40)/2 -> 32.5 | E64: Tandur | F64: 353 | J64: 123.9 | K64: 0 | M64: 1.308775 | N64: 0.65455 | O64: ='C-data'!$E$5*(N64) -> 0 | P64: =I64+J64+K64+L64+M64+N64+O64 -> 125.86333 | Q64: 1Sqm.
A65: 16 | B65: Rough Kadapa slabs of minimum 25 to 40 mm thick, size not less than (0.457 x 457M) | C65: BMT-B.01 | D65: =(25+40)/2 -> 32.5 | E65: Kadapa | F65: 353 | J65: 96 | K65: 0 | M65: 1.308775 | N65: 0.65455 | O65: ='C-data'!$E$5*(N65) -> 0 | P65: =I65+J65+K65+L65+M65+N65+O65 -> 97.963325 | Q65: 1Sqm.
C67: Length of footting | O67: 200 | R67: 250
B68: sal wood frame & flush door | C68: SBC | D68: FG1 | E68: FG2 | F68: FG3 | G68: FG4 | H68: FG5 | I68: FG6 | J68: FG7 | K68: FG8 | L68: FG9 | M68: FG10 | N68: FG11 | O68: FG12 | P68: FG13 | Q68: FG14 | R68: FG15 | S68: FG16
B69: Ms frame & shutters | C69: 100 | D69: 2.25 | E69: 2.5 | F69: 2.85 | G69: 3.05 | H69: 3.35 | I69: 3.7 | J69: 3.95 | K69: 4.25 | L69: 2.9 | M69: 2.2 | N69: 8 | O69: 5 | P69: 6.2 | Q69: 6.3 | R69: 6.6 | S69: 6.5 | T69: 4.7 | U69: 7.5 | V69: 5.8 | W69: 6
B70: NCL or equivalent Prepainted | C70: 150 | D70: 2.8 | E70: 2.5 | F70: 2.2 | G70: 2 | H70: 1.4 | I70: 1.25 | J70: 1.15 | K70: 1
B71: Ms frame & shutters | C71: 200 | D71: 0.8 | E71: 1.5 | F71: 1.7 | G71: 2.06 | H71: 1.85 | I71: 1.2 | J71: 1.55 | K71: 1
C72: 250 | D72: 2.5 | E72: 2.3 | F72: 2 | G72: 1.8 | H72: 1.6 | I72: 1.4 | J72: 1.15 | K72: 1
C74: Bredth of footting
C75: SBC | D75: FG1 | E75: FG2 | F75: FG3 | G75: FG4 | H75: FG5 | I75: FG6 | J75: FG7 | K75: FG8 | L75: FG9 | M75: FG10 | N75: FG11 | O75: FG12 | P75: FG13 | Q75: FG14 | R75: FG15 | S75: FG16 | T75: CF7 | U75: CF8 | V75: CF9 | W75: RAF
C76: =C69 -> 100 | D76: =D69 -> 2.25 | E76: =E69 -> 2.5 | F76: =F69 -> 2.85 | G76: =G69 -> 3.05 | H76: =H69 -> 3.35 | I76: =I69 -> 3.7 | J76: =J69 -> 3.95 | K76: =K69 -> 4.25 | L76: 3.55 | M76: 3 | N76: 4.5 | O76: 3 | P76: 3.4 | Q76: 3.4 | R76: 3.4 | S76: 3.05 | T76: 2.8 | U76: 3.8 | V76: 3.8 | W76: 4.4
C77: =C70 -> 150 | D77: =D70 -> 2.8 | E77: =E70 -> 2.5 | F77: =F70 -> 2.2 | G77: =G70 -> 2 | H77: =H70 -> 1.4 | I77: =I70 -> 1.25 | J77: =J70 -> 1.15 | K77: =K70 -> 1
C78: =C71 -> 200 | D78: 0.8 | E78: 1.4 | F78: 1.6 | G78: 1.95 | H78: 1.75 | I78: 1.1 | J78: 1.5 | K78: 0.95 | L78: 1.7 | M78: 1.2 | N78: 1.55 | O78: 1.4 | P78: 1.25 | Q78: 1.6 | R78: 0.9 | S78: 1.6
C79: =C72 -> 250 | D79: =D72 -> 2.5 | E79: =E72 -> 2.3 | F79: =F72 -> 2 | G79: =G72 -> 1.8 | H79: =H72 -> 1.6 | I79: =I72 -> 1.4 | J79: =J72 -> 1.15 | K79: =K72 -> 1 | L79: 1.8 | M79: 1.8 | N79: 1.8 | O79: 1.35
C82: Depth of footting
C83: SBC | D83: FG1 | E83: FG2 | F83: FG3 | G83: FG4 | H83: FG5 | I83: FG6 | J83: FG7 | K83: FG8 | L83: FG9 | M83: FG10 | N83: FG11 | O83: FG12 | P83: FG13 | Q83: FG14 | R83: FG15 | S83: FG16 | T83: CF7 | U83: CF8 | V83: CF9 | W83: RAF
C84: =C76 -> 100 | D84: 0.375 | E84: 0.4 | F84: 0.45 | G84: 0.475 | H84: 0.525 | I84: 0.6 | J84: 0.6 | K84: 0.675 | L84: 0.525 | M84: 0.425 | N84: 0.65 | O84: 0.575 | P84: 0.525 | Q84: 0.575 | R84: 0.575 | S84: 0.525 | T84: 0.45 | U84: 0.675 | V84: 0.575 | W84: 0.8
C85: =C77 -> 150 | D85: 0.525 | E85: 0.5 | F85: 0.4 | G85: 0.375 | H85: 0.325 | I85: 0.275 | J85: 0.25 | K85: 0.25
C86: =C78 -> 200 | D86: 0.225 | E86: 0.25 | F86: 0.3 | G86: 0.375 | H86: 0.35 | I86: 0.225 | J86: 0.275 | K86: 0.225 | L86: 0.325 | M86: 0.225 | N86: 0.275 | O86: 0.25 | P86: 0.225 | Q86: 0.45 | R86: 0.3 | S86: 0.45
C87: =C79 -> 250 | D87: 0.475 | E87: 0.45 | F87: 0.4 | G87: 0.35 | H87: 0.3 | I87: 0.275 | J87: 0.25 | K87: 0.25
C89: No of footting
C90: SBC | D90: FG1 | E90: FG2 | F90: FG3 | G90: FG4 | H90: FG5 | I90: FG6 | J90: FG7 | K90: FG8 | L90: FG9 | M90: FG10 | N90: FG11 | O90: FG12 | P90: FG13 | Q90: FG14 | R90: FG15 | S90: FG16 | T90: CF7 | U90: CF8 | V90: CF9 | W90: RAF
C91: =C84 -> 100 | D91: 2 | E91: 3 | F91: 3 | G91: 5 | H91: 2 | I91: 0 | J91: 3 | K91: 1 | L91: 1 | M91: 2 | N91: 2 | O91: 2 | P91: 4 | Q91: 1 | R91: 1 | S91: 1 | T91: 1 | U91: 1 | V91: 1 | W91: 2
C92: =C85 -> 150 | D92: 4 | E92: 8 | F92: 16 | G92: 16 | H92: 14 | I92: 8 | J92: 5 | K92: 2
C93: =C86 -> 200 | D93: 2 | E93: 18 | F93: 6 | G93: 4 | H93: 4 | I93: 8 | J93: 12 | K93: 4 | L93: 4 | M93: 4 | N93: 2 | O93: 2 | P93: 4 | Q93: 2 | R93: 2 | S93: 2
C94: =C87 -> 250 | D94: 4 | E94: 8 | F94: 16 | G94: 16 | H94: 14 | I94: 8 | J94: 5 | K94: 2
D96: =ROUND(SQRT(D70*D77*150/100),2) -> 3.43 | E96: =ROUND(SQRT(E70*E77*150/100),2) -> 3.06 | F96: =ROUND(SQRT(F70*F77*150/100),2) -> 2.69 | G96: =ROUND(SQRT(G70*G77*150/100),2) -> 2.45 | H96: =ROUND(SQRT(H70*H77*150/100),2) -> 1.71 | I96: =ROUND(SQRT(I70*I77*150/100),2) -> 1.53 | J96: =ROUND(SQRT(J70*J77*150/100),2) -> 1.41 | K96: =ROUND(SQRT(K70*K77*150/100),2) -> 1.22
B98: Column1 | C98: Column2 | Q98: Cement | T98: Steel | W98: TMT/HYSD bars
B99: Rural area allowence | C99: 0 | E99: urban | F99: 98 | P99: month & year | Q99: OPC | R99: PPC | S99: PSC | T99: 6mm MS rods | U99: MS flats | V99: Structural steel | W99: Fe 415 | Z99: HSCR steel bars Fe 500
B100: Municipal area allowence | C100: 0.2 | E100: Rural | F100: 73 | P100: 41791 | Q100: 5400 | R100: 5300 | S100: 5200 | T100: 41000 | U100: 43600 | V100: 45000 | W100: 46500 | Z100: 48500
B101: Industrial area allowence | C101: 0.2 | P101: 41821 | Q101: 5600 | R101: 5400 | S101: 5200 | T101: 43000 | U101: 43500 | V101: 45000 | W101: 46500 | Z101: 48500
B102: Agency area allowence | C102: 0.25 | P102: 41852 | Q102: 5800 | R102: 5400 | S102: 5200 | T102: 45000 | U102: 45000 | V102: 46000 | W102: 47500 | Z102: 48500
B103: municipal corporation area allowence | C103: 0.25 | P103: 42614 | Q103: 5800 | R103: 5500 | S103: 5300 | T103: 45000 | U103: 45000 | V103: 46000 | W103: 47500 | Z103: 48500
B104: GHMC/GVMC/VMC allowence | C104: 0.4 | P104: 42644 | Q104: 5900 | R104: 5500 | S104: 5300 | T104: 45000 | U104: 45000 | V104: 46000 | W104: 46500 | Z104: 48500
P105: 42675 | Q105: 5700 | R105: 5400 | S105: 5200 | T105: 46000 | U105: 45000 | V105: 46000 | W105: 46500 | Z105: 48500
P106: 42705 | Q106: 6000 | R106: 5700 | S106: 5500 | T106: 46000 | U106: 45000 | V106: 46000 | W106: 46500 | Z106: 48000
B107: Type of doors &windows | D107: Spec | E107: Rate | F107: Unit | H107: Spec | I107: Rate | J107: Unit | P107: 42736 | Q107: 6100 | R107: 5800 | S107: 5600 | T107: 46000 | U107: 45000 | V107: 46000 | W107: 44000 | Z107: 47000
B108: sal wood frame & flush door | D108: =#REF! -> #REF! | E108: =#REF! -> #REF! | F108: Each | H108: =#REF! -> #REF! | I108: =#REF! -> #REF! | J108: Each | P108: 42767 | Q108: 6300 | R108: 6000 | S108: 5800 | T108: 46000 | U108: 45000 | V108: 46000 | W108: 44000 | Z108: 47000
B109: Ms frame & shutters | D109: Supply and fixing of Mild Steel Door of size 1.22 mx2.13 m (doublle leaf shitter) with DOOR frame of Mild Steel square hollow section of size 80 x80x4 mm (TATA make or equalent),Hold Fast-6 no s of MS equal angle of ISA 25x25x4 MM thick,Door frame embedded in the flooring to a depth of 50 mm connecting the bottom of two vertical of door frame with MS FLAT 25 MM WIDE-4MM thick.Door shutter; Shutter Frame made up of mild steel square hollow Section OF SIZE 25 MMX25MMX2.60MM (TATA MAKE OF EQUALENT) with styles and flanks of MS SHEET 1.25 MM thick,Tower Bolts-4 no(2nos.each for one shutter) of MS 12 MM round bars including hard ware fixture 1) MS PC Butt Hinges IS;205 150mm long -6nos , 2) MSPC Aldrops IS ;2681 300 MM LONG-2NOS 3) MSPC Door Handle IS;208 125 MM LONG -4 NOS including cost and convenyace of all materials at site,Fabrication charges of MS Door frame Shutte including welding of hardware fixture Door frame and shutter labour chages for fixing of door in position, Red oxide paint of Grade -I quality to MS Door Frame and Shutters,Sales and other taxes, operational and incidental charges, Labour charges including welding charges etc.,etc, complete for finished item of work. | E109: 13560 | F109: Each | H109: Supply and fixing of Mild Steel Door of size 1.00 mx2.13 m (doublle leaf shitter) with DOOR frame of Mild Steel square hollow section of size 80 x80x4 mm (TATA make or equalent),Hold Fast-6 no s of MS equal angle of ISA 2525 A 4 MM thick,Door frame embedded in the flooring to a depth of 50 mm connecting the bottom of two vertical of door frame with MS FLAT 25 MM WIDE-4MM thick.Door shutter; Shutter Frame made up of mild steel square hollow Section OF SIZE 25 MMX25MMX2.60MM (TATA MAKE OF EQUALENT) with styles and flanks of MS SHEET 1.25 MM thick,Tower Bolts-4 no(2nos.each for one shutter) of MS 12 MM round bars including hard ware fixture 1) MS PC Butt Hinges IS;205 150mm long -6nos , 2) MSPC Aldrops IS ;2681 300 MM LONG-2NOS 3) MSPC Door Handle IS;208 125 MM LONG -4 NOS including cost and convenyace of all materials at site,Fabrication charges of MS Door frame Shutte including welding of hardware fixture Door frame and shutter labour chages for fixing of door in position, Red oxide paint of Grade -I quality to MS Door Frame and Shutters,Sales and other taxes, operational and incidental charges, Labour charges including welding charges etc.,etc, complete for finished item of work. | I109: 12702 | J109: Each | P109: 42795 | Q109: 6200 | R109: 5900 | S109: 5700 | T109: 45000 | U109: 44000 | V109: 45000 | W109: 43000 | Z109: 46000
P110: 42826 | Q110: 6400 | R110: 6200 | S110: 6000 | T110: 44000 | U110: 43000 | V110: 43000 | W110: 41500 | Z110: 43000
P111: 42856 | Q111: 6300 | R111: 6100 | S111: 5900 | T111: 42000 | U111: 40000 | V111: 40000 | W111: 40000 | Z111: 40000
B112: NCL or equivalent Prepainted | D112: =#REF! -> #REF! | E112: =#REF! -> #REF! | F112: 1 sqm | P112: 42887 | Q112: 6000 | R112: 5900 | S112: 5700 | T112: 39000 | U112: 40000 | V112: 40000 | W112: 0 | Z112: 0
B113: Ms frame & shutters | D113: Supply and fixing of Mild steel Window of saze 1.5 mt x 1.35 mt ( Three Leaf Shutters) with window frame of Mild Steel Square hollow section of size 40 mm x40 mmx3.20 mm (TATA make or equalant) , Hold Fast-4 nos. of MS equal angle of ISA 2525 OF 4MM thick, WINDOW SHUTTER ;Shutter frame made up of mild steel square hollow section of size 25 mmx25mm x2.60 mm(TATA make or euavalent),with styles and planks of MS corrugated sheet 1.00 mm thick,including hardware fixture 1) MS PC Butt Hinges IS ;205 100 MM long - 4 Nos,safety bars of 10 mm square rods @125 mm center to center walded horizontally to full widh of window including cost and conveyance all materials to site.Fabrication charges of MS Window frame and shutter including welding of hard ware fixtures to window frame and shutters, labour chargesfor fixing of window in position.Red oxide paint of grade -i quality to MS Window Frame and shutters, sales ans other taxes, operational and incidental charges, labour charges including welding charges and 2 coats of synthetic enamil paint etc., complete for finished item of work. | E113: 7749 | F113: 1 sqm | P113: 42552 | Q113: 4700 | R113: 4600 | S113: 4400 | T113: 33000 | U113: 34000 | V113: 34000 | W113: 0 | Z113: 0
P114: 43281 | Q114: 4750 | R114: 4650 | S114: 4500 | T114: 44000 | U114: 43000 | V114: 43000 | W114: 0 | Z114: 47000

Sheet c-data 2
A1: DATA
A2: =+LEAD!A2:Q2 -> Construction of Kitchen shed at ZPHS Bijwar(V) of Utkoor(M)
C3: Overheads | D3: 0
A4: COMMON STANDARD SCHEDULE OF RATES FOR THE YEAR 2020-21
E5: 0.2 | F5: AGENCY / MUNICIPAL / LALI ALLOWANCE
A7: LABOUR CHARGES
A8: Sl.No | C8: Description | D8: SSR Sl.No. | E8: Initial Rate | F8: Final Rate | G8: Unit
A9: 1 | C9: 1st class mason | D9: I-11 | E9: 520 | F9: =E9+(E9*$E$5) -> 624 | G9: per | H9: day
A10: =A9+1 -> 2 | C10: 2nd class mason | D10: II-35 | E10: 490 | F10: =E10+(E10*$E$5) -> 588 | G10: per | H10: day
A11: 3 | C11: 1st class Brick Layer | D11: I-11 | E11: 520 | F11: =E11+(E11*$E$5) -> 624 | G11: per | H11: day
A12: 4 | C12: 2nd class Brick layer | D12: II-35 | E12: 490 | F12: =E12+(E12*$E$5) -> 588 | G12: per | H12: day
A13: 5 | C13: Blacksmith | D13: I-2 | E13: 515 | F13: =E13+(E13*$E$5) -> 618 | G13: per | H13: day
A14: 6 | C14: Plumber 1st Class-I.36 | D14: I-45 | E14: 605 | F14: =E14+(E14*$E$5) -> 726 | G14: per | H14: Each
A15: 7 | C15: Plumber 2nd class-II.9 | D15: II-42 | E15: 490 | F15: =E15+(E15*$E$5) -> 588 | G15: per | H15: Each
A16: 8 | C16: 1st class carpenter | D16: I-4 | E16: 615 | F16: =E16+(E16*$E$5) -> 738 | G16: per | H16: day
A17: 9 | C17: mate | D17: I-10 | E17: 465 | F17: =E17+(E17*$E$5) -> 558 | G17: per | H17: day
A18: 10 | C18: 2nd class carpenter | D18: II-04 | E18: 490 | F18: =E18+(E18*$E$5) -> 588 | G18: per | H18: day
A19: 11 | C19: 1st class Painter | D19: I-35 | E19: 595 | F19: =E19+(E19*$E$5) -> 714 | G19: per | H19: day
A20: 12 | C20: 2nd class Painter | D20: II-37 | E20: 490 | F20: =E20+(E20*$E$5) -> 588 | G20: per | H20: day
A21: 13 | C21: Head mazdoor | D21: II-10 | E21: 490 | F21: =E21+(E21*$E$5) -> 588 | G21: per | H21: day
A22: 14 | C22: Man mazdoor | D22: III-3 | E22: 465 | F22: =E22+(E22*$E$5) -> 558 | G22: per | H22: day
A23: 15 | C23: Woman mazdoor | D23: III-4 | E23: 465 | F23: =E23+(E23*$E$5) -> 558 | G23: per | H23: day
A24: 16 | C24: Cost of binding wire | D24: CSSR-A.03 | E24: 60 | F24: =E24 -> 60 | G24: per | H24: Kg
A25: CENTERING CHARGES (Providing Centring, shuttering and scaffolding with props and steel plate as per the approved shuttering plan and other accessories as per the norms and stability calculations including cost and conveyance of all accessories Using Cashewrina Ballies and Wooden runners & staging including all bracings, cross members etc complete for finished item of work)
B26: Sl | C26: NAME OF THE STRUCTURAL MEMBER | D26: Unit of Measurement | E26: Material Hire charges | G26: Labour charges | I26: Centring Charges for 2020-21
B27: 1 | C27: 2 | D27: 6 | E27: 3 | G27: 4 | I27: 5
B28: HIRE CHARGES FOR CENTERING & SCAFFOLDING - Unsupported height up to 3.66 M using Casurina Bellies, Bamboos, Wooden Reapers, Runners, Wood Posts, Steel Centering Plates etc., | K28: 1st floor | M28: 2nd floor | O28: 3rd floor | Q28: 4th floor
K29: labour | L29: total | M29: labour | N29: total | O29: labour | P29: total | Q29: labour | R29: total | S29: labour | T29: total
B30: A | C30: FOOTINGS | D30: per 1 cum | E30: Rs. | F30: 288 | G30: Rs. | H30: 693 | I30: Rs. | J30: =F30+H30 -> 981 | K30: =ROUND(H30*1.1,2) -> 762.3 | L30: =F30+K30 -> 1050.3 | M30: =ROUND(H30*1.2,2) -> 831.6 | N30: =F30+M30 -> 1119.6 | O30: =ROUND(#REF!*1.3,2) -> #REF! | P30: =F30+O30 -> #REF! | Q30: =ROUND(H30*1.4,2) -> 970.2 | R30: =F30+Q30 -> 1258.2 | S30: =ROUND(H30*1.5,2) -> 1039.5 | T30: =H30+S30 -> 1732.5
C31: bed blocks and bands | D31: per 1 cum | E31: Rs. | F31: 64 | G31: Rs. | H31: 356 | I31: Rs. | J31: =F31+H31 -> 420 | K31: =ROUND(H31*1.1,2) -> 391.6 | L31: =F31+K31 -> 455.6 | M31: =ROUND(H31*1.2,2) -> 427.2 | N31: =F31+M31 -> 491.2 | O31: =ROUND(H31*1.3,2) -> 462.8 | P31: =F31+O31 -> 526.8 | Q31: =ROUND(H31*1.4,2) -> 498.4 | R31: =F31+Q31 -> 562.4 | S31: =ROUND(H31*1.5,2) -> 534 | T31: =H31+S31 -> 890
B32: B | C32: PEDESTALS | D32: per 1 cum | E32: Rs. | F32: 328 | G32: Rs. | H32: 1101 | I32: Rs. | J32: =F32+H32 -> 1429 | K32: =ROUND(H32*1.1,2) -> 1211.1 | L32: =F32+K32 -> 1539.1 | M32: =ROUND(H32*1.2,2) -> 1321.2 | N32: =F32+M32 -> 1649.2 | O32: =ROUND(H32*1.3,2) -> 1431.3 | P32: =F32+O32 -> 1759.3 | Q32: =ROUND(H32*1.4,2) -> 1541.4 | R32: =F32+Q32 -> 1869.4 | S32: =ROUND(H32*1.5,2) -> 1651.5 | T32: =H32+S32 -> 2752.5
B33: C | C33: PLINTH BEAMS | D33: per 1 cum | E33: Rs. | F33: 1390 | G33: Rs. | H33: 1669 | I33: Rs. | J33: =F33+H33 -> 3059 | K33: =ROUND(H33*1.1,2) -> 1835.9 | L33: =F33+K33 -> 3225.9 | M33: =ROUND(H33*1.2,2) -> 2002.8 | N33: =F33+M33 -> 3392.8 | O33: =ROUND(H33*1.3,2) -> 2169.7 | P33: =F33+O33 -> 3559.7 | Q33: =ROUND(H33*1.4,2) -> 2336.6 | R33: =F33+Q33 -> 3726.6 | S33: =ROUND(H33*1.5,2) -> 2503.5 | T33: =H33+S33 -> 4172.5
B34: D | C34: LINTELS | D34: per 1 cum | E34: Rs. | F34: 790 | G34: Rs. | H34: 1373 | I34: Rs. | J34: =F34+H34 -> 2163 | K34: =ROUND(H34*1.1,2) -> 1510.3 | L34: =F34+K34 -> 2300.3 | M34: =ROUND(H34*1.2,2) -> 1647.6 | N34: =F34+M34 -> 2437.6 | O34: =ROUND(H34*1.3,2) -> 1784.9 | P34: =F34+O34 -> 2574.9 | Q34: =ROUND(H34*1.4,2) -> 1922.2 | R34: =F34+Q34 -> 2712.2 | S34: =ROUND(H34*1.5,2) -> 2059.5 | T34: =H34+S34 -> 3432.5
B35: E | C35: CHAJJAS - SUNSHADES | D35: per 1 sqm | E35: Rs. | F35: 156 | G35: Rs. | H35: 211 | I35: Rs. | J35: =F35+H35 -> 367 | K35: =ROUND(H35*1.1,2) -> 232.1 | L35: =F35+K35 -> 388.1 | M35: =ROUND(H35*1.2,2) -> 253.2 | N35: =F35+M35 -> 409.2 | O35: =ROUND(H35*1.3,2) -> 274.3 | P35: =F35+O35 -> 430.3 | Q35: =ROUND(H35*1.4,2) -> 295.4 | R35: =F35+Q35 -> 451.4 | S35: =ROUND(H35*1.5,2) -> 316.5 | T35: =H35+S35 -> 527.5
B36: F | C36: COLUMNS | D36: per 1 cum | E36: Rs. | F36: 238 | G36: Rs. | H36: 1928 | I36: Rs. | J36: =F36+H36 -> 2166 | K36: =ROUND(H36*1.1,2) -> 2120.8 | L36: =F36+K36 -> 2358.8 | M36: =ROUND(H36*1.2,2) -> 2313.6 | N36: =F36+M36 -> 2551.6 | O36: =ROUND(H36*1.3,2) -> 2506.4 | P36: =F36+O36 -> 2744.4 | Q36: =ROUND(H36*1.4,2) -> 2699.2 | R36: =F36+Q36 -> 2937.2 | S36: =ROUND(H36*1.5,2) -> 2892 | T36: =H36+S36 -> 4820
B37: G | C37: BEAMS | D37: per 1 cum | E37: Rs. | F37: 1395 | G37: Rs. | H37: 1617 | I37: Rs. | J37: =F37+H37 -> 3012 | K37: =ROUND(H37*1.1,2) -> 1778.7 | L37: =F37+K37 -> 3173.7 | M37: =ROUND(H37*1.2,2) -> 1940.4 | N37: =F37+M37 -> 3335.4 | O37: =ROUND(H37*1.3,2) -> 2102.1 | P37: =F37+O37 -> 3497.1 | Q37: =ROUND(H37*1.4,2) -> 2263.8 | R37: =F37+Q37 -> 3658.8 | S37: =ROUND(H37*1.5,2) -> 2425.5 | T37: =H37+S37 -> 4042.5
B38: H | C38: SLABS - Up to 150 mm thick | D38: per 1 sqm | E38: Rs. | F38: 158 | G38: Rs. | H38: 183 | I38: Rs. | J38: =F38+H38 -> 341 | K38: =ROUND(H38*1.1,2) -> 201.3 | L38: =F38+K38 -> 359.3 | M38: =ROUND(H38*1.2,2) -> 219.6 | N38: =F38+M38 -> 377.6 | O38: =ROUND(H38*1.3,2) -> 237.9 | P38: =F38+O38 -> 395.9 | Q38: =ROUND(H38*1.4,2) -> 256.2 | R38: =F38+Q38 -> 414.2 | S38: =ROUND(H38*1.5,2) -> 274.5 | T38: =H38+S38 -> 457.5
B39: I | C39: SLABS - above 150 mm - Up to 300 mm thick | D39: per 1 sqm | E39: Rs. | F39: 163 | G39: Rs. | H39: 189 | I39: Rs. | J39: =F39+H39 -> 352 | K39: =ROUND(H39*1.1,2) -> 207.9 | L39: =F39+K39 -> 370.9 | M39: =ROUND(H39*1.2,2) -> 226.8 | N39: =F39+M39 -> 389.8 | O39: =ROUND(H39*1.3,2) -> 245.7 | P39: =F39+O39 -> 408.7 | Q39: =ROUND(H39*1.4,2) -> 264.6 | R39: =F39+Q39 -> 427.6 | S39: =ROUND(H39*1.5,2) -> 283.5 | T39: =H39+S39 -> 472.5
B40: J | C40: SLABS - above 300 mm thick | D40: per 1 sqm | E40: Rs. | F40: 170 | G40: Rs. | H40: 198 | I40: Rs. | J40: =F40+H40 -> 368 | K40: =ROUND(H40*1.1,2) -> 217.8 | L40: =F40+K40 -> 387.8 | M40: =ROUND(H40*1.2,2) -> 237.6 | N40: =F40+M40 -> 407.6 | O40: =ROUND(H40*1.3,2) -> 257.4 | P40: =F40+O40 -> 427.4 | Q40: =ROUND(H40*1.4,2) -> 277.2 | R40: =F40+Q40 -> 447.2 | S40: =ROUND(H40*1.5,2) -> 297 | T40: =H40+S40 -> 495
B41: K | C41: WAFFLE - (GRID) SLABS (Rib Beams with Slabs) | D41: per 1 sqm | E41: Rs. | F41: 575 | G41: Rs. | H41: 666 | I41: Rs. | J41: =F41+H41 -> 1241 | K41: =ROUND(H41*1.1,2) -> 732.6 | L41: =F41+K41 -> 1307.6 | M41: =ROUND(H41*1.2,2) -> 799.2 | N41: =F41+M41 -> 1374.2 | O41: =ROUND(H41*1.3,2) -> 865.8 | P41: =F41+O41 -> 1440.8 | Q41: =ROUND(H41*1.4,2) -> 932.4 | R41: =F41+Q41 -> 1507.4 | S41: =ROUND(H41*1.5,2) -> 999 | T41: =H41+S41 -> 1665
B42: L | C42: PERGOLA SLABS (Only Rib Beams) | D42: per 1 sqm | E42: Rs. | F42: 403 | G42: Rs. | H42: 466 | I42: Rs. | J42: =F42+H42 -> 869 | K42: =ROUND(H42*1.1,2) -> 512.6 | L42: =F42+K42 -> 915.6 | M42: =ROUND(H42*1.2,2) -> 559.2 | N42: =F42+M42 -> 962.2 | O42: =ROUND(H42*1.3,2) -> 605.8 | P42: =F42+O42 -> 1008.8 | Q42: =ROUND(H42*1.4,2) -> 652.4 | R42: =F42+Q42 -> 1055.4 | S42: =ROUND(H42*1.5,2) -> 699 | T42: =H42+S42 -> 1165
B43: M | C43: ARCH BEAMS - up to 1.5 M Span | D43: per 1 cum | E43: Rs. | F43: 1586 | G43: Rs. | H43: 1838 | I43: Rs. | J43: =F43+H43 -> 3424 | K43: =ROUND(H43*1.1,2) -> 2021.8 | L43: =F43+K43 -> 3607.8 | M43: =ROUND(H43*1.2,2) -> 2205.6 | N43: =F43+M43 -> 3791.6 | O43: =ROUND(H43*1.3,2) -> 2389.4 | P43: =F43+O43 -> 3975.4 | Q43: =ROUND(H43*1.4,2) -> 2573.2 | R43: =F43+Q43 -> 4159.2 | S43: =ROUND(H43*1.5,2) -> 2757 | T43: =H43+S43 -> 4595
... B46: P | C46: HELICAL STAIRCASES | D46: per 1 sqm | E46: Rs. | F46: 196 | G46: Rs. | H46: 227 | I46: Rs. | J46: =F46+H46 -> 423 | K46: =ROUND(H46*1.1,2) -> 249.7 | L46: =F46+K46 -> 445.7 | M46: =ROUND(H46*1.2,2) -> 272.4 | N46: =F46+M46 -> 468.4 | O46: =ROUND(H46*1.3,2) -> 295.1 | P46: =F46+O46 -> 491.1 | Q46: =ROUND(H46*1.4,2) -> 317.8 | R46: =F46+Q46 -> 513.8 | S46: =ROUND(H46*1.5,2) -> 340.5 | T46: =H46+S46 -> 567.5
B47: Q | C47: Shear walls RCC walls,Water tank walls | K47: =ROUND(H47*1.1,2) -> 0 | L47: =F47+K47 -> 0 | M47: =ROUND(H47*1.2,2) -> 0 | N47: =F47+M47 -> 0 | O47: =ROUND(H47*1.3,2) -> 0 | P47: =F47+O47 -> 0 | Q47: =ROUND(H47*1.4,2) -> 0 | R47: =F47+Q47 -> 0 | S47: =ROUND(J47*1.4,2) -> 0 | T47: =H47+S47 -> 0
B48: HIRE CHARGES FOR CENTERING & SCAFFOLDING - Unsupported height up to 3.66 M using Steel scaffolding pipes, jack Props, wallers, Foot plates, brackets, steel Centering Plates,etc., | K48: 1st floor | M48: 2nd floor | O48: 3rd floor | Q48: 4th floor
K49: labour | L49: total | M49: labour | N49: total | O49: labour | P49: total | Q49: labour | R49: total | S49: labour | T49: total
B50: A | C50: FOOTINGS | D50: per 1 cum | E50: Rs. | F50: 288 | G50: Rs. | H50: 693 | I50: Rs. | J50: =F50+H50 -> 981 | K50: =ROUND(H50*1.1,2) -> 762.3 | L50: =F50+K50 -> 1050.3 | M50: =ROUND(H50*1.2,2) -> 831.6 | N50: =F50+M50 -> 1119.6 | O50: =ROUND($H$50*1.3,2) -> 900.9 | P50: =F50+O50 -> 1188.9 | Q50: =ROUND(H50*1.4,2) -> 970.2 | R50: =F50+Q50 -> 1258.2 | S50: =ROUND(H50*1.5,2) -> 1039.5 | T50: =H50+S50 -> 1732.5
C51: bed blocks and bands | D51: per 1 cum | E51: Rs. | F51: 64 | G51: Rs. | H51: 356 | I51: Rs. | J51: =F51+H51 -> 420 | K51: =ROUND(H51*1.1,2) -> 391.6 | L51: =F51+K51 -> 455.6 | M51: =ROUND(H51*1.2,2) -> 427.2 | N51: =F51+M51 -> 491.2 | O51: =ROUND(H51*1.3,2) -> 462.8 | P51: =F51+O51 -> 526.8 | Q51: =ROUND(H51*1.4,2) -> 498.4 | R51: =F51+Q51 -> 562.4 | S51: =ROUND(H51*1.5,2) -> 534 | T51: =H51+S51 -> 890
B52: B | C52: PEDESTALS | D52: per 1 cum | E52: Rs. | F52: 328 | G52: Rs. | H52: 1101 | I52: Rs. | J52: =F52+H52 -> 1429 | K52: =ROUND(H52*1.1,2) -> 1211.1 | L52: =F52+K52 -> 1539.1 | M52: =ROUND(H52*1.2,2) -> 1321.2 | N52: =F52+M52 -> 1649.2 | O52: =ROUND(H52*1.3,2) -> 1431.3 | P52: =F52+O52 -> 1759.3 | Q52: =ROUND(H52*1.4,2) -> 1541.4 | R52: =F52+Q52 -> 1869.4 | S52: =ROUND(H52*1.5,2) -> 1651.5 | T52: =H52+S52 -> 2752.5
B53: C | C53: PLINTH BEAMS | D53: per 1 cum | E53: Rs. | F53: 1390 | G53: Rs. | H53: 1669 | I53: Rs. | J53: =F53+H53 -> 3059 | K53: =ROUND(H53*1.1,2) -> 1835.9 | L53: =F53+K53 -> 3225.9 | M53: =ROUND(H53*1.2,2) -> 2002.8 | N53: =F53+M53 -> 3392.8 | O53: =ROUND(H53*1.3,2) -> 2169.7 | P53: =F53+O53 -> 3559.7 | Q53: =ROUND(H53*1.4,2) -> 2336.6 | R53: =F53+Q53 -> 3726.6 | S53: =ROUND(H53*1.5,2) -> 2503.5 | T53: =H53+S53 -> 4172.5
B54: D | C54: LINTELS | D54: per 1 cum | E54: Rs. | F54: 1180 | G54: Rs. | H54: 1772 | I54: Rs. | J54: =F54+H54 -> 2952 | K54: =ROUND(H54*1.1,2) -> 1949.2 | L54: =F54+K54 -> 3129.2 | M54: =ROUND(H54*1.2,2) -> 2126.4 | N54: =F54+M54 -> 3306.4 | O54: =ROUND(H54*1.3,2) -> 2303.6 | P54: =F54+O54 -> 3483.6 | Q54: =ROUND(H54*1.4,2) -> 2480.8 | R54: =F54+Q54 -> 3660.8 | S54: =ROUND(H54*1.5,2) -> 2658 | T54: =H54+S54 -> 4430
B55: E | C55: CHAJJAS - SUNSHADES | D55: per 1 sqm | E55: Rs. | F55: 233 | G55: Rs. | H55: 272 | I55: Rs. | J55: =F55+H55 -> 505 | K55: =ROUND(H55*1.1,2) -> 299.2 | L55: =F55+K55 -> 532.2 | M55: =ROUND(H55*1.2,2) -> 326.4 | N55: =F55+M55 -> 559.4 | O55: =ROUND(H55*1.3,2) -> 353.6 | P55: =F55+O55 -> 586.6 | Q55: =ROUND(H55*1.4,2) -> 380.8 | R55: =F55+Q55 -> 613.8 | S55: =ROUND(H55*1.5,2) -> 408 | T55: =H55+S55 -> 680
B56: F | C56: COLUMNS | D56: per 1 cum | E56: Rs. | F56: 355 | G56: Rs. | H56: 2488 | I56: Rs. | J56: =F56+H56 -> 2843 | K56: =ROUND(H56*1.1,2) -> 2736.8 | L56: =F56+K56 -> 3091.8 | M56: =ROUND(H56*1.2,2) -> 2985.6 | N56: =F56+M56 -> 3340.6 | O56: =ROUND(H56*1.3,2) -> 3234.4 | P56: =F56+O56 -> 3589.4 | Q56: =ROUND(H56*1.4,2) -> 3483.2 | R56: =F56+Q56 -> 3838.2 | S56: =ROUND(H56*1.5,2) -> 3732 | T56: =H56+S56 -> 6220
B57: G | C57: BEAMS | D57: per 1 cum | E57: Rs. | F57: 2085 | G57: Rs. | H57: 2088 | I57: Rs. | J57: =F57+H57 -> 4173 | K57: =ROUND(H57*1.1,2) -> 2296.8 | L57: =F57+K57 -> 4381.8 | M57: =ROUND(H57*1.2,2) -> 2505.6 | N57: =F57+M57 -> 4590.6 | O57: =ROUND(H57*1.3,2) -> 2714.4 | P57: =F57+O57 -> 4799.4 | Q57: =ROUND(H57*1.4,2) -> 2923.2 | R57: =F57+Q57 -> 5008.2 | S57: =ROUND(H57*1.5,2) -> 3132 | T57: =H57+S57 -> 5220
B58: H | C58: SLABS - Up to 150 mm thick | D58: per 1 sqm | E58: Rs. | F58: 236 | G58: Rs. | H58: 236 | I58: Rs. | J58: =F58+H58 -> 472 | K58: =ROUND(H58*1.1,2) -> 259.6 | L58: =F58+K58 -> 495.6 | M58: =ROUND(H58*1.2,2) -> 283.2 | N58: =F58+M58 -> 519.2 | O58: =ROUND(H58*1.3,2) -> 306.8 | P58: =F58+O58 -> 542.8 | Q58: =ROUND(H58*1.4,2) -> 330.4 | R58: =F58+Q58 -> 566.4 | S58: =ROUND(H58*1.5,2) -> 354 | T58: =H58+S58 -> 590
B59: I | C59: SLABS - above 150 mm - Up to 300 mm thick | D59: per 1 sqm | E59: Rs. | F59: 243 | G59: Rs. | H59: 243 | I59: Rs. | J59: =F59+H59 -> 486 | K59: =ROUND(H59*1.1,2) -> 267.3 | L59: =F59+K59 -> 510.3 | M59: =ROUND(H59*1.2,2) -> 291.6 | N59: =F59+M59 -> 534.6 | O59: =ROUND(H59*1.3,2) -> 315.9 | P59: =F59+O59 -> 558.9 | Q59: =ROUND(H59*1.4,2) -> 340.2 | R59: =F59+Q59 -> 583.2 | S59: =ROUND(H59*1.5,2) -> 364.5 | T59: =H59+S59 -> 607.5
B60: J | C60: SLABS - above 300 mm thick | D60: per 1 sqm | E60: Rs. | F60: 254 | G60: Rs. | H60: 255 | I60: Rs. | J60: =F60+H60 -> 509 | K60: =ROUND(H60*1.1,2) -> 280.5 | L60: =F60+K60 -> 534.5 | M60: =ROUND(H60*1.2,2) -> 306 | N60: =F60+M60 -> 560 | O60: =ROUND(H60*1.3,2) -> 331.5 | P60: =F60+O60 -> 585.5 | Q60: =ROUND(H60*1.4,2) -> 357 | R60: =F60+Q60 -> 611 | S60: =ROUND(H60*1.5,2) -> 382.5 | T60: =H60+S60 -> 637.5
B61: K | C61: WAFFLE - (GRID) SLABS (Rib Beams with Slabs) | D61: per 1 sqm | E61: Rs. | F61: 858 | G61: Rs. | H61: 859 | I61: Rs. | J61: =F61+H61 -> 1717 | K61: =ROUND(H61*1.1,2) -> 944.9 | L61: =F61+K61 -> 1802.9 | M61: =ROUND(H61*1.2,2) -> 1030.8 | N61: =F61+M61 -> 1888.8 | O61: =ROUND(H61*1.3,2) -> 1116.7 | P61: =F61+O61 -> 1974.7 | Q61: =ROUND(H61*1.4,2) -> 1202.6 | R61: =F61+Q61 -> 2060.6 | S61: =ROUND(H61*1.5,2) -> 1288.5 | T61: =H61+S61 -> 2147.5
B62: L | C62: PERGOLA SLABS (Only Rib Beams) | D62: per 1 sqm | E62: Rs. | F62: 602 | G62: Rs. | H62: 602 | I62: Rs. | J62: =F62+H62 -> 1204 | K62: =ROUND(H62*1.1,2) -> 662.2 | L62: =F62+K62 -> 1264.2 | M62: =ROUND(H62*1.2,2) -> 722.4 | N62: =F62+M62 -> 1324.4 | O62: =ROUND(H62*1.3,2) -> 782.6 | P62: =F62+O62 -> 1384.6 | Q62: =ROUND(H62*1.4,2) -> 842.8 | R62: =F62+Q62 -> 1444.8 | S62: =ROUND(H62*1.5,2) -> 903 | T62: =H62+S62 -> 1505
B63: M | C63: ARCH BEAMS - up to 1.5 M Span | D63: per 1 cum | E63: Rs. | F63: 2370 | G63: Rs. | H63: 2373 | I63: Rs. | J63: =F63+H63 -> 4743 | K63: =ROUND(H63*1.1,2) -> 2610.3 | L63: =F63+K63 -> 4980.3 | M63: =ROUND(H63*1.2,2) -> 2847.6 | N63: =F63+M63 -> 5217.6 | O63: =ROUND(H63*1.3,2) -> 3084.9 | P63: =F63+O63 -> 5454.9 | Q63: =ROUND(H63*1.4,2) -> 3322.2 | R63: =F63+Q63 -> 5692.2 | S63: =ROUND(H63*1.5,2) -> 3559.5 | T63: =H63+S63 -> 5932.5
... B66: P | C66: HELICAL STAIRCASES | D66: per 1 sqm | E66: Rs. | F66: 292 | G66: Rs. | H66: 293 | I66: Rs. | J66: =F66+H66 -> 585 | K66: =ROUND(H66*1.1,2) -> 322.3 | L66: =F66+K66 -> 614.3 | M66: =ROUND(H66*1.2,2) -> 351.6 | N66: =F66+M66 -> 643.6 | O66: =ROUND(H66*1.3,2) -> 380.9 | P66: =F66+O66 -> 672.9 | Q66: =ROUND(H66*1.4,2) -> 410.2 | R66: =F66+Q66 -> 702.2 | S66: =ROUND(H66*1.5,2) -> 439.5 | T66: =H66+S66 -> 732.5
B67: Q | C67: Shear walls RCC walls,Water tank walls | D67: per 1 sqm | E67: Rs. | F67: 1206 | G67: Rs. | H67: 1814 | I67: Rs. | J67: =F67+H67 -> 3020 | K67: =ROUND(H67*1.1,2) -> 1995.4 | L67: =F67+K67 -> 3201.4 | M67: =ROUND(H67*1.2,2) -> 2176.8 | N67: =F67+M67 -> 3382.8 | O67: =ROUND(H67*1.3,2) -> 2358.2 | P67: =F67+O67 -> 3564.2 | Q67: =ROUND(H67*1.4,2) -> 2539.6 | R67: =F67+Q67 -> 3745.6 | S67: =ROUND(J67*1.4,2) -> 4228 | T67: =H67+S67 -> 6042
B68: HIRE CHARGES FOR ACCESS SCAFFOLDING - up to 3.66 M using Casurina Bellies, Bamboos, Wooden Reapers, Runners, Wood Posts, Wall Plates etc., for BRICK MASONRY/STONE MASONRY - 1 sqm(WALL AREA)
B69: A | C69: 1st - Floor | D69: per 1 sqm | E69: Rs. | F69: 10.32 | G69: Rs. | H69: 87.18 | I69: Rs. | J69: =H69+F69 -> 97.5
B70: B | C70: 2nd - Floor | D70: per 1 sqm | E70: Rs. | F70: =F69 -> 10.32 | G70: Rs. | H70: 124.85 | I70: Rs. | J70: =H70+F70 -> 135.17
B71: C | C71: 3rd - Floor | D71: per 1 sqm | E71: Rs. | F71: =F70 -> 10.32 | G71: Rs. | H71: 162.49 | I71: Rs. | J71: =H71+F71 -> 172.81
B72: D | C72: 4th - Floor | D72: per 1 sqm | E72: Rs. | F72: =F71 -> 10.32 | G72: Rs. | H72: 200.15 | I72: Rs. | J72: =H72+F72 -> 210.47
B73: E | C73: 5th - Floor | D73: per 1 sqm | E73: Rs. | F73: =F72 -> 10.32 | G73: Rs. | H73: 237.8 | I73: Rs. | J73: =H73+F73 -> 248.12
B74: F | C74: 6th - Floor | D74: per 1 sqm | E74: Rs. | F74: =F73 -> 10.32 | G74: Rs. | H74: 275.44 | I74: Rs. | J74: =H74+F74 -> 285.76
B75: Sl | C75: NAME OF THE STRUCTURAL MEMBER | D75: Unit of Measurement | E75: Material Hire charges | G75: Labour charges | I75: Centring Charges for 2020-21
B76: 1 | C76: 2 | D76: 6 | E76: 3 | G76: 4 | I76: 5
B77: HIRE CHARGES FOR ACCESS SCAFFOLDING - up to 3.66 M using Casurina Bellies, Bamboos, Wooden Reapers, Runners, Wood Posts, Wall Plates etc., for PLASTERING TO WALLS - 1 sqm
B78: A | C78: 1st - Floor | D78: per 1 sqm | E78: Rs. | F78: 1.03 | G78: Rs. | H78: 8.73 | I78: Rs. | J78: =H78+F78 -> 9.76
B79: B | C79: 2nd - Floor | D79: per 1 sqm | E79: Rs. | F79: =F78 -> 1.03 | G79: Rs. | H79: 12.49 | I79: Rs. | J79: =H79+F79 -> 13.52
B80: C | C80: 3rd - Floor | D80: per 1 sqm | E80: Rs. | F80: =F79 -> 1.03 | G80: Rs. | H80: 16.24 | I80: Rs. | J80: =H80+F80 -> 17.27
B81: D | C81: 4th - Floor | D81: per 1 sqm | E81: Rs. | F81: =F80 -> 1.03 | G81: Rs. | H81: 20.01 | I81: Rs. | J81: =H81+F81 -> 21.04
B82: E | C82: 5th - Floor | D82: per 1 sqm | E82: Rs. | F82: =F81 -> 1.03 | G82: Rs. | H82: 23.77 | I82: Rs. | J82: =H82+F82 -> 24.8 | P82: ='C-data'!E609 -> 1245
B83: F | C83: 6th - Floor | D83: per 1 sqm | E83: Rs. | F83: =F82 -> 1.03 | G83: Rs. | H83: 27.56 | I83: Rs. | J83: =H83+F83 -> 28.59
B84: HIRE CHARGES FOR STAGE SCAFFOLDING - up to 3.66 M using Casurina Bellies, Bamboos, Wooden Reapers, Runners, Wood Posts, Wall Plates etc., for CEILING PLASTERING - 1 sqm
B85: A | C85: 1st - Floor | D85: per 1 sqm | E85: Rs. | F85: 2.46 | G85: Rs. | H85: 17.46 | I85: Rs. | J85: =H85+F85 -> 19.92 | P85: ='C-data'!E609 -> 1245
B86: B | C86: 2nd - Floor | D86: per 1 sqm | E86: Rs. | F86: =F85 -> 2.46 | G86: Rs. | H86: 24.77 | I86: Rs. | J86: =H86+F86 -> 27.23
B87: C | C87: 3rd - Floor | D87: per 1 sqm | E87: Rs. | F87: =F86 -> 2.46 | G87: Rs. | H87: 32.07 | I87: Rs. | J87: =H87+F87 -> 34.53
B88: D | C88: 4th - Floor | D88: per 1 sqm | E88: Rs. | F88: =F87 -> 2.46 | G88: Rs. | H88: 39.4 | I88: Rs. | J88: =H88+F88 -> 41.86 | P88: ='C-data'!F609 -> 1287.9
B89: E | C89: 5th - Floor | D89: per 1 sqm | E89: Rs. | F89: =F88 -> 2.46 | G89: Rs. | H89: 46.7 | I89: Rs. | J89: =H89+F89 -> 49.16
B90: F | C90: 6th - Floor | D90: per 1 sqm | E90: Rs. | F90: =F89 -> 2.46 | G90: Rs. | H90: 54.01 | I90: Rs. | J90: =H90+F90 -> 56.47
P91: ='C-data'!G609 -> 1330.8
C92: CENTERING & SCAFFOLDING CHARGES- FLOOR WISE RATES for Steel scaffolding pipes, jack Props, Steel Centering Plates,etc., for unsupported height 3.66 M
E93: Lintels | F93: Chajjas - Sun Shades | G93: Columns | H93: Beams | I93: Slabs - Up To 150 mm Thick | J93: Slabs - Above 150 Mm - Up To 300 mm Thick | K93: Slabs - Above 300 mm Thick | L93: Waffle Slabs (Rib Beams With Slabs) | M93: Pergola Slabs (Only Rib Beams) | N93: Arch Beams - Up To 1.5 M Span | O93: Arch Beams - Above 1.5 M Span | P93: Dome Slabs | Q93: Helical Staircases
C94: Unit | E94: per 1 cum | F94: per 1 sqm | G94: per 1 cum | H94: per 1 cum | I94: per 1 sqm | J94: per 1 sqm | K94: per 1 sqm | L94: per 1 sqm | M94: per 1 sqm | N94: per 1 cum | O94: per 1 cum | P94: ='C-data'!H609 -> 1373.7 | Q94: per 1 sqm
C95: 1st - Floor
C96: Material Hire for any Floor | D96: H | E96: 1180 | F96: 233 | G96: 355 | H96: 2085 | I96: 236 | J96: 243 | K96: 254 | L96: 858 | M96: 602 | N96: 2370 | O96: 2404 | P96: 3833 | Q96: 292
C97: Labour Charges for 1st Floor | D97: L | E97: 1772 | F97: 272 | G97: 2488 | H97: 2088 | I97: 236 | J97: 243 | K97: 255 | L97: 859 | M97: 602 | N97: 2373 | O97: 2407 | P97: 3838 | Q97: 293
C98: Total Hire Charges (H+L) | D98: T | E98: =E96+E97 -> 2952 | F98: =F96+F97 -> 505 | G98: =G96+G97 -> 2843 | H98: =H96+H97 -> 4173 | I98: =I96+I97 -> 472 | J98: =J96+J97 -> 486 | K98: =K96+K97 -> 509 | L98: =L96+L97 -> 1717 | ... Q98: =Q96+Q97 -> 585
C99: LABOUR CHARGES for Further Floors
C100: 2nd - Floor | D100: L | E100: 1950 | F100: 300 | G100: 2738 | H100: 2297 | I100: 260 | J100: 268 | K100: 280 | L100: 946 | M100: 663 | N100: 2610 | O100: 2648 | P100: 4221 | Q100: 322
C101: 3rd - Floor | D101: L | E101: 2127 | F101: 326 | G101: 2987 | H101: 2505 | I101: 283 | J101: 292 | K101: 305 | L101: 1031 | M101: 723 | N101: 2849 | O101: 2888 | P101: 4605 | Q101: 351
C102: 4th - Floor | D102: L | E102: 2303 | F102: 353 | G102: 3234 | H102: 2715 | I102: 307 | J102: 316 | K102: 330 | L102: 1118 | M102: 784 | N102: 3086 | O102: 3130 | P102: 4989 | Q102: 380
C103: 5th - Floor | D103: L | E103: 2481 | F103: 380 | G103: 3484 | H103: 2923 | I103: 330 | J103: 341 | K103: 355 | L103: 1203 | M103: 843 | N103: 3322 | O103: 3370 | P103: 5372 | Q103: 411
C104: CENTERING & SCAFFOLDING CHARGES- FLOOR WISE RATES for Casurina Ballies, Bamboos, Wooden Reapers, Runners, Wood Posts, Wall plates, Steel Centering Plates,etc., for unsupported height 3.66 M
E105: Lintels | F105: Chajjas - Sun Shades | G105: Columns | H105: Beams | I105: Slabs - Up To 150 mm Thick | J105: Slabs - Above 150 Mm - Up To 300 mm Thick | K105: Slabs - Above 300 mm Thick | L105: Waffle Slabs (Rib Beams With Slabs) | M105: Pergola Slabs (Only Rib Beams) | N105: Arch Beams - Up To 1.5 M Span | O105: Arch Beams - Above 1.5 M Span | P105: Dome Slabs | Q105: Helical Staircases
...

Sheet C-data
A1: DATA
A2: =+LEAD!A2:Q2 -> Construction of Kitchen shed at ZPHS Bijwar(V) of Utkoor(M)
C3: Overheads | D3: 0
A4: COMMON STANDARD SCHEDULE OF RATES FOR THE YEAR 2021-22
E5: 0 | F5: AGENCY / MUNICIPAL / LALI ALLOWANCE
A7: LABOUR CHARGES
A8: Sl.No | C8: Description | D8: SSR Sl.No. | E8: Initial Rate | F8: Final Rate | G8: Unit
A9: 1 | C9: 1st class mason | D9: I-11 | E9: 545 | F9: =E9+(E9*$E$5) -> 545 | G9: per | H9: day
A10: =A9+1 -> 2 | C10: 2nd class mason | D10: II-35 | E10: 515 | F10: =E10+(E10*$E$5) -> 515 | G10: per | H10: day
A11: 3 | C11: 1st class Brick Layer | D11: I-11 | E11: 545 | F11: =E11+(E11*$E$5) -> 545 | G11: per | H11: day
A12: 4 | C12: 2nd class Brick layer | D12: II-35 | E12: 515 | F12: =E12+(E12*$E$5) -> 515 | G12: per | H12: day
A13: 5 | C13: Blacksmith | D13: I-2 | E13: 540 | F13: =E13+(E13*$E$5) -> 540 | G13: per | H13: day
A14: 6 | C14: Plumber 1st Class-I.36 | D14: I-45 | E14: 635 | F14: =E14+(E14*$E$5) -> 635 | G14: per | H14: Each
A15: 7 | C15: Plumber 2nd class-II.9 | D15: II-42 | E15: 515 | F15: =E15+(E15*$E$5) -> 515 | G15: per | H15: Each
A16: 8 | C16: 1st class carpenter | D16: I-4 | E16: 645 | F16: =E16+(E16*$E$5) -> 645 | G16: per | H16: day
A17: 9 | C17: mate | D17: I-10 | E17: 515 | F17: =E17+(E17*$E$5) -> 515 | G17: per | H17: day
A18: 10 | C18: 2nd class carpenter | D18: II-04 | E18: 515 | F18: =E18+(E18*$E$5) -> 515 | G18: per | H18: day
A19: 11 | C19: 1st class Painter | D19: I-35 | E19: 625 | F19: =E19+(E19*$E$5) -> 625 | G19: per | H19: day
A20: 12 | C20: 2nd class Painter | D20: II-37 | E20: 515 | F20: =E20+(E20*$E$5) -> 515 | G20: per | H20: day
A21: 13 | C21: Head mazdoor | D21: II-10 | E21: 515 | F21: =E21+(E21*$E$5) -> 515 | G21: per | H21: day
A22: 14 | C22: Man mazdoor | D22: III-3 | E22: 490 | F22: =E22+(E22*$E$5) -> 490 | G22: per | H22: day
A23: 15 | C23: Woman mazdoor | D23: III-4 | E23: 490 | F23: =E23+(E23*$E$5) -> 490 | G23: per | H23: day
A24: 16 | C24: Cost of binding wire | D24: CSSR-A.03 | E24: 66 | F24: =E24 -> 66 | G24: per | H24: Kg
A25: CENTERING CHARGES (Providing Centring, shuttering and scaffolding with props and steel plate as per the approved shuttering plan and other accessories as per the norms and stability calculations including cost and conveyance of all accessories Using Cashewrina Ballies and Wooden runners & staging including all bracings, cross members etc complete for finished item of work)
B26: Sl | C26: NAME OF THE STRUCTURAL MEMBER | D26: Unit of Measurement | E26: Material Hire charges | G26: Labour charges | I26: Centring Charges for 2021-22
B27: 1 | C27: 2 | D27: 6 | E27: 3 | G27: 4 | I27: 5
B28: HIRE CHARGES FOR CENTERING & SCAFFOLDING - Unsupported height up to 3.66 M using Casurina Bellies, Bamboos, Wooden Reapers, Runners, Wood Posts, Steel Centering Plates etc., | K28: 1st floor | M28: 2nd floor | O28: 3rd floor | Q28: 4th floor
K29: labour | L29: total | M29: labour | N29: total | O29: labour | P29: total | Q29: labour | R29: total | S29: labour | T29: total
B30: A | C30: FOOTINGS | D30: per 1 cum | E30: Rs. | F30: 304 | G30: Rs. | H30: 718 | I30: Rs. | J30: =F30+H30 -> 1022 | K30: =ROUND(H30*1.1,2) -> 789.8 | L30: =F30+K30 -> 1093.8 | M30: =ROUND(H30*1.2,2) -> 861.6 | N30: =F30+M30 -> 1165.6 | O30: =ROUND(#REF!*1.3,2) -> #REF! | P30: =F30+O30 -> #REF! | Q30: =ROUND(H30*1.4,2) -> 1005.2 | R30: =F30+Q30 -> 1309.2 | S30: =ROUND(H30*1.5,2) -> 1077 | T30: =H30+S30 -> 1795
C31: bed blocks and bands | D31: per 1 cum | E31: Rs. | F31: 67 | G31: Rs. | H31: 370 | I31: Rs. | J31: =F31+H31 -> 437 | K31: =ROUND(H31*1.1,2) -> 407 | L31: =F31+K31 -> 474 | M31: =ROUND(H31*1.2,2) -> 444 | N31: =F31+M31 -> 511 | O31: =ROUND(H31*1.3,2) -> 481 | P31: =F31+O31 -> 548 | Q31: =ROUND(H31*1.4,2) -> 518 | R31: =F31+Q31 -> 585 | S31: =ROUND(H31*1.5,2) -> 555 | T31: =H31+S31 -> 925
B32: B | C32: PEDESTALS | D32: per 1 cum | E32: Rs. | F32: 346 | G32: Rs. | H32: 1141 | I32: Rs. | J32: =F32+H32 -> 1487 | K32: =ROUND(H32*1.1,2) -> 1255.1 | L32: =F32+K32 -> 1601.1 | M32: =ROUND(H32*1.2,2) -> 1369.2 | N32: =F32+M32 -> 1715.2 | O32: =ROUND(H32*1.3,2) -> 1483.3 | P32: =F32+O32 -> 1829.3 | Q32: =ROUND(H32*1.4,2) -> 1597.4 | R32: =F32+Q32 -> 1943.4 | S32: =ROUND(H32*1.5,2) -> 1711.5 | T32: =H32+S32 -> 2852.5
B33: C | C33: PLINTH BEAMS | D33: per 1 cum | E33: Rs. | F33: 1467 | G33: Rs. | H33: 1730 | I33: Rs. | J33: =F33+H33 -> 3197 | K33: =ROUND(H33*1.1,2) -> 1903 | L33: =F33+K33 -> 3370 | M33: =ROUND(H33*1.2,2) -> 2076 | N33: =F33+M33 -> 3543 | O33: =ROUND(H33*1.3,2) -> 2249 | P33: =F33+O33 -> 3716 | Q33: =ROUND(H33*1.4,2) -> 2422 | R33: =F33+Q33 -> 3889 | S33: =ROUND(H33*1.5,2) -> 2595 | T33: =H33+S33 -> 4325
B34: D | C34: LINTELS | D34: per 1 cum | E34: Rs. | F34: 831 | G34: Rs. | H34: 1399 | I34: Rs. | J34: =F34+H34 -> 2230 | K34: =ROUND(H34*1.1,2) -> 1538.9 | L34: =F34+K34 -> 2369.9 | M34: =ROUND(H34*1.2,2) -> 1678.8 | N34: =F34+M34 -> 2509.8 | O34: =ROUND(H34*1.3,2) -> 1818.7 | P34: =F34+O34 -> 2649.7 | Q34: =ROUND(H34*1.4,2) -> 1958.6 | R34: =F34+Q34 -> 2789.6 | S34: =ROUND(H34*1.5,2) -> 2098.5 | T34: =H34+S34 -> 3497.5
B35: E | C35: CHAJJAS - SUNSHADES | D35: per 1 sqm | E35: Rs. | F35: 164 | G35: Rs. | H35: 215 | I35: Rs. | J35: =F35+H35 -> 379 | K35: =ROUND(H35*1.1,2) -> 236.5 | L35: =F35+K35 -> 400.5 | M35: =ROUND(H35*1.2,2) -> 258 | N35: =F35+M35 -> 422 | O35: =ROUND(H35*1.3,2) -> 279.5 | P35: =F35+O35 -> 443.5 | Q35: =ROUND(H35*1.4,2) -> 301 | R35: =F35+Q35 -> 465 | S35: =ROUND(H35*1.5,2) -> 322.5 | T35: =H35+S35 -> 537.5
B36: F | C36: COLUMNS | D36: per 1 cum | E36: Rs. | F36: 250 | G36: Rs. | H36: 1965 | I36: Rs. | J36: =F36+H36 -> 2215 | K36: =ROUND(H36*1.1,2) -> 2161.5 | L36: =F36+K36 -> 2411.5 | M36: =ROUND(H36*1.2,2) -> 2358 | N36: =F36+M36 -> 2608 | O36: =ROUND(H36*1.3,2) -> 2554.5 | P36: =F36+O36 -> 2804.5 | Q36: =ROUND(H36*1.4,2) -> 2751 | R36: =F36+Q36 -> 3001 | S36: =ROUND(H36*1.5,2) -> 2947.5 | T36: =H36+S36 -> 4912.5
B37: G | C37: BEAMS | D37: per 1 cum | E37: Rs. | F37: 1467 | G37: Rs. | H37: 1648 | I37: Rs. | J37: =F37+H37 -> 3115 | K37: =ROUND(H37*1.1,2) -> 1812.8 | L37: =F37+K37 -> 3279.8 | M37: =ROUND(H37*1.2,2) -> 1977.6 | N37: =F37+M37 -> 3444.6 | O37: =ROUND(H37*1.3,2) -> 2142.4 | P37: =F37+O37 -> 3609.4 | Q37: =ROUND(H37*1.4,2) -> 2307.2 | R37: =F37+Q37 -> 3774.2 | S37: =ROUND(H37*1.5,2) -> 2472 | T37: =H37+S37 -> 4120
B38: H | C38: SLABS - Up to 150 mm thick | D38: per 1 sqm | E38: Rs. | F38: 166 | G38: Rs. | H38: 187 | I38: Rs. | J38: =F38+H38 -> 353 | K38: =ROUND(H38*1.1,2) -> 205.7 | L38: =F38+K38 -> 371.7 | M38: =ROUND(H38*1.2,2) -> 224.4 | N38: =F38+M38 -> 390.4 | O38: =ROUND(H38*1.3,2) -> 243.1 | P38: =F38+O38 -> 409.1 | Q38: =ROUND(H38*1.4,2) -> 261.8 | R38: =F38+Q38 -> 427.8 | S38: =ROUND(H38*1.5,2) -> 280.5 | T38: =H38+S38 -> 467.5
B39: I | C39: SLABS - above 150 mm - Up to 300 mm thick | D39: per 1 sqm | E39: Rs. | F39: 171 | G39: Rs. | H39: 192 | I39: Rs. | J39: =F39+H39 -> 363 | K39: =ROUND(H39*1.1,2) -> 211.2 | L39: =F39+K39 -> 382.2 | M39: =ROUND(H39*1.2,2) -> 230.4 | N39: =F39+M39 -> 401.4 | O39: =ROUND(H39*1.3,2) -> 249.6 | P39: =F39+O39 -> 420.6 | Q39: =ROUND(H39*1.4,2) -> 268.8 | R39: =F39+Q39 -> 439.8 | S39: =ROUND(H39*1.5,2) -> 288 | T39: =H39+S39 -> 480
B40: J | C40: SLABS - above 300 mm thick | D40: per 1 sqm | E40: Rs. | F40: 179 | G40: Rs. | H40: 201 | I40: Rs. | J40: =F40+H40 -> 380 | K40: =ROUND(H40*1.1,2) -> 221.1 | L40: =F40+K40 -> 400.1 | M40: =ROUND(H40*1.2,2) -> 241.2 | N40: =F40+M40 -> 420.2 | O40: =ROUND(H40*1.3,2) -> 261.3 | P40: =F40+O40 -> 440.3 | Q40: =ROUND(H40*1.4,2) -> 281.4 | R40: =F40+Q40 -> 460.4 | S40: =ROUND(H40*1.5,2) -> 301.5 | T40: =H40+S40 -> 502.5
B41: K | C41: WAFFLE - (GRID) SLABS (Rib Beams with Slabs) | D41: per 1 sqm | E41: Rs. | F41: 604 | G41: Rs. | H41: 679 | I41: Rs. | J41: =F41+H41 -> 1283 | K41: =ROUND(H41*1.1,2) -> 746.9 | L41: =F41+K41 -> 1350.9 | M41: =ROUND(H41*1.2,2) -> 814.8 | N41: =F41+M41 -> 1418.8 | O41: =ROUND(H41*1.3,2) -> 882.7 | P41: =F41+O41 -> 1486.7 | Q41: =ROUND(H41*1.4,2) -> 950.6 | R41: =F41+Q41 -> 1554.6 | S41: =ROUND(H41*1.5,2) -> 1018.5 | T41: =H41+S41 -> 1697.5
B42: L | C42: PERGOLA SLABS (Only Rib Beams) | D42: per 1 sqm | E42: Rs. | F42: 424 | G42: Rs. | H42: 476 | I42: Rs. | J42: =F42+H42 -> 900 | K42: =ROUND(H42*1.1,2) -> 523.6 | L42: =F42+K42 -> 947.6 | M42: =ROUND(H42*1.2,2) -> 571.2 | N42: =F42+M42 -> 995.2 | O42: =ROUND(H42*1.3,2) -> 618.8 | P42: =F42+O42 -> 1042.8 | Q42: =ROUND(H42*1.4,2) -> 666.4 | R42: =F42+Q42 -> 1090.4 | S42: =ROUND(H42*1.5,2) -> 714 | T42: =H42+S42 -> 1190
B43: M | C43: ARCH BEAMS - up to 1.5 M Span | D43: per 1 cum | E43: Rs. | F43: 1668 | G43: Rs. | H43: 1874 | I43: Rs. | J43: =F43+H43 -> 3542 | K43: =ROUND(H43*1.1,2) -> 2061.4 | L43: =F43+K43 -> 3729.4 | M43: =ROUND(H43*1.2,2) -> 2248.8 | N43: =F43+M43 -> 3916.8 | O43: =ROUND(H43*1.3,2) -> 2436.2 | P43: =F43+O43 -> 4104.2 | Q43: =ROUND(H43*1.4,2) -> 2623.6 | R43: =F43+Q43 -> 4291.6 | S43: =ROUND(H43*1.5,2) -> 2811 | T43: =H43+S43 -> 4685
... B46: P | C46: HELICAL STAIRCASES | D46: per 1 sqm | E46: Rs. | F46: 206 | G46: Rs. | H46: 231 | I46: Rs. | J46: =F46+H46 -> 437 | K46: =ROUND(H46*1.1,2) -> 254.1 | L46: =F46+K46 -> 460.1 | M46: =ROUND(H46*1.2,2) -> 277.2 | N46: =F46+M46 -> 483.2 | O46: =ROUND(H46*1.3,2) -> 300.3 | P46: =F46+O46 -> 506.3 | Q46: =ROUND(H46*1.4,2) -> 323.4 | R46: =F46+Q46 -> 529.4 | S46: =ROUND(H46*1.5,2) -> 346.5 | T46: =H46+S46 -> 577.5
B47: Q | C47: Shear walls RCC walls,Water tank walls | K47: =ROUND(H47*1.1,2) -> 0 | L47: =F47+K47 -> 0 | M47: =ROUND(H47*1.2,2) -> 0 | N47: =F47+M47 -> 0 | O47: =ROUND(H47*1.3,2) -> 0 | P47: =F47+O47 -> 0 | Q47: =ROUND(H47*1.4,2) -> 0 | R47: =F47+Q47 -> 0 | S47: =ROUND(J47*1.4,2) -> 0 | T47: =H47+S47 -> 0
B48: HIRE CHARGES FOR CENTERING & SCAFFOLDING - Unsupported height up to 3.66 M using Steel scaffolding pipes, jack Props, wallers, Foot plates, brackets, steel Centering Plates,etc., | K48: 1st floor | M48: 2nd floor | O48: 3rd floor | Q48: 4th floor
K49: labour | L49: total | M49: labour | N49: total | O49: labour | P49: total | Q49: labour | R49: total | S49: labour | T49: total
B50: A | C50: FOOTINGS | D50: per 1 cum | E50: Rs. | F50: 304 | G50: Rs. | H50: 718 | I50: Rs. | J50: =F50+H50 -> 1022 | K50: =ROUND(H50*1.1,2) -> 789.8 | L50: =F50+K50 -> 1093.8 | M50: =ROUND(H50*1.2,2) -> 861.6 | N50: =F50+M50 -> 1165.6 | O50: =ROUND($H$50*1.3,2) -> 933.4 | P50: =F50+O50 -> 1237.4 | Q50: =ROUND(H50*1.4,2) -> 1005.2 | R50: =F50+Q50 -> 1309.2 | S50: =ROUND(H50*1.5,2) -> 1077 | T50: =H50+S50 -> 1795
C51: bed blocks and bands | D51: per 1 cum | E51: Rs. | F51: 67 | G51: Rs. | H51: 370 | I51: Rs. | J51: =F51+H51 -> 437 | K51: =ROUND(H51*1.1,2) -> 407 | L51: =F51+K51 -> 474 | M51: =ROUND(H51*1.2,2) -> 444 | N51: =F51+M51 -> 511 | O51: =ROUND(H51*1.3,2) -> 481 | P51: =F51+O51 -> 548 | Q51: =ROUND(H51*1.4,2) -> 518 | R51: =F51+Q51 -> 585 | S51: =ROUND(H51*1.5,2) -> 555 | T51: =H51+S51 -> 925
B52: B | C52: PEDESTALS | D52: per 1 cum | E52: Rs. | F52: 346 | G52: Rs. | H52: 1141 | I52: Rs. | J52: =F52+H52 -> 1487 | K52: =ROUND(H52*1.1,2) -> 1255.1 | L52: =F52+K52 -> 1601.1 | M52: =ROUND(H52*1.2,2) -> 1369.2 | N52: =F52+M52 -> 1715.2 | O52: =ROUND(H52*1.3,2) -> 1483.3 | P52: =F52+O52 -> 1829.3 | Q52: =ROUND(H52*1.4,2) -> 1597.4 | R52: =F52+Q52 -> 1943.4 | S52: =ROUND(H52*1.5,2) -> 1711.5 | T52: =H52+S52 -> 2852.5
B53: C | C53: PLINTH BEAMS | D53: per 1 cum | E53: Rs. | F53: 1467 | G53: Rs. | H53: 1730 | I53: Rs. | J53: =F53+H53 -> 3197 | K53: =ROUND(H53*1.1,2) -> 1903 | L53: =F53+K53 -> 3370 | M53: =ROUND(H53*1.2,2) -> 2076 | N53: =F53+M53 -> 3543 | O53: =ROUND(H53*1.3,2) -> 2249 | P53: =F53+O53 -> 3716 | Q53: =ROUND(H53*1.4,2) -> 2422 | R53: =F53+Q53 -> 3889 | S53: =ROUND(H53*1.5,2) -> 2595 | T53: =H53+S53 -> 4325
B54: D | C54: LINTELS | D54: per 1 cum | E54: Rs. | F54: 1246 | G54: Rs. | H54: 1836 | I54: Rs. | J54: =F54+H54 -> 3082 | K54: =ROUND(H54*1.1,2) -> 2019.6 | L54: =F54+K54 -> 3265.6 | M54: =ROUND(H54*1.2,2) -> 2203.2 | N54: =F54+M54 -> 3449.2 | O54: =ROUND(H54*1.3,2) -> 2386.8 | P54: =F54+O54 -> 3632.8 | Q54: =ROUND(H54*1.4,2) -> 2570.4 | R54: =F54+Q54 -> 3816.4 | S54: =ROUND(H54*1.5,2) -> 2754 | T54: =H54+S54 -> 4590
B55: E | C55: CHAJJAS - SUNSHADES | D55: per 1 sqm | E55: Rs. | F55: 246 | G55: Rs. | H55: 282 | I55: Rs. | J55: =F55+H55 -> 528 | K55: =ROUND(H55*1.1,2) -> 310.2 | L55: =F55+K55 -> 556.2 | M55: =ROUND(H55*1.2,2) -> 338.4 | N55: =F55+M55 -> 584.4 | O55: =ROUND(H55*1.3,2) -> 366.6 | P55: =F55+O55 -> 612.6 | Q55: =ROUND(H55*1.4,2) -> 394.8 | R55: =F55+Q55 -> 640.8 | S55: =ROUND(H55*1.5,2) -> 423 | T55: =H55+S55 -> 705
B56: F | C56: COLUMNS | D56: per 1 cum | E56: Rs. | F56: 375 | G56: Rs. | H56: 2578 | I56: Rs. | J56: =F56+H56 -> 2953 | K56: =ROUND(H56*1.1,2) -> 2835.8 | L56: =F56+K56 -> 3210.8 | M56: =ROUND(H56*1.2,2) -> 3093.6 | N56: =F56+M56 -> 3468.6 | O56: =ROUND(H56*1.3,2) -> 3351.4 | P56: =F56+O56 -> 3726.4 | Q56: =ROUND(H56*1.4,2) -> 3609.2 | R56: =F56+Q56 -> 3984.2 | S56: =ROUND(H56*1.5,2) -> 3867 | T56: =H56+S56 -> 6445
B57: G | C57: BEAMS | D57: per 1 cum | E57: Rs. | F57: 2201 | G57: Rs. | H57: 2162 | I57: Rs. | J57: =F57+H57 -> 4363 | K57: =ROUND(H57*1.1,2) -> 2378.2 | L57: =F57+K57 -> 4579.2 | M57: =ROUND(H57*1.2,2) -> 2594.4 | N57: =F57+M57 -> 4795.4 | O57: =ROUND(H57*1.3,2) -> 2810.6 | P57: =F57+O57 -> 5011.6 | Q57: =ROUND(H57*1.4,2) -> 3026.8 | R57: =F57+Q57 -> 5227.8 | S57: =ROUND(H57*1.5,2) -> 3243 | T57: =H57+S57 -> 5405
B58: H | C58: SLABS - Up to 150 mm thick | D58: per 1 sqm | E58: Rs. | F58: 249 | G58: Rs. | H58: 245 | I58: Rs. | J58: =F58+H58 -> 494 | K58: =ROUND(H58*1.1,2) -> 269.5 | L58: =F58+K58 -> 518.5 | M58: =ROUND(H58*1.2,2) -> 294 | N58: =F58+M58 -> 543 | O58: =ROUND(H58*1.3,2) -> 318.5 | P58: =F58+O58 -> 567.5 | Q58: =ROUND(H58*1.4,2) -> 343 | R58: =F58+Q58 -> 592 | S58: =ROUND(H58*1.5,2) -> 367.5 | T58: =H58+S58 -> 612.5
B59: I | C59: SLABS - above 150 mm - Up to 300 mm thick | D59: per 1 sqm | E59: Rs. | F59: 257 | G59: Rs. | H59: 252 | I59: Rs. | J59: =F59+H59 -> 509 | K59: =ROUND(H59*1.1,2) -> 277.2 | L59: =F59+K59 -> 534.2 | M59: =ROUND(H59*1.2,2) -> 302.4 | N59: =F59+M59 -> 559.4 | O59: =ROUND(H59*1.3,2) -> 327.6 | P59: =F59+O59 -> 584.6 | Q59: =ROUND(H59*1.4,2) -> 352.8 | R59: =F59+Q59 -> 609.8 | S59: =ROUND(H59*1.5,2) -> 378 | T59: =H59+S59 -> 630
B60: J | C60: SLABS - above 300 mm thick | D60: per 1 sqm | E60: Rs. | F60: 268 | G60: Rs. | H60: 264 | I60: Rs. | J60: =F60+H60 -> 532 | K60: =ROUND(H60*1.1,2) -> 290.4 | L60: =F60+K60 -> 558.4 | M60: =ROUND(H60*1.2,2) -> 316.8 | N60: =F60+M60 -> 584.8 | O60: =ROUND(H60*1.3,2) -> 343.2 | P60: =F60+O60 -> 611.2 | Q60: =ROUND(H60*1.4,2) -> 369.6 | R60: =F60+Q60 -> 637.6 | S60: =ROUND(H60*1.5,2) -> 396 | T60: =H60+S60 -> 660
B61: K | C61: WAFFLE - (GRID) SLABS (Rib Beams with Slabs) | D61: per 1 sqm | E61: Rs. | F61: 906 | G61: Rs. | H61: 890 | I61: Rs. | J61: =F61+H61 -> 1796 | K61: =ROUND(H61*1.1,2) -> 979 | L61: =F61+K61 -> 1885 | M61: =ROUND(H61*1.2,2) -> 1068 | N61: =F61+M61 -> 1974 | O61: =ROUND(H61*1.3,2) -> 1157 | P61: =F61+O61 -> 2063 | Q61: =ROUND(H61*1.4,2) -> 1246 | R61: =F61+Q61 -> 2152 | S61: =ROUND(H61*1.5,2) -> 1335 | T61: =H61+S61 -> 2225
B62: L | C62: PERGOLA SLABS (Only Rib Beams) | D62: per 1 sqm | E62: Rs. | F62: 635 | G62: Rs. | H62: 624 | I62: Rs. | J62: =F62+H62 -> 1259 | K62: =ROUND(H62*1.1,2) -> 686.4 | L62: =F62+K62 -> 1321.4 | M62: =ROUND(H62*1.2,2) -> 748.8 | N62: =F62+M62 -> 1383.8 | O62: =ROUND(H62*1.3,2) -> 811.2 | P62: =F62+O62 -> 1446.2 | Q62: =ROUND(H62*1.4,2) -> 873.6 | R62: =F62+Q62 -> 1508.6 | S62: =ROUND(H62*1.5,2) -> 936 | T62: =H62+S62 -> 1560
B63: M | C63: ARCH BEAMS - up to 1.5 M Span | D63: per 1 cum | E63: Rs. | F63: 2502 | G63: Rs. | H63: 2458 | I63: Rs. | J63: =F63+H63 -> 4960 | K63: =ROUND(H63*1.1,2) -> 2703.8 | L63: =F63+K63 -> 5205.8 | M63: =ROUND(H63*1.2,2) -> 2949.6 | N63: =F63+M63 -> 5451.6 | O63: =ROUND(H63*1.3,2) -> 3195.4 | P63: =F63+O63 -> 5697.4 | Q63: =ROUND(H63*1.4,2) -> 3441.2 | R63: =F63+Q63 -> 5943.2 | S63: =ROUND(H63*1.5,2) -> 3687 | T63: =H63+S63 -> 6145
... B66: P | C66: HELICAL STAIRCASES | D66: per 1 sqm | E66: Rs. | F66: 308 | G66: Rs. | H66: 303 | I66: Rs. | J66: =F66+H66 -> 611 | K66: =ROUND(H66*1.1,2) -> 333.3 | L66: =F66+K66 -> 641.3 | M66: =ROUND(H66*1.2,2) -> 363.6 | N66: =F66+M66 -> 671.6 | O66: =ROUND(H66*1.3,2) -> 393.9 | P66: =F66+O66 -> 701.9 | Q66: =ROUND(H66*1.4,2) -> 424.2 | R66: =F66+Q66 -> 732.2 | S66: =ROUND(H66*1.5,2) -> 454.5 | T66: =H66+S66 -> 757.5
B67: Q | C67: Shear walls RCC walls,Water tank walls | D67: per 1 sqm | E67: Rs. | F67: 513 | G67: Rs. | H67: 576 | I67: Rs. | J67: =F67+H67 -> 1089 | K67: =ROUND(H67*1.1,2) -> 633.6 | L67: =F67+K67 -> 1146.6 | M67: =ROUND(H67*1.2,2) -> 691.2 | N67: =F67+M67 -> 1204.2 | O67: =ROUND(H67*1.3,2) -> 748.8 | P67: =F67+O67 -> 1261.8 | Q67: =ROUND(H67*1.4,2) -> 806.4 | R67: =F67+Q67 -> 1319.4 | S67: =ROUND(J67*1.4,2) -> 1524.6 | T67: =H67+S67 -> 2100.6
B68: HIRE CHARGES FOR ACCESS SCAFFOLDING - up to 3.66 M using Casurina Bellies, Bamboos, Wooden Reapers, Runners, Wood Posts, Wall Plates etc., for BRICK MASONRY/STONE MASONRY - 1 sqm(WALL AREA)
B69: A | C69: 1st - Floor | D69: per 1 sqm | E69: Rs. | F69: 10.86 | G69: Rs. | H69: 88.6 | I69: Rs. | J69: =H69+F69 -> 99.46
B70: B | C70: 2nd - Floor | D70: per 1 sqm | E70: Rs. | F70: =F69 -> 10.86 | G70: Rs. | H70: 127.46 | I70: Rs. | J70: =H70+F70 -> 138.32
B71: C | C71: 3rd - Floor | D71: per 1 sqm | E71: Rs. | F71: =F70 -> 10.86 | G71: Rs. | H71: 166.33 | I71: Rs. | J71: =H71+F71 -> 177.19
B72: D | C72: 4th - Floor | D72: per 1 sqm | E72: Rs. | F72: =F71 -> 10.86 | G72: Rs. | H72: 205.2 | I72: Rs. | J72: =H72+F72 -> 216.06
B73: E | C73: 5th - Floor | D73: per 1 sqm | E73: Rs. | F73: =F72 -> 10.86 | G73: Rs. | H73: 244.06 | I73: Rs. | J73: =H73+F73 -> 254.92
B74: F | C74: 6th - Floor | D74: per 1 sqm | E74: Rs. | F74: =F73 -> 10.86 | G74: Rs. | H74: 282.93 | I74: Rs. | J74: =H74+F74 -> 293.79
B75: Sl | C75: NAME OF THE STRUCTURAL MEMBER | D75: Unit of Measurement | E75: Material Hire charges | G75: Labour charges | I75: Centring Charges for 2020-21
B76: 1 | C76: 2 | D76: 6 | E76: 3 | G76: 4 | I76: 5
B77: HIRE CHARGES FOR ACCESS SCAFFOLDING - up to 3.66 M using Casurina Bellies, Bamboos, Wooden Reapers, Runners, Wood Posts, Wall Plates etc., for PLASTERING TO WALLS - 1 sqm
B78: A | C78: 1st - Floor | D78: per 1 sqm | E78: Rs. | F78: 1.09 | G78: Rs. | H78: 8.86 | I78: Rs. | J78: =H78+F78 -> 9.95
B79: B | C79: 2nd - Floor | D79: per 1 sqm | E79: Rs. | F79: =F78 -> 1.09 | G79: Rs. | H79: 12.75 | I79: Rs. | J79: =H79+F79 -> 13.84
B80: C | C80: 3rd - Floor | D80: per 1 sqm | E80: Rs. | F80: =F79 -> 1.09 | G80: Rs. | H80: 16.63 | I80: Rs. | J80: =H80+F80 -> 17.72
B81: D | C81: 4th - Floor | D81: per 1 sqm | E81: Rs. | F81: =F80 -> 1.09 | G81: Rs. | H81: 20.52 | I81: Rs. | J81: =H81+F81 -> 21.61
B82: E | C82: 5th - Floor | D82: per 1 sqm | E82: Rs. | F82: =F81 -> 1.09 | G82: Rs. | H82: 24.41 | I82: Rs. | J82: =H82+F82 -> 25.5 | P82: ='C-data'!E609 -> 1245
B83: F | C83: 6th - Floor | D83: per 1 sqm | E83: Rs. | F83: =F82 -> 1.09 | G83: Rs. | H83: 28.29 | I83: Rs. | J83: =H83+F83 -> 29.38
B84: HIRE CHARGES FOR STAGE SCAFFOLDING - up to 3.66 M using Casurina Bellies, Bamboos, Wooden Reapers, Runners, Wood Posts, Wall Plates etc., for CEILING PLASTERING - 1 sqm
B85: A | C85: 1st - Floor | D85: per 1 sqm | E85: Rs. | F85: 2.59 | G85: Rs. | H85: 17.79 | I85: Rs. | J85: =H85+F85 -> 20.38 | P85: ='C-data'!E609 -> 1245
B86: B | C86: 2nd - Floor | D86: per 1 sqm | E86: Rs. | F86: =F85 -> 2.59 | G86: Rs. | H86: 25.39 | I86: Rs. | J86: =H86+F86 -> 27.98
B87: C | C87: 3rd - Floor | D87: per 1 sqm | E87: Rs. | F87: =F86 -> 2.59 | G87: Rs. | H87: 32.99 | I87: Rs. | J87: =H87+F87 -> 35.58
B88: D | C88: 4th - Floor | D88: per 1 sqm | E88: Rs. | F88: =F87 -> 2.59 | G88: Rs. | H88: 40.59 | I88: Rs. | J88: =H88+F88 -> 43.18 | P88: ='C-data'!F609 -> 1287.9
B89: E | C89: 5th - Floor | D89: per 1 sqm | E89: Rs. | F89: =F88 -> 2.59 | G89: Rs. | H89: 48.19 | I89: Rs. | J89: =H89+F89 -> 50.78
B90: F | C90: 6th - Floor | D90: per 1 sqm | E90: Rs. | F90: =F89 -> 2.59 | G90: Rs. | H90: 55.79 | I90: Rs. | J90: =H90+F90 -> 58.38
P91: ='C-data'!G609 -> 1330.8
C92: CENTERING & SCAFFOLDING CHARGES- FLOOR WISE RATES for Steel scaffolding pipes, jack Props, Steel Centering Plates,etc., for unsupported height 3.66 M
E93: Lintels | F93: Chajjas - Sun Shades | G93: Columns | H93: Beams | I93: Slabs - Up To 150 mm Thick | J93: Slabs - Above 150 Mm - Up To 300 mm Thick | K93: Slabs - Above 300 mm Thick | L93: Waffle Slabs (Rib Beams With Slabs) | M93: Pergola Slabs (Only Rib Beams) | N93: Arch Beams - Up To 1.5 M Span | O93: Arch Beams - Above 1.5 M Span | P93: Dome Slabs | Q93: Helical Staircases
C94: Unit | E94: per 1 cum | F94: per 1 sqm | G94: per 1 cum | H94: per 1 cum | I94: per 1 sqm | J94: per 1 sqm | K94: per 1 sqm | L94: per 1 sqm | M94: per 1 sqm | N94: per 1 cum | O94: per 1 cum | P94: ='C-data'!H609 -> 1373.7 | Q94: per 1 sqm
C95: 1st - Floor
C96: Material Hire for any Floor | D96: H | E96: 1180 | F96: 233 | G96: 355 | H96: 2085 | I96: 236 | J96: 243 | K96: 254 | L96: 858 | M96: 602 | N96: 2370 | O96: 2404 | P96: 3833 | Q96: 292
C97: Labour Charges for 1st Floor | D97: L | E97: 1772 | F97: 272 | G97: 2488 | H97: 2088 | I97: 236 | J97: 243 | K97: 255 | L97: 859 | M97: 602 | N97: 2373 | O97: 2407 | P97: 3838 | Q97: 293
C98: Total Hire Charges (H+L) | D98: T | E98: =E96+E97 -> 2952 | F98: =F96+F97 -> 505 | G98: =G96+G97 -> 2843 | H98: =H96+H97 -> 4173 | I98: =I96+I97 -> 472 | J98: =J96+J97 -> 486 | K98: =K96+K97 -> 509 | L98: =L96+L97 -> 1717 | ... Q98: =Q96+Q97 -> 585
C99: LABOUR CHARGES for Further Floors
C100: 2nd - Floor | D100: L | E100: 1950 | F100: 300 | G100: 2738 | H100: 2297 | I100: 260 | J100: 268 | K100: 280 | L100: 946 | M100: 663 | N100: 2610 | O100: 2648 | P100: 4221 | Q100: 322
C101: 3rd - Floor | D101: L | E101: 2127 | F101: 326 | G101: 2987 | H101: 2505 | I101: 283 | J101: 292 | K101: 305 | L101: 1031 | M101: 723 | N101: 2849 | O101: 2888 | P101: 4605 | Q101: 351
C102: 4th - Floor | D102: L | E102: 2303 | F102: 353 | G102: 3234 | H102: 2715 | I102: 307 | J102: 316 | K102: 330 | L102: 1118 | M102: 784 | N102: 3086 | O102: 3130 | P102: 4989 | Q102: 380
C103: 5th - Floor | D103: L | E103: 2481 | F103: 380 | G103: 3484 | H103: 2923 | I103: 330 | J103: 341 | K103: 355 | L103: 1203 | M103: 843 | N103: 3322 | O103: 3370 | P103: 5372 | Q103: 411
C104: CENTERING & SCAFFOLDING CHARGES- FLOOR WISE RATES for Casurina Ballies, Bamboos, Wooden Reapers, Runners, Wood Posts, Wall plates, Steel Centering Plates,etc., for unsupported height 3.66 M
E105: Lintels | F105: Chajjas - Sun Shades | G105: Columns | H105: Beams | I105: Slabs - Up To 150 mm Thick | J105: Slabs - Above 150 Mm - Up To 300 mm Thick | K105: Slabs - Above 300 mm Thick | L105: Waffle Slabs (Rib Beams With Slabs) | M105: Pergola Slabs (Only Rib Beams) | N105: Arch Beams - Up To 1.5 M Span | O105: Arch Beams - Above 1.5 M Span | P105: Dome Slabs | Q105: Helical Staircases
...

Sheet D&W DATA 1
B1: DATAS FOR DOORS AND WINDOWS
B2: =+LEAD!A2 -> Construction of Kitchen shed at ZPHS Bijwar(V) of Utkoor(M)
B3: Sno | C3: Qty | D3: Description of Item | E3: Rate | F3: Unit | G3: Per | H3: Amount
B4: 1 | D4: Supply and Fixing of Door with Double leaf shutter, Door Size 2.4 x2.13mtrs with Medium teak wood Frame of sections size 75mm x 100mm with Flush Door Shutter Solid Bond Wood black board type with commercial ply on both faces of 35mm thick including cost of fixtures such as MS Powder coated Tower Bolts 250mm long 2 Nos, MS Powder coated Handles 150mm long 2 Nos, 300mm long MS Powder coated Aldrops 1No, 125mm long MS Powder coated butt hinges 6Nos, 300 mm long MS Powder coated Flat latch 1No, Door stoppers 2 Nos, MS Hold fasts 6Nos, Sales and Other Taxes cost and convenyance of all materials to site all Labour charges such as Fixing of Door Frame and shutter Fixing in position , with Hardware fixtures etc., complete for finsihed item of work.
D5: DOOR SIZE 2.4 x 2.13 mtrs : Area =5.11 Sqm | E5: 2.4 | F5: X | G5: 2.13 | H5: =ROUND(E5*G5,2) -> 5.11
D6: Medium Teak Wood for Frame
D7: Verticals 2 x 2.13 x 0.075 x 0.10 = 0.03225 | E7: =2*2.13*0.075*0.1 -> 0.03195 | F7: cum
D8: Horizental 1 x 2.4 x 0.075 x 0.10 = 0.0180 | E8: =2.4*0.075*0.1 -> 0.018 | F8: cum
D9: Total = 0.05025 | E9: =SUM(E7:E8) -> 0.04995 | F9: cum
D10: 35mm thick flush door shutter of soild wood block board type with commercial play on both faces
D11: 1x2.30x2.03 = 4.67Sqm | E11: =ROUND(2.3*2.03,2) -> 4.67 | F11: sqm
D12: ABSTRACT
D13: a)MATERIAL
B14: 1 | C14: =E7 -> 0.03195 | D14: Cost of Medium teak wood scantling of size 2.0 to 3.0 m TBSC-D.I-02 | E14: 84724 | F14: 1 | G14: Cum | H14: =ROUND(C14*E14/F14,2) -> 2706.93
B15: 2 | C15: =E8 -> 0.018 | D15: Cost of Medium teak wood scantling of size 2.0 to 3.0 m TBSC-D.I-02 | E15: 76251 | F15: 1 | G15: Cum | H15: =ROUND(C15*E15/F15,2) -> 1372.52
B16: 3 | C16: =E11 -> 4.67 | D16: Flush door shutters, solid bond wood block board type with commercial ply on both faces.: 35 mm thick conforming to IS:2202 of ANAND/ RAAVILA/ KUTTY/ STANDARD/ SHUBHDWAR/ ITP (TBSC-L.II-06) | E16: 1417 | F16: 1 | G16: Sqm | H16: =ROUND(C16*E16/F16,2) -> 6617.39
B17: 4 | C17: 6 | D17: MS Hold FastsTBSC-P.IX-08 | E17: 34 | F17: 1 | G17: Each | H17: =ROUND(C17*E17/F17,2) -> 204
B18: 5 | C18: 1 | D18: Cost of 300mm Long MS Powder coated Aldrops(TBSC-P.IV-09) | E18: 173 | F18: 1 | G18: Each | H18: =ROUND(C18*E18/F18,2) -> 173
B19: 6 | C19: 2 | D19: Cost of 250 long MS Powder coated Towerbolts (TBSC-P.I-17) | E19: 72 | F19: 1 | G19: Each | H19: =ROUND(C19*E19/F19,2) -> 144
B20: 7 | C20: 2 | D20: Cost of 150mm Long MS Powder coated Handles (TBSC-P.III-06) | E20: 48 | F20: 1 | G20: Each | H20: =ROUND(C20*E20/F20,2) -> 96
B21: 8 | C21: 6 | D21: Cost of 125mm long MS Powder coated but hinges (TBSC-P.II-11) | E21: 33 | F21: 1 | G21: Each | H21: =ROUND(C21*E21/F21,2) -> 198
B22: 9 | C22: 1 | D22: Cost of 300lon MS Powder coated Flat latch (TBSC-P.V-08) | E22: 70 | F22: 1 | G22: Each | H22: =ROUND(C22*E22/F22,2) -> 70
B23: 10 | C23: 2 | D23: Cost of Heavy duty MS Powder coated Door Stoper (TBSC-P.IX-02) | E23: 48 | F23: 1 | G23: Each | H23: =ROUND(C23*E23/F23,2) -> 96
D24: a) LABOUR
C26: =H5 -> 5.11 | D26: Labour charges for wrought and put up including fixing in position frames of any size , shutters for doors, windows, ventilators including fixing all necesssary fixtures etc complete for teak wood flush type door shutter including frame.(TBSC-T.I-31) | E26: 1057 | F26: 1 | G26: Sqm | H26: =ROUND(C26*E26/F26,2) -> 5401.27
C27: ='C-data'!$E$5 -> 0 | D27: Add munipal area allowance @20% | E27: =+H26 -> 5401.27 | F27: 1 | H27: =ROUND(C27*E27/F27,2) -> 0
H28: =SUM(H14:H27) -> 17079.11
D29: Add overheads @ | E29: 0.13615 | H29: 0
D30: Rate per / Each | H30: =SUM(H28:H29) -> 17079.11
G31: oesay | H31: =CEILING(H30,1) -> 17080
B32: =+B4+1 -> 2 | D32: Supply and Fixing of Door with Double leaf shutter, Door Size 2.0 x2.13mtrs with Medium teak wood Frame of sections size 75mm x 100mm with Flush Door Shutter Solid Bond Wood black board type with commercial ply on both faces of 35mm thick including cost of fixtures such as MS Powder coated Tower Bolts 250mm long 2 Nos, MS Powder coated Handles 150mm long 2 Nos, 300mm long MS Powder coated Aldrops 1No, 125mm long MS Powder coated butt hinges 6Nos, 300 mm long MS Powder coated Flat latch 1No, Door stoppers 2 Nos, MS Hold fasts 6Nos, Sales and Other Taxes cost and convenyance of all materials to site all Labour charges such as Fixing of Door Frame and shutter Fixing in position , with Hardware fixtures etc., complete for finsihed item of work.
D33: DOOR SIZE 2.0 x 2.13 mtrs : Area =4.26 Sqm | E33: 2 | F33: X | G33: 2.13 | H33: =ROUND(E33*G33,2) -> 4.26
D34: Medium Teak Wood for Frame
D35: Verticals 2 x 2.13 x 0.075 x 0.10 = 0.03225 | E35: =2*2.13*0.075*0.1 -> 0.03195 | F35: cum
D36: Horizental 1 x 2.0 x 0.075 x 0.10 = 0.0150 | E36: =2*0.075*0.1 -> 0.015 | F36: cum
D37: Total = 0.04725 | E37: =SUM(E35:E36) -> 0.04695 | F37: cum
D38: 35mm thick flush door shutter of soild wood block board type with commercial play on both faces
D39: 1x1.90x2.03 = 3.86Sqm | E39: =ROUND(1.9*2.03,2) -> 3.86 | F39: sqm
D40: ABSTRACT
D41: a)MATERIAL
B42: 1 | C42: =E35 -> 0.03195 | D42: Cost of Medium teak wood scantling of size 2.0 to 3.0 m TBSC-D.I-02 | E42: =E14 -> 84724 | F42: 1 | G42: Cum | H42: =ROUND(C42*E42/F42,2) -> 2706.93
B43: 2 | C43: =E36 -> 0.015 | D43: Cost of Medium teak wood scantling of size 2.0 to 3.0 m TBSC-D.I-02 | E43: =E15 -> 76251 | F43: 1 | G43: Cum | H43: =ROUND(C43*E43/F43,2) -> 1143.77
B44: 3 | C44: =E39 -> 3.86 | D44: Flush door shutters, solid bond wood block board type with commercial ply on both faces.: 35 mm thick conforming to IS:2202 of ANAND/ RAAVILA/ KUTTY/ STANDARD/ SHUBHDWAR/ ITP (TBSC-L.II-06) | E44: =E16 -> 1417 | F44: 1 | G44: Sqm | H44: =ROUND(C44*E44/F44,2) -> 5469.62
B45: 4 | C45: 6 | D45: MS Hold FastsTBSC-P.IX-08 | E45: =E17 -> 34 | F45: 1 | G45: Each | H45: =ROUND(C45*E45/F45,2) -> 204
B46: 5 | C46: 1 | D46: Cost of 300mm Long MS Powder coated Aldrops(TBSC-P.IV-09) | E46: =E18 -> 173 | F46: 1 | G46: Each | H46: =ROUND(C46*E46/F46,2) -> 173
B47: 6 | C47: 2 | D47: Cost of 250 long MS Powder coated Towerbolts (TBSC-P.I-17) | E47: =E19 -> 72 | F47: 1 | G47: Each | H47: =ROUND(C47*E47/F47,2) -> 144
B48: 7 | C48: 2 | D48: Cost of 150mm Long MS Powder coated Handles (TBSC-P.III-06) | E48: =E20 -> 48 | F48: 1 | G48: Each | H48: =ROUND(C48*E48/F48,2) -> 96
B49: 8 | C49: 6 | D49: Cost of 125mm long MS Powder coated but hinges (TBSC-P.II-11) | E49: =E21 -> 33 | F49: 1 | G49: Each | H49: =ROUND(C49*E49/F49,2) -> 198
B50: 9 | C50: 1 | D50: Cost of 300lon MS Powder coated Flat latch (TBSC-P.V-08) | E50: =E22 -> 70 | F50: 1 | G50: Each | H50: =ROUND(C50*E50/F50,2) -> 70
B51: 10 | C51: 2 | D51: Cost of Heavy duty MS Powder coated Door Stoper (TBSC-P.IX-02) | E51: =E23 -> 48 | F51: 1 | G51: Each | H51: =ROUND(C51*E51/F51,2) -> 96
D52: a) LABOUR
C54: =H33 -> 4.26 | D54: =D26 -> Labour charges for wrought and put up including fixing in position frames of any size , shutters for doors, windows, ventilators including fixing all necesssary fixtures etc complete for teak wood flush type door shutter including frame.(TBSC-T.I-31) | E54: =E26 -> 1057 | F54: 1 | G54: Sqm | H54: =ROUND(C54*E54/F54,2) -> 4502.82
C55: ='C-data'!$E$5 -> 0 | D55: Add munipal area allowance @20% | E55: =+H54 -> 4502.82 | F55: 1 | H55: =ROUND(C55*E55/F55,2) -> 0
H56: =SUM(H42:H55) -> 14804.14
D57: Add overheads @ | E57: 0.13615 | H57: 0
D58: Rate per / Each | H58: =SUM(H56:H57) -> 14804.14
G59: oesay | H59: =CEILING(H58,1) -> 14805
B60: =+B4+1 -> 2 | D60: Supply and Fixing of Door with Double leaf shutter, Door Size 1.8x2.13mtrs with Medium teak wood Frame of sections size 75mm x 100mm with Flush Door Shutter Solid Bond Wood black board type with commercial ply on both faces of 35mm thick including cost of fixtures such as MS Powder coated Tower Bolts 250mm long 2 Nos, MS Powder coated Handles 150mm long 2 Nos, 300mm long MS Powder coated Aldrops 1No, 125mm long MS Powder coated butt hinges 6Nos, 300 mm long MS Powder coated Flat latch 1No, Door stoppers 2 Nos, MS Hold fasts 6Nos, Sales and Other Taxes cost and convenyance of all materials to site all Labour charges such as Fixing of Door Frame and shutter Fixing in position , with Hardware fixtures etc., complete for finsihed item of work.
D61: DOOR SIZE 1.8 x 2.13 mtrs : Area =3.83 Sqm | E61: 1.8 | F61: X | G61: 2.13 | H61: =ROUND(E61*G61,2) -> 3.83
D62: Sal Wood for Frame
D63: Verticals 2 x 2.13 x 0.075 x 0.10 = 0.03225 | E63: =2*2.13*0.075*0.1 -> 0.03195 | F63: cum
D64: Horizental 1 x 1.8 x 0.075 x 0.10 = 0.01125 | E64: =1.8*0.075*0.1 -> 0.0135 | F64: cum
D65: Total = 0.04350 | E65: =SUM(E63:E64) -> 0.04545 | F65: cum
D66: 35mm thick flush door shutter of soild wood block board type with commercial play on both faces
D67: 1x1.70x2.03 = 2.84 Sqm | E67: =ROUND(1.68*2.03,2) -> 3.41 | F67: sqm | I67: =1.5-2*0.05 -> 1.4
D68: ABSTRACT | I68: =1.8-2*0.05 -> 1.7
D69: a)MATERIAL
B70: 1 | C70: =E63 -> 0.03195 | D70: Cost of Medium teak wood scantling of size 2.0 to 3.0 m TBSC-D.I-02 | E70: =E42 -> 84724 | F70: 1 | G70: Cum | H70: =ROUND(C70*E70/F70,2) -> 2706.93
B71: 2 | C71: =E64 -> 0.0135 | D71: Cost of Medium teak wood scantling of size upto 2.0m TBSC-D.I-01 | E71: =E43 -> 76251 | F71: 1 | G71: Cum | H71: =ROUND(C71*E71/F71,2) -> 1029.39
B72: 3 | C72: =E67 -> 3.41 | D72: Flush door shutters, solid bond wood block board type with commercial ply on both faces.: 35 mm thick conforming to IS:2202 of ANAND/ RAAVILA/ KUTTY/ STANDARD/ SHUBHDWAR/ ITP (TBSC-L.II-06) | E72: =E44 -> 1417 | F72: 1 | G72: Sqm | H72: =ROUND(C72*E72/F72,2) -> 4831.97
B73: 4 | C73: 6 | D73: MS Hold FastsTBSC-P.IX-08 | E73: =E45 -> 34 | F73: 1 | G73: Each | H73: =ROUND(C73*E73/F73,2) -> 204
B74: 5 | C74: 1 | D74: Cost of 300mm Long MS Powder coated Aldrops(TBSC-P.IV-09) | E74: =E46 -> 173 | F74: 1 | G74: Each | H74: =ROUND(C74*E74/F74,2) -> 173
B75: 6 | C75: 2 | D75: Cost of 250 long MS Powder coated Towerbolts (TBSC-P.I-17) | E75: =E47 -> 72 | F75: 1 | G75: Each | H75: =ROUND(C75*E75/F75,2) -> 144
B76: 7 | C76: 4 | D76: Cost of 150mm Long MS Powder coated Handles (TBSC-P.III-06) | E76: =E48 -> 48 | F76: 1 | G76: Each | H76: =ROUND(C76*E76/F76,2) -> 192
B77: 8 | C77: 6 | D77: Cost of 125mm long MS Powder coated but hinges (TBSC-P.II-11) | E77: =E49 -> 33 | F77: 1 | G77: Each | H77: =ROUND(C77*E77/F77,2) -> 198
B78: 9 | C78: 1 | D78: Cost of 300lon MS Powder coated Flat latch (TBSC-P.V-08) | E78: =E50 -> 70 | F78: 1 | G78: Each | H78: =ROUND(C78*E78/F78,2) -> 70
B79: 10 | C79: 2 | D79: Cost of Heavy duty MS Powder coated Door Stoper (TBSC-P.IX-02) | E79: =E51 -> 48 | F79: 1 | G79: Each | H79: =ROUND(C79*E79/F79,2) -> 96
D80: a) LABOUR
C82: =H61 -> 3.83 | D82: =D26 -> Labour charges for wrought and put up including fixing in position frames of any size , shutters for doors, windows, ventilators including fixing all necesssary fixtures etc complete for teak wood flush type door shutter including frame.(TBSC-T.I-31) | E82: =E26 -> 1057 | F82: 1 | G82: Sqm | H82: =ROUND(C82*E82/F82,2) -> 4048.31
C83: ='C-data'!$E$5 -> 0 | D83: Add munipal area allowance @20% | E83: =+H82 -> 4048.31 | F83: 1 | H83: =ROUND(C83*E83/F83,2) -> 0
H84: =SUM(H70:H83) -> 13693.6
D85: Add overheads @ | E85: 0.13615 | H85: =ROUND(E85*H84,2) -> 1864.38
D86: Rate per / Each | H86: =SUM(H84:H85) -> 15557.98
G87: oesay | H87: =CEILING(H86,1) -> 15558
B88: =+B32+1 -> 3 | D88: Supply and Fixing of Door with Double leaf shutter, Door Size 1.5x2.13mtrs with Medium teak wood Frame of sections size 75mm x 100mm with Flush Door Shutter Solid Bond Wood black board type with commercial ply on both faces of 35mm thick including cost of fixtures such as MS Powder coated Tower Bolts 250mm long 2 Nos, MS Powder coated Handles 150mm long 2 Nos, 300mm long MS Powder coated Aldrops 1No, 125mm long MS Powder coated butt hinges 6Nos, 300 mm long MS Powder coated Flat latch 1No, Door stoppers 2 Nos, MS Hold fasts 6Nos, Sales and Other Taxes cost and convenyance of all materials to site all Labour charges such as Fixing of Door Frame and shutter Fixing in position , with Hardware fixtures etc., complete for finsihed item of work.
D89: DOOR SIZE 1.5 x 2.13 mtrs : Area =3.2 Sqm | E89: 1.5 | F89: X | G89: 2.13 | H89: =ROUND(E89*G89,2) -> 3.2
D90: Sal Wood for Frame
D91: Verticals 2 x 2.13 x 0.075 x 0.10 = 0.03225 | E91: =2*2.13*0.075*0.1 -> 0.03195 | F91: cum
D92: Horizental 1 x 1.5 x 0.075 x 0.10 = 0.01125 | E92: =1.5*0.075*0.1 -> 0.01125 | F92: cum
D93: Total = 0.04350 | E93: =SUM(E91:E92) -> 0.0432 | F93: cum
D94: 35mm thick flush door shutter of soild wood block board type with commercial play on both faces
D95: 1x1.40x2.03 = 2.84 Sqm | E95: =ROUND(1.4*2.03,2) -> 2.84 | F95: sqm
D96: ABSTRACT
D97: a)MATERIAL
B98: 1 | C98: =E91 -> 0.03195 | D98: Cost of Medium teak wood scantling of size 2.0 to 3.0 m TBSC-D.I-02 | E98: =E70 -> 84724 | F98: 1 | G98: Cum | H98: =ROUND(C98*E98/F98,2) -> 2706.93
B99: 2 | C99: =E92 -> 0.01125 | D99: Cost of Medium teak wood scantling of size upto 2.0m TBSC-D.I-01 | E99: =E71 -> 76251 | F99: 1 | G99: Cum | H99: =ROUND(C99*E99/F99,2) -> 857.82
B100: 3 | C100: =E95 -> 2.84 | D100: Flush door shutters, solid bond wood block board type with commercial ply on both faces.: 35 mm thick conforming to IS:2202 of ANAND/ RAAVILA/ KUTTY/ STANDARD/ SHUBHDWAR/ ITP (TBSC-L.II-06) | E100: =E72 -> 1417 | F100: 1 | G100: Sqm | H100: =ROUND(C100*E100/F100,2) -> 4024.28
B101: 4 | C101: 6 | D101: MS Hold FastsTBSC-P.IX-08 | E101: =E73 -> 34 | F101: 1 | G101: Each | H101: =ROUND(C101*E101/F101,2) -> 204
B102: 5 | C102: 1 | D102: Cost of 300mm Long MS Powder coated Aldrops(TBSC-P.IV-09) | E102: =E74 -> 173 | F102: 1 | G102: Each | H102: =ROUND(C102*E102/F102,2) -> 173
B103: 6 | C103: 2 | D103: Cost of 250 long MS Powder coated Towerbolts (TBSC-P.I-17) | E103: =E75 -> 72 | F103: 1 | G103: Each | H103: =ROUND(C103*E103/F103,2) -> 144
...

Sheet CC road data
C2: DATAS
C4: Name of Work ::- | E4: =+LEAD!A2 -> Construction of Kitchen shed at ZPHS Bijwar(V) of Utkoor(M)
C7: Quantity | E7: Description of Item | I7: Rate | J7: per | K7: Amount
B8: 1 | C8: Forming embankment with Side earth by mechanical means upto SDR including pre-watering of soil , removal of top soil, excavation of soils , depositing the soils on the embankment, spreading soil, breaking clods, sectioning , grading and consolidation with 8 to 10 Tonnes Vibratory Road Roller @ OMC to meet requirement of table 300-2 of MoRT&H, including all hire and operational charges of T&P and , complete for finished item of work as per MoRT&H specification 305 (4th revision) (Payment will be made based on level for finished item of work).
C14: Unit : Cum
C15: Taking out put = 100 Cum | G15: Page 70 of MoRT&H SDB
C16: (A) | D16: Labour
C17: 0.02 | D17: day | E17: Mate | I17: ='C-data'!F17 -> 515 | J17: day | K17: =ROUND(C17*I17,2) -> 10.3
C18: 0.5 | D18: day | E18: Mazdoor unskilled | I18: =I17 -> 515 | J18: day | K18: =ROUND(C18*I18,2) -> 257.5
K19: =SUM(K17:K18) -> 267.8
C20: (B) | D20: Machinery
C21: 100 | D21: cum | E21: Rate as per G.O. Ms No 10, Dt 26/7/2005 | I21: 82.22 | J21: cum | K21: =ROUND(C21*I21,2) -> 8222
C22: 1 | D22: hr | E22: Motor Grador for Grading @ 100 cum per hour | I22: 3601.92 | J22: hr | K22: =ROUND(C22*I22,2) -> 3601.92
C23: 4 | D23: hr | E23: Water tanker 6 KL | I23: 698.88 | J23: hr | K23: =ROUND(C23*I23,2) -> 2795.52
C24: 1 | D24: hr | E24: Vibratory roller 8T | I24: 2861.8 | J24: hr | K24: =ROUND(C24*I24,2) -> 2861.8
K25: =SUM(K21:K24) -> 17481.24
C26: (C)
C27: 100 | D27: Cum | I27: 0 | J27: cum | K27: =ROUND(C27*I27,2) -> 0
C29: (E) | D29: Total of (A) + (B) | K29: =K19+K25 -> 17749.04
C30: (F) | D30: Add Contractors Profit at 13.615% on (E) | K30: =K29*13.615/100 -> 2416.5318
D31: Cost per 100 cum (E) + (F) | K31: =SUM(K29:K30) -> 20165.572
D32: Rate per Cum | K32: =K31/100 -> 201.65572
E33: Rate per 1 cum | K33: =ROUND(K32,0) -> 202
K34: 1 Cum
B35: 2 | C35: Forming embankment with borrowed useful earth from outside road boundary by mechanical means upto SDR with all leads and lifts including pre-watering of soil at borrow area, removal of top soil, excavation of soils at borrowed area, conveyance of soil, depositing the soil on the embankment, spreading soil, breaking clods, sectioning, grading and consolidation with 8 to 10 Tonnes Vibratory Road Roller @ OMC to meet requirement of table 300-2 of MoRT&H, including all hire and operational charges of T&P and , complete for finished item of work as per MoRT&H specification 305 (4th revision) (Payment will be made based on level for finished item of work).
C41: Unit : Cum
C42: Taking out put = 100 Cum | G42: Page 68,69 of MoRT&H SDB
C43: (A) | D43: Labour
C44: 0.04 | D44: day | E44: Mate | I44: =I17 -> 515 | J44: day | K44: =ROUND(C44*I44,2) -> 20.6
C45: 1 | D45: day | E45: Mazdoor unskilled | I45: =I18 -> 515 | J45: day | K45: =ROUND(C45*I45,2) -> 515
K46: =SUM(K44:K45) -> 535.6
C47: (B) | D47: Machinery
C48: 100 | D48: cum | E48: Rate as per G.O. Ms No 10, Dt 26/7/2005 | I48: 13 | J48: cum | K48: =ROUND(C48*I48,2) -> 1300
C49: 160 | D49: t.km | E49: Tipper (for 1 Km = 160x1 = 160) | I49: 3.8 | J49: t.km | K49: =ROUND(C49*I49,2) -> 608
E50: Add 10% of cost of carriage to cover cost of loading and unloading | K50: =ROUND(K49*10/100,2) -> 60.8
C51: 0.5 | D51: hr | E51: Dozer 80 HP for spreading @ 200 cum per hour | I51: 1729.2 | J51: hr | K51: =ROUND(C51*I51,2) -> 864.6
C52: 1 | D52: hr | E52: Motor Grador for Grading @ 100 cum per hour | I52: =I22 -> 3601.92 | J52: hr | K52: =ROUND(C52*I52,2) -> 3601.92
C53: 4 | D53: hr | E53: Water tanker 6 KL | I53: =I23 -> 698.88 | J53: hr | K53: =ROUND(C53*I53,2) -> 2795.52
C54: 1 | D54: hr | E54: Vibratory roller 8T | I54: =I24 -> 2861.8 | J54: hr | K54: =ROUND(C54*I54,2) -> 2861.8
K55: =SUM(K48:K54) -> 12092.64
C56: (C)
C57: 100 | D57: Cum | I57: 0 | J57: cum | K57: =ROUND(C57*I57,2) -> 0
C59: (D) | D59: Over head charges @4% (10%-VAT) on (A) + (B)+( C) | K59: =(K55+K46+K57)*4/100 -> 505.1296
C60: (E) | D60: Total of (A) + (B)+( C)+(D) | K60: =K46+K55+K57+K59 -> 13133.37
C61: (F) | D61: Add Contractors Profit at 10% on (E) | K61: =K60*10/100 -> 1313.337
D62: Cost per 100 cum (E) + (F) | K62: =SUM(K60:K61) -> 14446.707
D63: Rate per Cum | K63: =K62/100 -> 144.46707
E64: Rate per 1 cum | K64: =ROUND(K63,0) -> 144 | M64: 131
K65: 1 Cum
B66: 2 | C66: Providing Plain Cement Concrete (1:4:8) mix using 40mm size HBG crushed stone aggregate and fine aggregate conforming to table 1000-2 of MoRT&H including cost, seigniorage conveyance of all materials to site and labour charges, centering, machine mixing, laying, Vibrating, curing etc., including all other incidental and operational charges of all T&P etc., complete for finished item of work as per MoRT&H specification 1500,1700, 2100 (4th Revision) and as directed by the Engineer-in-Charge for base coarse below CC Pavement.
E67: Unit = cum
E68: Taking output = 15 cum
C69: (A) | D69: Labour
C70: 0.64 | D70: nos | E70: Mate | I70: ='C-data'!F17 -> 515 | J70: day | K70: =ROUND(C70*I70,2) -> 329.6
C71: 1 | D71: nos | E71: Mason | I71: ='C-data'!F18 -> 515 | J71: day | K71: =ROUND(C71*I71,2) -> 515
C72: 15 | D72: nos | E72: Mazdoor | I72: ='C-data'!F22 -> 490 | J72: day | K72: =ROUND(C72*I72,2) -> 7350
E73: Total | K73: =SUM(K70:K72) -> 8194.6
C74: (B) | D74: Material
C75: 13.5 | D75: cum | E75: Cost of 40mm SS-5 HBG M/C metal | I75: =+LEAD!P15 -> 1247.67 | J75: cum | K75: =ROUND(C75*I75,2) -> 16843.55
C76: 6.75 | D76: cum | E76: Sand at site | I76: =+LEAD!P7 -> 437.12 | J76: cum | K76: =ROUND(C76*I76,2) -> 2950.56
C77: 2.43 | D77: MT | E77: Cement at site | I77: =+LEAD!P28 -> 7168 | J77: MT | K77: =ROUND(C77*I77,2) -> 17418.24
E78: Total | K78: =SUM(K75:K77) -> 37212.35
C79: © | D79: Machinery
C80: 6 | D80: hr | E80: Concrete mixer 0.4/0.28 cum | I80: ='C-data'!H208 -> 465.5 | J80: hr | K80: =ROUND(C80*I80,2) -> 2793
C81: 0 | D81: hr | E81: Generator set 35 KVA | I81: 620 | J81: hr | K81: =ROUND(C81*I81,2) -> 0
C82: 2 | D82: hr | E82: Water tanker 6 KL | I82: =I23 -> 698.88 | J82: hr | K82: =ROUND(C82*I82,2) -> 1397.76
E83: Total | K83: =SUM(K80:K82) -> 4190.76
C84: (E) | D84: Total of (A) + (B)+( C) | K84: =K73+K78+K83 -> 49597.71
C85: (F) | D85: Add Contractors Profit at 13.615% on (E) | K85: =K84*13.615/100 -> 6752.7282
E86: Cost per 15 cum (E) + (F) | K86: =SUM(K84:K85) -> 56350.438
E87: Rate for 1 cum | K87: =ROUND(K86/15,2) -> 3756.7
E88: Rate to be adopted | K88: =ROUND(K87,0) -> 3757
K89: 1 Cum
B90: 4 | C90: Vibrated cement concrete M 35 grade using 20mm & 10mm HBG crushed stone aggregate (Coarse aggregate conforming to table 1000-1 and fine aggregate conforming to table 1000-2) including cost, seigniorage conveyance of all materials to site and labour charges, centering, machine mixing, laying, vibrating, curing etc., including all other incidental and operational charges of all T&P etc., complete for finished item of work as per MoRT&H specification 1500, 1700, 2100 & 2702 (4th Revision) and as directed by the Engineer-in-Charge for C.C Pavement.
E91: Unit = cum | G91: Page 345,346 of MoRT&H SDB
E92: Taking output = 15 cum
C93: (A) | D93: Labour
C94: 0.86 | D94: nos | E94: Mate | I94: =I70 -> 515 | J94: day | K94: =ROUND(C94*I94,2) -> 442.9
C95: 1.5 | D95: nos | E95: Mason | I95: =I71 -> 515 | J95: day | K95: =ROUND(C95*I95,2) -> 772.5
C96: 20 | D96: nos | E96: Mazdoor | I96: =I72 -> 490 | J96: day | K96: =ROUND(C96*I96,2) -> 9800
E97: Total | K97: =SUM(K94:K96) -> 11015.4
C99: (B) | D99: Material
C100: 8.1 | D100: cum | E100: Cost of 20mm SS-5 HBG M/C metal | I100: 1302.29 | J100: cum | K100: =ROUND(C100*I100,2) -> 10548.55
C101: 5.4 | D101: cum | E101: Cost of 10mm SS-5 HBG M/C metal | I101: 1036.04 | J101: cum | K101: =ROUND(C101*I101,2) -> 5594.62
C102: 6.75 | D102: cum | E102: Sand at site | I102: 1824.46 | J102: cum | K102: =ROUND(C102*I102,2) -> 12315.11
C103: 6.33 | D103: MT | E103: Cement at site | I103: 5279.74 | J103: MT | K103: =ROUND(C103*I103,2) -> 33420.75
E104: Total | K104: =SUM(K100:K103) -> 61879.03
C105: © | D105: Machinery
C106: 6 | D106: hr | E106: Concrete mixer 0.4/0.28 cum | I106: 397.5 | J106: hr | K106: =ROUND(C106*I106,2) -> 2385
C107: 0 | D107: hr | E107: Generator set 35 KVA | I107: =I81 -> 620 | J107: hr | K107: =ROUND(C107*I107,2) -> 0
K108: =SUM(K106:K107) -> 2385
C109: (D) | D109: Form work
C110: 3.5 | D110: % | E110: Form work @ 3.50% on (A)+(B)+( C) | I110: =K97+K104+K108 -> 75279.43 | J110: Cum | K110: =ROUND(C110*I110/100,2) -> 2634.78
C111: (E) | D111: Over head charges @ 6% (10%-VAT)
C112: 4 | D112: % | E112: Add for Over head charges @ 4% on (A)+(B)+( C)+(D) | K112: =ROUND((K97+K104+K108+K110)*C112/100,2) -> 3116.57
C113: (F) | D113: Total of (A) + (B)+( C)+(D)+(E) | K113: =K97+K104+K108+K112+K110 -> 81030.78
C114: (G) | D114: Add Contractors Profit at 10% on (F) | K114: =K113*10/100 -> 8103.078
E115: Cost per 15 cum (F)+(G) | K115: =SUM(K113:K114) -> 89133.858
E116: Rate for 1 cum | K116: =K115/15 -> 5942.2572
E117: Rate to be adopted | K117: =ROUND(K116,0) -> 5942
...

Sheet WS-DATA
A1: =+LEAD!A2:Q2 -> Construction of Kitchen shed at ZPHS Bijwar(V) of Utkoor(M)
A2: SANITARY & WATER SUPPLY DATAS (SOR 2020-21)
C3: AREA ALLOWENCE | D3: ='C-data'!E5 -> 0
C4: ADD 13.615% OVERHEADS | D4: =LEAD!L50 -> 0
A5: Sl.No | C5: DESCRIPTION | D5: ITEM CODE | E5: COEF. | F5: UNIT | G5: RATE | H5: PER | I5: UNIT | J5: Amount (Rs.)
A6: 1 | C6: Supplying and laying, filling, jointing and testing SWG SP-1 pipes of ISI make confirming to IS 1651 & 4127 1st quality with air tight Cement joints in CM (1.5:1)prop. including excavation of trenches and socket pits in any soil (except rock requiring blasting) and refilling with watering and tamping including cost and conveyance of all materials to site and all labour charges for finished item of work (APSS NO 1301 & 1318)
B7: A) | C7: 101.60 mm dia SWG pipe upto 3' depth | D7: TBSP-A.I-02 | E7: 1 | F7: Rmt | G7: 475 | H7: 1 | I7: =F7 -> Rmt | J7: =ROUND(E7*G7/H7,2) -> 475
C8: Area allowence on labour charges | D8: TBSP-A.III-01 | E8: =$D$3 -> 0 | G8: 277 | H8: 1 | I8: =F8 -> 0 | J8: =ROUND(E8*G8/H8,2) -> 0
J9: =SUM(J7:J8) -> 475
C10: add overheads @ | E10: =$D$4 -> 0 | J10: =ROUND(J9*E10,2) -> 0
C11: Total rate per 1 Rmt | J11: =CEILING(J10+J9,0.05) -> 475
B13: B) | C13: 152.40mm dia SWG pipe upto 3' depth | D13: TBSP-A.I-03 | E13: 1 | F13: Rmt | G13: 795 | H13: 1 | I13: =F13 -> Rmt | J13: =ROUND(E13*G13/H13,2) -> 795
C14: Area allowence on labour charges | D14: TBSP-A.III-02 | E14: =$D$3 -> 0 | G14: =G8 -> 277 | H14: 1 | I14: =F14 -> 0 | J14: =ROUND(E14*G14/H14,2) -> 0
J15: =SUM(J13:J14) -> 795
C16: add overheads @ | E16: =$D$4 -> 0 | J16: =ROUND(J15*E16,2) -> 0
C17: Total rate per 1 Rmt | J17: =CEILING(J16+J15,0.05) -> 795
B19: C) | C19: 101.60 mm dia SWG pipe upto 5' depth | D19: TBSP-A.I-01 | E19: 1 | F19: Rmt | G19: 500 | H19: 1 | I19: =F19 -> Rmt | J19: =ROUND(E19*G19/H19,2) -> 500
C20: Area allowence on labour charges | D20: TBSP-A.III-02 | E20: =$D$3 -> 0 | G20: 344 | H20: 1 | I20: =F20 -> 0 | J20: =ROUND(E20*G20/H20,2) -> 0
J21: =SUM(J19:J20) -> 500
C22: add overheads @ | E22: =$D$4 -> 0 | J22: =ROUND(J21*E22,2) -> 0
C23: Total rate per 1 Rmt | J23: =CEILING(J22+J21,0.05) -> 500
B25: D) | C25: 152.40mm dia SWG pipe upto 5' depth | D25: TBSP-A.I-04 | E25: 1 | F25: Rmt | G25: 722 | H25: 1 | I25: =F25 -> Rmt | J25: =ROUND(E25*G25/H25,2) -> 722
C26: Area allowence on labour charges | D26: TBSP-A.III-01 | E26: =$D$3 -> 0 | G26: 344 | H26: 1 | I26: =F26 -> 0 | J26: =ROUND(E26*G26/H26,2) -> 0
J27: =SUM(J25:J26) -> 722
C28: add overheads @ | E28: =$D$4 -> 0 | J28: =ROUND(J27*E28,2) -> 0
C29: Total rate per 1 Rmt | J29: =CEILING(J28+J27,0.05) -> 722
A31: =A6+1 -> 2 | C31: Constructing 904.0 mm (3’0”) dia brick masonry inspection chamber as per IS - 4111: Part-1:1986 with cement mortar (1:6) prop using 2nd Class Clay Bricks of 225 mm thick from approved source having a minimum crushing strength of 5 N/sq.mm including plastering with cement mortar 1:3 prop; ½” thick both inside and outside fitted with 20” dia RCC manhole covers and frames including excavating pits up to a depth of 904 mm (3'-0") in all sorts of soils (exculding rock) and laying cement conrete (1:4:8) 150 mm thick using 40 mm HBG Metal and P.C.C. 1:2:4 benching and channel 100 mm thick as per Standard specification and including cost and conveyance of all materials like cement, sand, bricks, water etc., to site, cost of seigniorage charges on all materials and all incidental and operational, labour charges like mixing cement mortar, constructing masonry, lift charges, curing etc., complete for finished item of work as per Standard specification.
C32: basic rate as per ssr item | D32: TBSP-B.I-03 | E32: 1 | F32: Nos | G32: 7835 | H32: 1 | I32: =F32 -> Nos | J32: =ROUND(E32*G32/H32,2) -> 7835
C33: Area allowence on labour charges | E33: =$D$3 -> 0 | F33: Nos | H33: 1 | I33: =F33 -> Nos | J33: =ROUND(E33*G33/H33,2) -> 0
J34: =SUM(J32:J33) -> 7835
C35: add overheads @ | E35: =$D$4 -> 0 | J35: =ROUND(J34*E35,2) -> 0
C36: Total rate per 1 Nos | J36: =CEILING(J35+J34,0.05) -> 7835
A37: =A31+1 -> 3 | C37: Constructing 904.0 mm (3’0”) dia brick masonry inspection chamber as per IS - 4111: Part-1:1986 with cement mortar (1:6) prop using 2nd Class Clay Bricks of 225 mm thick from approved source having a minimum crushing strength of 5 N/sq.mm including plastering with cement mortar 1:3 prop; ½” thick both inside and outside fitted with 20” dia RCC manhole covers and frames including excavating pits up to a depth of 1524 mm (5'-0") in all sorts of soils (exculding rock) and laying cement conrete (1:4:8) 150 mm thick using 40 mm HBG Metal and P.C.C. 1:2:4 benching and channel 100 mm thick as per Standard specification and including cost and conveyance of all materials like cement, sand, bricks, water etc., to site, cost of seigniorage charges on all materials and all incidental and operational, labour charges like mixing cement mortar, constructing masonry, lift charges, curing etc., complete for finished item of work as per Standard specification.
C38: basic rate as per ssr item | D38: TBSP-B.I-04 | E38: 1 | F38: Nos | G38: 11865 | H38: 1 | I38: =F38 -> Nos | J38: =ROUND(E38*G38/H38,2) -> 11865
C39: Area allowence on labour charges | E39: =$D$3 -> 0 | F39: Nos | H39: 1 | I39: =F39 -> Nos | J39: =ROUND(E39*G39/H39,2) -> 0
J40: =SUM(J38:J39) -> 11865
C41: add overheads @ | E41: =$D$4 -> 0 | J41: =ROUND(J40*E41,2) -> 0
C42: Total rate per 1 Nos | J42: =CEILING(J41+J40,0.05) -> 11865
A44: 4 | C44: Constructing 904.0 mm (3’0”) dia solid block masonry inspection chamber as per IS - 4111: Part-1:1986 with cement mortar (1:6) prop using fly ash blocks of 225mm thick from approved source having a minimum crushing strength of 10 N/sq.mm including plastering with cement mortar 1:3 prop; ½” thick both inside and outside fitted with 20” dia RCC manhole covers and frames including excavating pits up to a depth of 1524 mm (5'-0") in all sorts of soils (exculding rock) and laying cement conrete (1:4:8) 150 mm thick using 40 mm HBG Metal and P.C.C. 1:2:4 benching and channel 100 mm thick as per Standard specification and including cost and conveyance of all materials like cement, sand, bricks, water etc., to site, cost of seigniorage charges on all materials and all incidental and operational, labour charges like mixing cement mortar, constructing masonry, lift charges, curing etc., complete for finished item of work as per Standard specification.
C45: basic rate as per ssr item | D45: TBSP-B.I-02 | E45: 1 | F45: Nos | G45: 11912 | H45: 1 | I45: =F45 -> Nos | J45: =ROUND(E45*G45/H45,2) -> 11912
C46: Area allowence on labour charges | D46: TBSP-B.III-01 | E46: =$D$3 -> 0 | F46: Nos | G46: =G39 -> 0 | H46: 1 | I46: =F46 -> Nos | J46: =ROUND(E46*G46/H46,2) -> 0
J47: =SUM(J45:J46) -> 11912
C48: add overheads @ | E48: =$D$4 -> 0 | J48: =ROUND(J47*E48,2) -> 0
C49: Total rate per 1 Nos | J49: =CEILING(J48+J47,0.05) -> 11912
A51: 5 | C51: Constructing 904.0 mm (3’0”) dia solid block masonry inspection chamber as per IS - 4111: Part-1:1986 with cement mortar (1:6) prop using fly ash blocks of 225mm thick from approved source having a minimum crushing strength of 10 N/sq.mm including plastering with cement mortar 1:3 prop; ½” thick both inside and outside fitted with 20” dia RCC manhole covers and frames including excavating pits up to a depth of 904 mm (3'-0") in all sorts of soils (exculding rock) and laying cement conrete (1:4:8) 150 mm thick using 40 mm HBG Metal and P.C.C. 1:2:4 benching and channel 100 mm thick as per Standard specification and including cost and conveyance of all materials like cement, sand, bricks, water etc., to site, cost of seigniorage charges on all materials and all incidental and operational, labour charges like mixing cement mortar, constructing masonry, lift charges, curing etc., complete for finished item of work as per Standard specification.
C52: basic rate as per ssr item | D52: TBSP-B.I-01 | E52: 1 | F52: Nos | G52: 7475 | H52: 1 | I52: =F52 -> Nos | J52: =ROUND(E52*G52/H52,2) -> 7475
C53: Area allowence on labour charges | E53: =$D$3 -> 0 | F53: Nos | G53: =G46 -> 0 | H53: 1 | I53: =F53 -> Nos | J53: =ROUND(E53*G53/H53,2) -> 0
J54: =SUM(J52:J53) -> 7475
C55: add overheads @ | E55: =$D$4 -> 0 | J55: =ROUND(J54*E55,2) -> 0
C56: Total rate per 1 Nos | J56: =CEILING(J55+J54,0.05) -> 7475
C57: Constructing 904.0 mm (3’0”) dia solid block masonry inspection chamber as per IS - 4111: Part-1:1986 with cement mortar (1:6) prop using fly-ash blocks of 225 mm thick from approved source having a minimum crushing strength of 10 N/sq.mm including plastering with cement mortar 1:3 prop; ½” thick both inside and outside fitted with 20” dia RCC manhole covers and frames including excavating pits up to a depth of 1524 mm (5'-0") in all sorts of soils (excluding rock) and laying cement concrete (1:4:8) 150 mm thick using 40 mm HBG Metal and P.C.C. 1:2:4 benching and channel 100 mm thick as per Standard specification and including cost and conveyance of all materials like cement, sand, bricks, water etc., to site, cost of seigniorage charges on all materials and all incidental and operational, labour charges like mixing cement mortar, constructing masonry, lift charges, curing etc., complete for
C58: basic rate as per ssr item | D58: TBSP-B.I-02 | E58: 1 | F58: Nos | G58: 11752 | H58: 1 | I58: =F58 -> Nos | J58: =ROUND(E58*G58/H58,2) -> 11752
C59: Area allowence on labour charges | E59: =$D$3 -> 0 | F59: Nos | G59: =G53 -> 0 | H59: 1 | I59: =F59 -> Nos | J59: =ROUND(E59*G59/H59,2) -> 0
J60: =SUM(J58:J59) -> 11752
C61: add overheads @ | E61: =$D$4 -> 0 | J61: =ROUND(J60*E61,2) -> 0
C62: Total rate per 1 Nos | J62: =CEILING(J61+J60,0.05) -> 11752
A63: 3 | C63: Supplying and fixing 150.00mmx100.00mm SWG gully trap 1st class confirming to ISI 651 & 4127 with CI grating and constructing single brick masonry wall chamber of size 20" x 14" x 12” in CM (1:6) prop. Over a CC (1:5:10)prop. bed, and fitted with 304.8 mm x 225.6 mm(12" x 9") CI frame and hinged cover and plastering 12mm thk. in CM (1:4) prop. both inside and outside surfaces and including cost and conveyance of all materials to site, labour charges etc., complete for finished item of work.
C64: Basic rate as per ssr item | D64: TBSP-A.I-09 | E64: 1 | F64: Nos | G64: 693 | H64: 1 | I64: =F64 -> Nos | J64: =ROUND(E64*G64/H64,2) -> 693
C65: Area allowence on labour charges | D65: TBSP-A.III-05 | E65: =$D$3 -> 0 | H65: 1 | I65: =F65 -> 0 | J65: =ROUND(E65*G65/H65,2) -> 0
J66: =SUM(J64:J65) -> 693
C67: add overheads @ | E67: =$D$4 -> 0 | J67: =ROUND(J66*E67,2) -> 0
C68: Total rate per 1 Nos | J68: =CEILING(J67+J66,0.05) -> 693
A70: 4 | C70: Supplying and fixing Indian make Flat Back Wash Hand Basin (HSW/Parryware/ Neycer) 1st quality conforming to IS:2556-Part-4:1972 of size 550mm x 400mm with waste fittings like rubber plug, chain, 32 mm nominal size C.P. Fitting with parallel pipe thread conforming to IS:2963-1979 and fitted with 15 mm nominal bore Chromium Plated Pillar Tap of 1st quality Indian make 400 grams Seiko/ Esso or equivalent complete with standard CI brackets including wooden block ,1 No.12.70mm PVC connection with brass union nuts CP coated , 1 No.12.70mm NP bib tap 300 gms Seiko or equivalent including cost and conveyance of all materials to site, labour charges etc. complete for finished item of work
B71: A | C71: Basic rate as per ssr item | D71: TBSP-E.VI-04 | E71: 1 | F71: Nos | G71: 2136 | H71: 1 | I71: =F71 -> Nos | J71: =ROUND(E71*G71/H71,2) -> 2136
C72: Area allowence on labour charges | D72: TBSP-E.VIII- 08 | E72: =$D$3 -> 0 | G72: 448 | H72: 1 | I72: =F72 -> 0 | J72: =ROUND(E72*G72/H72,2) -> 0
J73: =SUM(J71:J72) -> 2136
C74: add overheads @ | E74: =$D$4 -> 0 | J74: =ROUND(J73*E74,2) -> 0
C75: Total rate per 1 Nos | J75: =CEILING(J74+J73,0.05) -> 2136
B76: B | C76: Basic rate as per ssr item 15MM DIA PVC conection with brass union nut CP coated | D76: TBSP-J.I-32 | E76: 1 | F76: Nos | G76: 114 | H76: 1 | I76: =F76 -> Nos | J76: =E76*G76/H76 -> 114
C77: Area allowence on labour charges | E77: =$D$3 -> 0 | G77: 0 | H77: 1 | I77: =F77 -> 0 | J77: =ROUND(E77*G77/H77,2) -> 0
J78: =SUM(J76:J77) -> 114
C79: add overheads @ | E79: =$D$4 -> 0 | J79: =ROUND(J78*E79,2) -> 0
C80: Total rate per 1 Nos | J80: =CEILING(J79+J78,0.05) -> 114
B81: C | C81: Basic rate as per ssr item 15 MM ANGLE STOP COCK first quality Indian make 400 gms Seiko | D81: TBSP-F.IV-07 | E81: 1 | F81: Nos | G81: 619 | H81: 1 | I81: =F81 -> Nos | J81: =E81*G81/H81 -> 619
C82: Area allowence on labour charges | E82: =$D$3 -> 0 | G82: 0 | H82: 1 | I82: =F82 -> 0 | J82: =ROUND(E82*G82/H82,2) -> 0
J83: =SUM(J81:J82) -> 619
C84: add overheads @ | E84: =$D$4 -> 0 | J84: =ROUND(J83*E84,2) -> 0
C85: Total rate per 1 Nos | J85: =CEILING(J84+J83,0.05) -> 619
B86: D | C86: Basic rate as per ssr item 38.1 MM CP WASTE COUPLING half or full thread 1st quality indian make paryware or equivalent | D86: TBSP-F.VII-07 | E86: 1 | F86: Nos | G86: 260 | H86: 1 | I86: =F86 -> Nos | J86: =E86*G86/H86 -> 260
C87: Area allowence on labour charges | E87: =$D$3 -> 0 | G87: =0*30 -> 0 | H87: 1 | I87: =F87 -> 0 | J87: =ROUND(E87*G87/H87,2) -> 0
J88: =SUM(J86:J87) -> 260
C89: add overheads @ | E89: =$D$4 -> 0 | J89: =ROUND(J88*E89,2) -> 0
C90: Total rate per 1 Nos | J90: =CEILING(J89+J88,0.05) -> 260
B91: E | C91: Basic rate as per ssr item 31.75 MM dia PVC fleible waste pipe of 914.4 mm length of first quality | D91: TBSP-H.II-04 | E91: 1 | F91: Nos | G91: 29 | H91: 1 | I91: =F91 -> Nos | J91: =E91*G91/H91 -> 29
C92: Area allowence on labour charges | E92: =$D$3 -> 0 | G92: 0 | H92: 1 | I92: =F92 -> 0 | J92: =ROUND(E92*G92/H92,2) -> 0
J93: =SUM(J91:J92) -> 29
C94: add overheads @ | E94: =$D$4 -> 0 | J94: =ROUND(J93*E94,2) -> 0
C95: Total rate per 1 Nos | J95: =CEILING(J94+J93,0.05) -> 29
C96: TOTAL COST (A+B+C) | I96: Rs | J96: =J75+J80+J85+J90+J95 -> 3158
A98: =A70+1 -> 5 | C98: Supplying and fixing CP finish brass soap dish type complete including cost and conveyance of all materials, labour charges for fixing etc., complete for finished item of work in all floors
C99: Basic rate as per ssr item | D99: TBSP-F.VII-21 | E99: 1 | F99: Nos | G99: 577 | H99: 1 | I99: =F99 -> Nos | J99: =ROUND(E99*G99/H99,2) -> 577
C100: Area allowence on labour charges | D100: TBSP-F.VIII-04 | E100: =$D$3 -> 0 | G100: 108 | H100: 1 | I100: =F100 -> 0 | J100: =ROUND(E100*G100/H100,2) -> 0
J101: =SUM(J99:J100) -> 577
C102: add overheads @ | E102: =$D$4 -> 0 | J102: =ROUND(J101*E102,2) -> 0
C103: Total rate per 1 Nos | J103: =CEILING(J102+J101,0.05) -> 577
A104: =A98+1 -> 6 | C104: Supplying and fixing TV shape mirror with plastic frame of size 609.6mm x 457.2mm , plywood back with NP screws 1st quality including cost and conveyance of all materials, labour charges etc., complete for finished item of work in all floors.
C105: Basic rate as per ssr item | D105: TBSP-J.I-35 | E105: 1 | F105: Nos | G105: 522 | H105: 1 | I105: =F105 -> Nos | J105: =ROUND(E105*G105/H105,2) -> 522
C106: Area allowence on labour charges | E106: =$D$3 -> 0 | G106: 0 | H106: 1 | I106: =F106 -> 0 | J106: =ROUND(E106*G106/H106,2) -> 0
J107: =SUM(J105:J106) -> 522
C108: add overheads @ | E108: =$D$4 -> 0 | J108: =ROUND(J107*E108,2) -> 0
...

Sheet ELE-data
B1: Standard Data - Electrical Items SSR 2020-21
B2: =[4]Abs!A2 -> NAME OF THE WORK : CONSTRUCTION MINORITY RESIDENTIAL SCHOOL, AT MAHABUBNAGAR DIST.(SSR 2020-21)
B3: 3 | C3: Area allowence | F3: Skilled Electrician | H3: 620
C4: Overheads and contractors profit on materials | F4: Semi skilled Electrician | H4: 515
C5: Overheads and contractors profit on labour | F5: Helpers | H5: 515
A6: Index -code | B6: Specific ation No. | C6: Description | D6: Unit | E6: QTY | F6: Rate Rs. | G6: Amount Rs. | H6: ohr
B7: 1 | C7: 2 | D7: 3 | E7: 4 | F7: 5 | G7: 6 | H7: 7
A8: 1 | B8: 1.4.2 ( C ) | C8: Supply and Fixing of ISI 25mm outer dia heavygrade, FRLS with IS:9537 part 3 regid PVC pipe. concealed in Roof Slabs with all required accessories including masonary work and labour charges etc., complete. Makes : Sudhakar / Goldmedal / Modi / AKG / VIP / MillionPlast / Precision
C9: Taking Output = 100 M
C10: a) Material | J10: TBSE-1.2.4
B11: ELEC-1.2.1 | C11: 25mm dia heavygrade PVC pipe | D11: 100 M | E11: 1 | F11: 3500 | G11: =F11*E11 -> 3500 | J11: TBSE-1.2.32
B12: ELEC-1.1.5 | C12: 25mm dia 1,2,3 & 4 way deep Junction Box | D12: Each | E12: 12 | F12: 30 | G12: =F12*E12 -> 360 | J12: TBSE-1.2.37
B13: ELEC-1.2.7 | C13: 25mm PVC bends | D13: Each | E13: 12 | F13: 8 | G13: =F13*E13 -> 96
G14: =SUM(G11:G13) -> 3956
C15: Add contr profit @13.615% on material | D15: =$D$4 -> 0 | G15: =ROUND(G14*D15,2) -> 0
C16: Total material cost | G16: =SUM(G14:G15) -> 3956
C17: b) Labour charges : | J17: TBSE-8.1.73
C18: Skilled Electrician | D18: day | E18: 2 | F18: =$H$3 -> 620 | G18: =F18*E18 -> 1240 | J18: TBSE-8.1.74
C19: Semi skilled Electrician | D19: day | E19: 2 | F19: =$H$4 -> 515 | G19: =F19*E19 -> 1030 | J19: TBSE-8.1.81
C20: Helpers | D20: day | E20: 2 | F20: =$H$5 -> 515 | G20: =F20*E20 -> 1030
C21: Add area allowence on labour charges @ | D21: =$D$3 -> 0 | G21: =ROUND(D21*(G20+G19+G18),2) -> 0
C22: Add contr profit @13.615% on Labour | D22: =D$5 -> 0 | F22: =SUM(G18:G21) -> 3300 | G22: =ROUND(D22*F22,2) -> 0
C23: C) Cost for 100 RM | G23: =SUM(G16:G22) -> 7256
C24: Rate per Metre = C/100 | G24: =CEILING(G23/100,0.05) -> 72.6
C26: Note : 1. If 25mm dia PVC / MS pipes are used for light / fan point, add the cost of sheet metal / well seasoned wooden board / box.
A27: =A8+1 -> 2 | B27: 1.4.2 ( b ) | C27: Supply and Fixing of ISI 25mm outer dia mediumgrade, FRLS with IS:9537 part 3 regid PVC pipe. concealed in wall with all required accessories including masonary work for light, fan and separate plug point with 8 or 9 Module Hot dip galvanized Metal Box including all labour charges etc., complete. Makes : Sudhakar / Goldmedal / Modi / AKG / VIP / MillionPlast / Precision
C28: Taking Output = 100 M
C29: a) Material
B30: ELEC-1.2.2 | C30: 25mm dia mediumgrade PVC pipe | D30: 100 M | E30: 1 | F30: 2500 | G30: =F30*E30 -> 2500
B31: ELEC-9.1.4 | C31: U' Nails | D31: 100 Nos | E31: 2 | F31: 38 | G31: =F31*E31 -> 76
B32: ELEC-1.3.1 | C32: 8 or 9 Module Hot dip galvanized Metal Box Horizontal / Verticle | D32: Each | E32: 2 | F32: 185 | G32: =F32*E32 -> 370
B33: ELEC-1.1.5 | C33: 25mm dia 1,2,3 & 4 way junction Box Normal | D33: Each | E33: 12 | F33: 21 | G33: =F33*E33 -> 252
B34: ELEC-1.2.7 | C34: 25mm PVC bends | D34: Each | E34: 12 | F34: 8 | G34: =F34*E34 -> 96
B35: ELEC-9.4.11 | C35: Cement | D35: kg | E35: 50 | F35: 8 | G35: =F35*E35 -> 400
G36: =SUM(G30:G35) -> 3694
C37: Add contr profit @13.615% on material | D37: =$D$4 -> 0 | G37: =ROUND(G36*D37,2) -> 0
C38: Total material cost | G38: =SUM(G36:G37) -> 3694
C39: b) Labour charges :
C40: Skilled Electrician | D40: day | E40: 2 | F40: =$H$3 -> 620 | G40: =F40*E40 -> 1240
C41: Semi skilled Electrician | D41: day | E41: 2 | F41: =$H$4 -> 515 | G41: =F41*E41 -> 1030
C42: Helpers | D42: day | E42: 2 | F42: =F20 -> 515 | G42: =F42*E42 -> 1030
C43: Mason Ist class | D43: day | E43: 2 | F43: 520 | G43: =F43*E43 -> 1040
C44: Add area allowence on labour charges @ | D44: =$D$3 -> 0 | G44: =ROUND(D44*(G43+G42+G41+G40),2) -> 0
C45: Add contr profit @13.615% on Labour | D45: =D22 -> 0 | F45: =SUM(G40:G44) -> 4340 | G45: =ROUND(D45*F45,2) -> 0
C46: C) Cost for 100 RM | G46: =SUM(G38:G45) -> 8034
C47: Rate per Metre = C/100 | G47: =CEILING(G46/100,0.05) -> 80.35
A49: =A27+1 -> 3 | C49: Supply and fixing of concealed box PVC/MS with hook for fan Supply and fixing PVC / MS galvanished Fan hook box with hook including all Labour charges etc., complete.
C50: A.Material
B51: ELEC-9.1.22 | C51: Fan hook box | D51: each | E51: 1 | F51: 119 | G51: =E51*F51 -> 119
C52: Add contr profit on material | D52: =$D$4 -> 0 | G52: =ROUND(G51*D52,2) -> 0
C53: Total for material | G53: =SUM(G51:G52) -> 119
C54: b) Labour charges
C55: Skilled Electrician | D55: day | E55: 0.05 | F55: =$H$3 -> 620 | G55: =F55*E55 -> 31
C56: Helper | D56: day | E56: 0.05 | F56: =$H$5 -> 515 | G56: =F56*E56 -> 25.75
C57: Add area allowence on labour charges @ | D57: =D44 -> 0 | G57: =ROUND(D57*(G56+G55),2) -> 0
C58: Add contr profit on labour | D58: =$D$5 -> 0 | F58: =SUM(G54:G57) -> 56.75 | G58: =ROUND(D58*F58,2) -> 0
C59: Rate for each | G59: =G53+G55+G56+G58 -> 175.75
A61: 4 | B61: 2.1.1 | C61: Wiring with 2 runs of 14/0.3mm (1.0 Sq.mm) Fire Retardant Low Smoke (FRLS) / HFFR P.V.C. insulated 1100 V Grade as per IS: 694 / 1990 specification for flexible copper cable (ISI MARK) in existing pipe with 6A 1 way modular switch, Ceiling rose including all labour charges etc., complete for light, bell, fan and exhaust fan points in Non-Residential Buildings Makes of Wires : Finolex / RR kabel / Havells / APAR EBXL / KEI /L&T / V-Guard. Makes of Switches : Legrand Myrius / Cabtree Verona / Million / Logus/ Gold Medal Curve / Anchor Roma viola / CPL / GreatWhite / Vimal / GM Four-Five / HPL / L&T / Salzar / Stanjo | H61: The R&B Department Proposed Labour, for both piping & wiring considering 40% Labour, for Wire draw. Keeping this, the labour is proposed for wiring 100 RM.
C62: Taking Output =6 Points | H62: Million / RPG/ paragon
C63: a) Material | J63: TBSE-1.5.1
B64: ELEC-9.2.8 | C64: 14/0.3mm (1.00 Sqmm) FRLS PVC insulated flexible copper wire | D64: 100 M | E64: 1 | F64: 1103 | G64: =F64*E64 -> 1103 | J64: TBSE-1.7.1
B65: ELEC-1.9.2 | C65: Supply of 6A / 10A 1 Way 1 Module Modular Switch | D65: each | E65: 6 | F65: 69 | G65: =F65*E65 -> 414 | J65: TBSE-1.7.13
B66: ELEC-1.3.3 | C66: Supply of 8 Modular Horizontal / Vertical Cover Frame | D66: each | E66: 1 | F66: 148 | G66: =F66*E66 -> 148
B67: ELEC-1.7.1 | C67: 6A 3 way jumbo Ceiling Rose | D67: each | E67: 6 | F67: 21 | G67: =F67*E67 -> 126 | J67: TBSE-8.1.50
G68: =SUM(G64:G67) -> 1791
C69: Add contr profit @13.615% on material | D69: =$D$4 -> 0 | G69: =ROUND(G68*D69,2) -> 0
C70: Total material cost | G70: =SUM(G68:G69) -> 1791
C71: b) Labour charges :
C72: Skilled Electrician | D72: day | E72: 0.6 | F72: =$H$3 -> 620 | G72: =F72*E72 -> 372
C73: Semi skilled Electrician | D73: day | E73: 1.2 | F73: =$H$4 -> 515 | G73: =F73*E73 -> 618
C74: Helpers | D74: day | E74: 0.6 | F74: =F42 -> 515 | G74: =F74*E74 -> 309
C75: Add area allowence on labour charges @ | D75: =$D$3 -> 0 | G75: =ROUND(D75*(G74+G73+G72+G71),2) -> 0
C76: Add contr profit @13.615% on Labour | D76: =D45 -> 0 | F76: =SUM(G72:G75) -> 1299 | G76: =ROUND(D76*F76,2) -> 0
C77: C) Cost for 6 Points | G77: =SUM(G70:G76) -> 3090
C78: Rate per Point = C/6 | G78: =CEILING(G77/6,0.05) -> 515
A80: 4.A | B80: 2.1.1 (1) | C80: Wiring with 2 runs of 14/0.3mm (1.0 Sq.mm) Fire Retardant Low Smoke (FRLS) P.V.C. insulated flexible copper cable (ISI MARK) in existing pipe with 6A 2 Way Modular switch, Ceiling rose and Modular cover frame to switch control box including all labour charges etc., complete for Stair case and 2 way light / fan points in Non-Residential Buildings Makes of Wires : Finolex / RR kabel Makes of Switches : GM G Home /Anchor Penta Cherry / Gold Madel Olive / Million Zoom / Great White
C81: =CONCATENATE("Rate as per light point in Non Residental Building =",G78) -> Rate as per light point in Non Residental Building =515
C82: For stair case | D82: 1 | E82: 1.5 | F82: =G78 -> 515 | G82: =CEILING(F82*E82/D82,0.05) -> 772.5
A84: 4 | B84: 2.1.1 | C84: Wiring with 2 runs of 14/0.3mm (1.0 Sq.mm) Fire Retardant Low Smoke (FRLS) / HFFR P.V.C. insulated 1100 V Grade as per IS: 694 / 1990 specification for flexible copper cable (ISI MARK) in existing pipe with 6A 1 way modular switch, Ceiling rose including all labour charges etc., complete for light, bell, fan and exhaust fan points in Residential Buildings Makes of Wires : Finolex / RR kabel / Havells / APAR EBXL / KEI /L&T / V-Guard Makes of Switches : Legrand Myrius / Cabtree Verona / Million / Logus/ Gold Medal Curve / Anchor Roma viola / CPL / GreatWhite / Vimal / GM Four-Five / HPL / L&T / Salzar / Stanjo
C85: Taking Output =7 Points
C86: a) Material
B87: ELEC-9.2.8 | C87: 14/0.3mm (1.00 Sqmm) FRLS PVC insulated flexible copper wire | D87: 100 M | E87: 1 | F87: 1050 | G87: =F87*E87 -> 1050
B88: ELEC-1.9.2 | C88: Supply of 6A / 10A 1 Way 1 Module Modular Switch | D88: each | E88: 7 | F88: 63 | G88: =F88*E88 -> 441
B89: ELEC-1.3.3 | C89: Supply of 8 Modular Horizontal / Vertical Cover Frame | D89: each | E89: 1 | F89: 141 | G89: =F89*E89 -> 141
B90: ELEC-1.7.1 | C90: 6A 3 way jumbo Ceiling Rose | D90: each | E90: 7 | F90: 19 | G90: =F90*E90 -> 133
B91: ELEC-9.1.49 | G91: =F91*E91 -> 0
G92: =SUM(G87:G91) -> 1765
C93: Add contr profit @13.615% on material | D93: =$D$4 -> 0 | G93: =ROUND(G92*D93,2) -> 0
C94: Total material cost | G94: =SUM(G92:G93) -> 1765
C95: b) Labour charges :
C96: Skilled Electrician | D96: day | E96: 0.7 | F96: =$H$3 -> 620 | G96: =F96*E96 -> 434
C97: Semi skilled Electrician | D97: day | E97: 1.4 | F97: =$H$4 -> 515 | G97: =F97*E97 -> 721
C98: Helpers | D98: day | E98: 0.7 | F98: =$H$5 -> 515 | G98: =F98*E98 -> 360.5
C99: Add area allowence on labour charges @ | D99: =$D$3 -> 0 | G99: =ROUND(D99*(G98+G97+G96+G95),2) -> 0
C100: Add contr profit @13.615% on Labour | D100: =$D$5 -> 0 | F100: =SUM(G96:G99) -> 1515.5 | G100: =ROUND(D100*F100,2) -> 0
C101: C) Cost for 6 Points | G101: =SUM(G94:G100) -> 3280.5
C102: Rate per Point = C/7 | G102: =CEILING(G101/7,0.05) -> 468.65
A104: 5 | B104: 2.1.1 (1) | C104: Wiring with 2 runs of 14/0.3mm (1.0 Sq.mm) Fire Retardant Low Smoke (FRLS) P.V.C. insulated flexible copper cable (ISI MARK) in existing pipe with 6A 2 Way MODULAR switch, Ceiling rose and modular cover frame to switch control box including all labour charges etc., complete for Stair case and 2 way light / fan points in Residential Buildings Makes of Wires : Finolex / RR kabel Makes of Switches : GM G Home /Anchor Penta Cherry / Gold Madel Olive / Million Zoom / Great White
C105: =CONCATENATE("Rate as per light point in Non Residental Building =",G102) -> Rate as per light point in Non Residental Building =468.65
C106: For stair case | D106: 1 | E106: 1.5 | F106: =G102 -> 468.65 | G106: =CEILING(F106*E106/D106,0.05) -> 703
...

Sheet GA (2)
A1: GENERAL ABSTRACT
A2: =LEAD!A2 -> Construction of Kitchen shed at ZPHS Bijwar(V) of Utkoor(M)
A3: Sl.No. | B3: Description of Item | C3: Amount Rs.
A4: 1 | B4: Civil works | C4: =#REF! -> #REF! | G4: 20539384
A5: =A4+1 -> 2 | B5: Internal Sanitary & Water Supply | C5: =#REF! -> #REF! | G5: 560596
A6: =A5+1 -> 3 | B6: Internal Electrification | C6: =#REF! -> #REF! | G6: 3251218
B7: Sub total >>> | C7: =SUM(C4:C6) -> #REF! | D7: =C7-#REF! -> #REF! | G7: 165607022
A8: =A6+1 -> 4 | B8: Add GST @ 12% | C8: =+ROUND(C7*0.12,0) -> #REF!
A9: =+A8+1 -> 5 | B9: Provision for PS charges @ 5% | C9: =+ROUND(C7*0.059,0) -> #REF!
A10: =+A9+1 -> 6 | B10: Provision for NAC Contribution @ 0.1 % | C10: =+ROUND(C7*0.001,0) -> #REF!
A11: =+A10+1 -> 7 | B11: Provision for Seginarage Charges @ 1 % | C11: =+ROUND(C7*0.01,0) -> #REF!
A12: =+A11+1 -> 8 | B12: Provision for QC Charges 0.5% | C12: =+ROUND(C7*0.005,0) -> #REF!
A13: =+A12+1 -> 9 | B13: Provision for RO plants 3 no | C13: 900000
A14: =+A13+1 -> 10 | B14: Provision for Drilling of Borewell with Pump Set | C14: 300000
A15: =+A14+1 -> 11 | B15: Provision for Consultancy Charges @ 1% Plus GST @ 18% | C15: =ROUND(C7*1.18%,0) -> #REF!
A16: =+A15+1 -> 12 | B16: LS amount towards other unforeseen items | C16: 22556
B17: Grand Total >>> | C17: =SUM(C7:C16) -> #REF! | E17: 200000000
E18: =E17-C17 -> #REF!

Sheet ABS-CVL-SEC
A1: =LEAD!A2 -> Construction of Kitchen shed at ZPHS Bijwar(V) of Utkoor(M)
A2: ABSTRACT ESTIMATE FOR SECURITY
A3: Sl. No. | C3: Description of Work | D3: Quantity | F3: Unit | G3: Unit (in words) | I3: Rate | J3: Amount (Rs.)
I4: In Figures
A6: 1 | C6: ='C-data'!C213:I213 -> Earth work excavation and depositing on bank (manual means) with initial lead of 10m and initial lift of 3m in Loamy & Clayey Soils like BC Soils, Red Earth & Ordinary Gravelly Soils ( SS 20-B) including all operational incidental labour charges such as shoring, strutting, sheeting, planking and dewatering including cost of hire charges of T & P, labour charges etc., complete for finished item of work excluding seignerage charges and dewatering charges etc., complete for Foundation of Building.(APSS No. 308) | D6: ='Security-GF '!H9 -> 28 | E6: CUM | F6: 1 | G6: =IF(F6=10,"Ten",IF(F6=1,"ONE","")) -> ONE | H6: =E6 -> CUM | I6: ='C-data'!I218 -> 312.15 | J6: =ROUND(D6*I6/F6,0) -> 8740
A8: =A6+1 -> 2 | C8: ='C-data'!C277:I277 -> Plain Cement Concrete corresponding to M7.5 grade as per IS 456 equivalent to (1:4:8) proportion nominal mix (cement: fine aggregate: Coarse aggregate) using , 40mm size Hard Blasted Granite (IS383, 1970) metal from approved quarry including cost and conveyance of all materials like cement, sand, coarse aggregate, water etc. to site, including sales & other taxes on all materials, all operational, incidental, and labour charges such as mixing, laying and ramming concrete in layers in position not exceeding 15cm, finishing top surface, curing concrete, etc., complete but excluding seigniorage charges, for finished item of work for Foundations (APSS No. 402) | D8: ='Security-GF '!H15 -> 2 | E8: CUM | F8: 1 | G8: =IF(F8=10,"Ten",IF(F8=1,"ONE","")) -> ONE | H8: =E8 -> CUM | I8: ='C-data'!I290 -> 3769.55 | J8: =ROUND(D8*I8/F8,0) -> 7539
A10: =A8+1 -> 3 | C10: ='C-data'!C263:I263 -> Plain Cement Concrete corresponding to M5 grade as per IS 456 equivalent to (1:5:10) proportion nominal mix (cement: fine aggregate: Coarse aggregate) using,40mm size Hard Blasted Granite (IS383, 1970) metal from approved quarry including cost and conveyance of all materials like cement, sand, coarse aggregate, water etc. to site, including sales & other taxes on all materials, all operational, incidental, and labour charges such as mixing, laying and ramming concrete in layers in position not exceeding 15cm, finishing top surface, curing concrete, etc., complete but excluding seigniorage chargesfor finished item of work for Foundations and Flooring Bed (APSS No. 402) | D10: ='Security-GF '!H28 -> 3 | E10: CUM | F10: 1 | G10: =IF(F10=10,"Ten",IF(F10=1,"ONE","")) -> ONE | H10: =E10 -> CUM | I10: ='C-data'!I276 -> 3537.3 | J10: =ROUND(D10*I10/F10,0) -> 10612
A12: =A10+1 -> 4 | C12: ='C-data'!C243:I243 -> Filling with useful available excavated earth (excluding rock) in trenches, sides of foundations and basement with initial lead in layers not exceeding 15cm thick, consolidating each deposited layer by watering and ramming including cost and conveyence of water to work site and all operational, incidental, labour charges, hire charges of T & P etc., complete for finished item of work. (APSS NO. 309 & 310) | D12: ='Security-GF '!H54 -> 23 | E12: CUM | F12: 1 | G12: =IF(F12=10,"Ten",IF(F12=1,"ONE","")) -> ONE | H12: =E12 -> CUM | I12: ='C-data'!I248 -> 34.25 | J12: =ROUND(D12*I12/F12,0) -> 788
A14: =A12+1 -> 5 | C14: ='C-data'!C249:I249 -> Filling with Gravel in trenches, sides of foundations and basement with initial lead in layers not exceeding 15cm thick, consolidating each deposited layer by watering and ramming including cost and conveyence of water to the work site and all operational, incidental, labour charges, hire charges of T & P etc., completebut but excluding seignorage charges, for finished item of work. (APSS NO. 309 & 310) | D14: ='Security-GF '!H57 -> 11 | E14: CUM | F14: 1 | G14: =IF(F14=10,"Ten",IF(F14=1,"ONE","")) -> ONE | H14: =E14 -> CUM | I14: ='C-data'!I255 -> 227.15 | J14: =ROUND(D14*I14/F14,0) -> 2499
A16: =A14+1 -> 6 | C16: ='C-data'!C407:I407 -> Vibrated Reinforced Cement Concrete M 20 Design Mix ( by weigh batching ) using 20mm size (SS5) hard blasted Trap machine crushed graded metal (Coarse aggregate) from approved quarry, using a minimum quantity of 350 kgs. of cement per 1 cum of concreteincluding cost and conveyance of all materials like cement, fine aggregate (Sand), coarse aggregate, water etc., to site and cost of all materials including centering using Casurina Bellies, Bamboos, Wooden Reapers, Runners, Wood Posts, Steel Centering Plates etc complete but excluding cost of steel and it’s fabrication charges for finished item of work but excluding seigniorage charges (APSS No. 402 & 403) | G16: =IF(F16=10,"Ten",IF(F16=1,"One",""))
B17: a) | C17: Footings | D17: ='Security-GF '!H84 -> 1.9 | E17: CUM | F17: 1 | G17: =IF(F17=10,"Ten",IF(F17=1,"ONE","")) -> ONE | H17: =E17 -> CUM | I17: ='C-data'!I428 -> 8755.9 | J17: =ROUND(D17*I17/F17,0) -> 16636
B19: b) | C19: Plinth beams | D19: ='Security-GF '!H93 -> 1.5 | E19: CUM | F19: 1 | G19: =IF(F19=10,"Ten",IF(F19=1,"ONE","")) -> ONE | H19: =E19 -> CUM | I19: ='C-data'!I434 -> 10930.9 | J19: =ROUND(D19*I19/F19,0) -> 16396
A21: =A16+1 -> 7 | C21: ='C-data'!C441:I441 -> Vibrated Reinforced Cement Concrete M 20 Design Mix ( by weigh batching / Mixer ) using 20mm size (SS5) hard blasted Trap machine crushed graded metal (Coarse aggregate) from approved quarry, using a minimum quantity of 350 kgs. of cement per 1 cum of concreteincluding cost and conveyance of all materials like cement, fine aggregate (Sand), coarse aggregate, water etc., to site and cost of all materials including Casurina Bellies, Bamboos, Wooden Reapers, Runners, Wood Posts, Steel Centering Plates etc complete but excluding cost of steel and it’s fabrication charges but excluding seigniorage charges for finished item of work (APSS No. 402 & 403)
B22: a) | C22: Columns upto an un-supported height of 3.66m
C23: Ground Floor | D23: ='Security-GF '!H115 -> 2.4 | E23: CUM | F23: 1 | G23: =IF(F23=10,"Ten",IF(F23=1,"ONE","")) -> ONE | H23: =E23 -> CUM | I23: ='C-data'!E468 -> 10405.9 | J23: =ROUND(D23*I23/F23,0) -> 24974
B25: b) | C25: 150mm thick RCC side walls
C26: Ground Floor : | D26: ='Security-GF '!H78 -> 2 | E26: CUM | F26: 1 | G26: =IF(F26=10,"Ten",IF(F26=1,"ONE","")) -> ONE | H26: =E26 -> CUM | I26: ='C-data'!$E$468 -> 10405.9 | J26: =ROUND(D26*I26/F26,0) -> 20812
A28: =A21+1 -> 8 | C28: ='C-data'!C470:I470 -> Vibrated Reinforced Cement Concrete M 20 Design Mix ( by weigh batching / Mixer ) using 20mm size (SS5) hard blasted Trap crushed graded metal (Coarse aggregate) from approved quarry, using a minimum quantity of 350 kgs. of cement per 1 cum of concreteincluding cost and conveyance of all materials like cement, fine aggregate (Sand), coarse aggregate, water etc., to site and cost of all materials including Casurina Bellies, Bamboos, Wooden Reapers, Runners, Wood Posts, Steel Centering Plates etccomplete but excluding cost of steel and it’s fabrication charges but excluding seigniorage charges for finished item of work (APSS No. 402 & 403)
B29: a) | C29: Roof beams @ 3.66mts level
C30: Ground Floor | D30: ='Security-GF '!H123 -> 1.1 | E30: CUM | F30: 1 | G30: =IF(F30=10,"Ten",IF(F30=1,"ONE","")) -> ONE | H30: =E30 -> CUM | I30: ='C-data'!E495 -> 9061.6 | J30: =ROUND(D30*I30/F30,0) -> 9968
B32: b) | C32: Roof Slabs
B33: i) | C33: Slabs 125 mm thick upto an un-supported height of 3.66m
C34: Ground Floor | D34: ='Security-GF '!H129 -> 46 | E34: SQM | F34: 1 | G34: =IF(F34=10,"Ten",IF(F34=1,"ONE","")) -> ONE | H34: =E34 -> SQM | I34: ='C-data'!E571 -> 1096.35 | J34: =ROUND(D34*I34/F34,0) -> 50432
A36: =A21+1 -> 8 | C36: ='C-data'!C676:I676 -> Reinforced Cement Concrete M 20 Design Mix ( by weigh batching ) using 20mm size (SS5) hard blasted Trap machine crushed graded metal (Coarse aggregate) from approved quarry, using a minimum quantity of 350 kgs. of cement per 1 cum of concrete including cost and conveyance of all materials like cement, fine aggregate (Sand), coarse aggregate, water etc., to site and cost of all materials including centering using Cashewrina Ballies and Wooden runners & staging including all bracings, cross members etc., shuttering , machine mixing, laying concrete, lift charges, curing etc., complete but excluding cost of steel and it’s fabrication charges but excluding seigniorage charges for finished item of work (APSS No. 402 & 403)
B37: a) | C37: Lintels
C38: Ground Floor | D38: ='Security-GF '!H139 -> 0.6 | E38: CUM | F38: 1 | G38: =IF(F38=10,"Ten",IF(F38=1,"ONE","")) -> ONE | H38: =E38 -> CUM | I38: ='C-data'!E699 -> 10104.35 | J38: =ROUND(D38*I38/F38,0) -> 6063
A40: =A36+1 -> 9 | C40: ='C-data'!C701:I701 -> Reinforced cement concrete with M 20 grade Design mix ( by weigh batching ) using 20mm size (SS 5) machine crushed hard blasted Trap graded metal (coarse aggregate) from approved quarry using a minimum quantity of 350 Kg of cement per 1 Cum of concrete including cost and conveyance of all materials like cement, fine aggregate (sand) ,coarse aggregate, water etc. to site and cost of all materials including centering using Cashewrina Ballies and Wooden runners & staging including all bracings, cross members etc., shuttering, machine mixing, laying concrete, for sunshade of 7.5cm thick at fixed end and 5cm thick at free end with an average thickness of 6.25cm including labour charges for mixing, laying, curing etc., complete but excluding cost of steel and its fabrication charges but excluding seigniorage charges for finished item of work
B41: i | C41: for platforms of 50 mm thick
C42: Ground Floor | D42: ='Security-GF '!H152 -> 6 | E42: SQM | F42: 1 | G42: =IF(F42=10,"Ten",IF(F42=1,"ONE","")) -> ONE | H42: =E42 -> SQM | I42: ='C-data'!E753 -> 646.7 | J42: =ROUND(D42*I42/F42,0) -> 3880
B44: ii | C44: for shelves of 25 mm thick
C45: Ground Floor | D45: ='Security-GF '!H158 -> 4 | E45: SQM | F45: 1 | G45: =IF(F45=10,"Ten",IF(F45=1,"ONE","")) -> ONE | H45: =E45 -> SQM | I45: ='C-data'!E766 -> 499.85 | J45: =ROUND(D45*I45/F45,0) -> 1999
A47: =A40+1 -> 10 | C47: ='C-data'!C820:I820 -> Brick Masonry in superstructure with CM (1:8) prop: using Fly ASH Bricks of size 290x225x140mm with compressive of 50 Kgs / Sqcm from approved source including cost and conveyance of all materials like cement, sand, fly ash bricks, water etc., to site, including sales & other taxes on all materials, all operational, incidental and labour charges such as mixing cement mortar, constructing masonry, scaffolding charges, lift charges, curing, etc., complete but excluding seigniorage charges for finished item of work. (APSS No. 501 & 504).
C48: Ground Floor | D48: ='Security-GF '!H181 -> 13 | E48: CUM | F48: 1 | G48: =IF(F48=10,"Ten",IF(F48=1,"ONE","")) -> ONE | H48: =E48 -> CUM | I48: ='C-data'!E842 -> 5411.75 | J48: =ROUND(D48*I48/F48,0) -> 70353
A50: =A47+1 -> 11 | C50: ='C-data'!C861:I861 -> Reinforced Fly Ash Brick Masonry 10cm thick for partition walls in CM (1:4) prop: Fly Bricks of size 290x100x140mm with compressive of 50 Kgs / Sqcm from approved source and placing 2nos. of 6mm dia MS bars embedded in every 3rd layer with free ends of reinforcement keyed into mortar joints of the main brick work whereever applicable including cost and conveyance of all materials like cement, sand, bricks, water etc., to site, sales & other taxes on all materials, all operational, incidental and labour charges such as mixing cement mortar, constructing masonry, scaffolding charges, lift charges, curing, etc., but excluding cost and conveyance of steel and its fabrication charges & seignerage charges complete for finished item of work. (APSS No. 501 & 509).
C51: Ground Floor | D51: ='Security-GF '!H197 -> 24 | E51: SQM | F51: 1 | G51: =IF(F51=10,"Ten",IF(F51=1,"ONE","")) -> ONE | H51: SQM | I51: ='C-data'!E881 -> 627.45 | J51: =ROUND(D51*I51/F51,0) -> 15059
A53: =A50+1 -> 12 | C53: ='C-data'!C314:I314 -> Plain Cement Concrete corresponding to M10 grade as per IS 456 equivalent to (1:3:6) proportion nominal mix (cement: fine aggregate: Coarse aggregate) using , 20mm size Hard Blasted Trap (IS383, 1970) Machine Crushed graded metal from from approved quarry including cost and conveyance of all materials like cement, sand, coarse aggregate, water etc. to site, including sales & other taxes on all materials, all operational, incidental and labour charges such as mixing, laying, curing concrete, etc., complete but excluding seigniorage charges for finished item of work for Bed Blocks and Hold Fasts (APSS No. 402)
C54: Ground Floor | D54: ='Security-GF '!H212 -> 0.4 | E54: CUM | F54: 1 | G54: =IF(F54=10,"Ten",IF(F54=1,"ONE","")) -> ONE | H54: =E54 -> CUM | I54: ='C-data'!E335 -> 4940.9 | J54: =ROUND(D54*I54/F54,0) -> 1976
A56: =A53+1 -> 13 | C56: ='C-data'!C291:I291 -> Plain Cement Concrete corresponding to M5 grade as per IS 456 equivalent to (1:5:10) proportion nominal mix (cement: fine aggregate: Coarse aggregate) using , 20mm size Hard Blasted Granite (IS383, 1970) Machine Crushed graded metal from approved quarry including cost and conveyance of all materials like cement, sand, coarse aggregate, water etc. to site, including , sales & other taxes on all materials, all operational, incidental, and labour charges such as mixing, laying concrete, finishing top surface, curing concrete, etc., complete but excluding seigniorage charges for finished item of work for Dummy Columns. (APSS No. 402)
C57: Terrace Floor : | D57: ='Security-GF '!H215 -> 0.1449 | E57: CUM | F57: 1 | G57: =IF(F57=10,"Ten",IF(F57=1,"ONE","")) -> ONE | H57: =E57 -> CUM | I57: ='C-data'!E313 -> 6070.9 | J57: =ROUND(D57*I57/F57,0) -> 880
A59: =A56+1 -> 14 | C59: ='C-data'!C882:I882 -> Providing High Yield Strength Deformed (HYSD) steel bars (Fe 500 grade as per IS 1786-1985) of 8mm to 40mm diameters, (TATA, SAIL, VSP,JSW & Shyam Steel) cutting, bending, to required sizes and shapes placing in position with cover blocks of approved size and binding wire of 20SWG, forming grills for reinforcement work as per approved designs and drawings including cost and conveyance of bars from approved sources to site of work, including cost and conveyance of binding wire, cover blocks, chairs, overlaps, spacers, dowels, wastage etc., and all operational, incidental, and labour charges such as cutting, bending, placing in position, tying etc., and sales & other taxes,on cost of all materials complete for finished item of work (APSS No.126)
C60: Ground Floor | D60: ='Security-GF '!H227 -> 1.6 | E60: MT | F60: 1 | G60: =IF(F60=10,"Ten",IF(F60=1,"ONE","")) -> ONE | H60: MT | I60: ='C-data'!E895 -> 98665 | J60: =ROUND(D60*I60/F60,0) -> 157864
A62: =A59+1 -> 15 | C62: ='C-data'!C896:I896 -> Providing Mild Steel Bars (Fe 250 grade as per IS 432) of 6mm diameter, cutting, bending, to required sizes and shapes placing in position with cover blocks of approved size and binding wire of 20SWG, forming grills for reinforcement work as per approved designs and drawings including cost and conveyance of bars from approved sources to site of work, including cost and conveyance of binding wire, cover blocks, chairs, overlaps, spacers, dowels, wastage etc., and all operational, incidental, and labour charges such as cutting, bending, placing in position, tying etc., and sales & other taxes,on cost of all materials complete for finished item of work (APSS No.126) in all floors.
C63: Ground Floor | D63: ='Security-GF '!H235 -> 0.2 | E63: MT | F63: 1 | G63: =IF(F63=10,"Ten",IF(F63=1,"ONE","")) -> ONE | H63: MT | I63: ='C-data'!E909 -> 91281 | J63: =ROUND(D63*I63/F63,0) -> 18256
A65: =A62+1 -> 16 | C65: ='C-data'!C911:I911 -> Ornamental Plastering 12mm thick in two coats with base coat of 8mm thick in CM (1:5) and top coat of 4mm thick in CM (1:3) dubara sponge finish including cost and conveyance of all materials like cement, sand, water etc., to site, sales & other taxes on all materials,all operational, incidental and labour charges such as mixing mortar, scaffolding charges, lift charges, including cutting of Grooves wherever necessary as directed by Engineer - in - charge, finishing, curing, etc., complete for Even Surfaces of Wall but excluding seigniorage charges for finished item of work. (APSS 901,903 & 904)
C66: Ground Floor | D66: ='Security-GF '!H252 -> 24 | E66: SQM | F66: 1 | G66: =IF(F66=10,"Ten",IF(F66=1,"ONE","")) -> ONE | H66: =E66 -> SQM | I66: ='C-data'!E934 -> 368.00192 | J66: =ROUND(D66*I66/F66,0) -> 8832
A68: =A65+1 -> 17 | C68: ='C-data'!C935:I935 -> Plastering 12mm thick in two coats with base coat of 8mm thick in CM (1:6) and top coat of 4mm thick in CM (1:4) dubara sponge finish including cost and conveyance of all materials like cement, sand, water etc., to site, sales & other taxes on all materials,all operational, incidental and labour charges such as mixing mortar, scaffolding charges, lift charges, including cutting of Grooves wherever necessary as directed by Engineer - in - charge, finishing, curing, etc., complete but excluding seigniorage charges for Even Surfaces of Wall for finished item of work. (APSS 901,903 & 904)
B69: i | C69: internal walls
C70: Ground Floor | D70: ='Security-GF '!H264 -> 77 | E70: SQM | F70: 1 | G70: =IF(F70=10,"Ten",IF(F70=1,"ONE","")) -> ONE | H70: =E70 -> SQM | I70: ='C-data'!E958 -> 351.85 | J70: =ROUND(D70*I70/F70,0) -> 27092
A72: =A68+1 -> 18 | C72: ='C-data'!C935:I935 -> Plastering 12mm thick in two coats with base coat of 8mm thick in CM (1:6) and top coat of 4mm thick in CM (1:4) dubara sponge finish including cost and conveyance of all materials like cement, sand, water etc., to site, sales & other taxes on all materials,all operational, incidental and labour charges such as mixing mortar, scaffolding charges, lift charges, including cutting of Grooves wherever necessary as directed by Engineer - in - charge, finishing, curing, etc., complete but excluding seigniorage charges for Even Surfaces of Wall for finished item of work. (APSS 901,903 & 904)
B73: i | C73: external walls
C74: Ground Floor | D74: ='Security-GF '!H247 -> 85 | E74: SQM | F74: 1 | G74: =IF(F74=10,"Ten",IF(F74=1,"ONE","")) -> ONE | H74: =E74 -> SQM | I74: ='C-data'!E958 -> 351.85 | J74: =ROUND(D74*I74/F74,0) -> 29907
A76: =A72+1 -> 19 | C76: ='C-data'!C1016:I1016 -> Providing impervious coat with required slopes in CM (1:3) prop. 20mm thick (average) mixed with water proofing compound manufactured by reputed manufacturers as approved by Engineer-in-charge at 1Kg/bag of cement, laid over roof slab when it is green, finished smooth with a floating coat of neat cement and thread lining at regular intervals of 45cmx45cm including cost and conveyance of all materials like cement, sand, water proofing compound, water etc., to site, sales & other taxes on all materials, all operational, incidental and labour charges such as mixing mortar, laying, rounding off at junctions of wall and slab, rendering smooth with thread lining, curing, lift charges, etc., complete but excluding seigniorage charges for finished item of work (APSS No. 901 & 903).
C77: Terrace Floor | D77: ='Security-GF '!H296 -> 46 | E77: SQM | F77: 1 | G77: =IF(F77=10,"Ten",IF(F77=1,"ONE","")) -> ONE | H77: =E77 -> SQM | I77: ='C-data'!F1031 -> 427.05 | J77: =ROUND(D77*I77/F77,0) -> 19644
A79: =A76+1 -> 20 | C79: ='C-data'!C1181:I1181 -> Flooring with Ceramic Tiles of 7.3mm thick 1st. quality of Non-skid red or white full body Ceramic floor tiles of size not less than 300 x 300 mm and thickness between 7-8 size as approved by Engineer - in - charge set over a base coat of CM (1:8), 12mm thick laid over flooring bed / V.R.C.C. slab, with neat cement slurry of honey like consistency spread at the rate of 3.3 Kgs of cement per Sq.m and jointed with neat white cement paste to full depth mixed with pigment of matching shade including cost and conveyance of all materials like cement, sand, water, ceramic tiles etc. to site, sales and other taxes on all materials, all operational, incidental and labour charges such as mixing of cement mortar, laying, curing, lift charges etc., complete but excluding seigniorage charges for finished item of work.(APSS No.701 & 707) | G79: =IF(F79=10,"Ten",IF(F79=1,"One",""))
C80: Ground Floor | D80: ='Security-GF '!H274 -> 3 | E80: SQM | F80: 1 | G80: =IF(F80=10,"Ten",IF(F80=1,"ONE","")) -> ONE | H80: =E80 -> SQM | I80: ='C-data'!E1199 -> 717.85 | J80: =ROUND(D80*I80/F80,0) -> 2154
A82: =A79+1 -> 21 | C82: ='C-data'!C1405:I1405 -> Flooring with Nano polished vitrified floor tiles of 1st quality and make as approved by Engineer-in-charge of size not less than 600 mm x 600 mm , 8mm thickness regular finish and normal colours with borders and design as per the approved flooring pattern as directed by the Engineer-In -Charge, laying tiles using spacers of 2mm thick, set over a base coat of CM (1:8) prop. 12mm thick using screened sand over CC bed already laid or RCC roof slab , including neat cement slurry of honey like consistancy spread @ 3.3 kgs per Sqm. and jointed neately with white cement paste to full depth mixed with pigment of matching shade including cost and conveyance of all materials like cement, sand, water, tiles, white cement etc., to site (excluding cost of C.C. bed) including cost of base coat and all labour charges for mixing of cement mortar, laying tiles to required slope as directed by the Engineer- in-charge etc.,and overheads & contractors profit complete for finished item of work. (APSS No.701 & 707)
C83: Ground Floor | D83: ='Security-GF '!H283 -> 21 | E83: SQM | F83: 1 | G83: =IF(F83=10,"Ten",IF(F83=1,"ONE","")) -> ONE | H83: =E83 -> SQM | I83: ='C-data'!E1430 -> 852 | J83: =ROUND(D83*I83/F83,0) -> 17892
A85: =A82+1 -> 22 | C85: ='C-data'!C1512:I1512 -> Flooringwith 16 to 18mm thick high polished granite stone slabs of black colour approved by the engineer-incharge laid over RCC slab or bed alredy laid and set over base coat of CM (1:8) 20mm thick including neat cement , slurry of honey like consistency spread at the rate of 3.30kg per sqm and joined with neat white cement paste mixed with pisment of matching shade to ful allmaterials to work site depth including cost and conveyence of and all materials to work site and operational , incidentallabour and lift charges and seignorage charges etc., complete for finshed item of work for platform in kitchen/diniing (SS 701 & special)
C86: Ground Floor | D86: ='Security-GF '!H288 -> 4 | E86: SQM | F86: 1
D87: =SUM(D86:D86) -> 4 | E87: SQM | F87: 1 | G87: =IF(F87=10,"Ten",IF(F87=1,"ONE","")) -> ONE | H87: =E87 -> SQM | I87: ='C-data'!I1526 -> 3237.3 | J87: =ROUND(D87*I87/F87,0) -> 12949
A89: =A85+1 -> 23 | C89: ='C-data'!C1528:I1528 -> Half Rounding the edges of granite slab including polishing all labour charges, hire charegs of tools and plants All incidental charges etc., complete for finished item of work as directed by the engineer incharge | D89: ='Security-GF '!H292 -> 6 | E89: RM | F89: 1 | G89: =IF(F89=10,"Ten",IF(F89=1,"ONE","")) -> ONE | H89: =E89 -> RM | I89: ='C-data'!I1531 -> 387 | J89: =ROUND(D89*I89/F89,0) -> 2322
A91: =A89+1 -> 24 | C91: ='C-data'!C1129:I1129 -> Supplying and fixing of Polished Shabad/Tandur blue Slabas 15 to 18 mm thick (0.457M x 0.457M) in Single piece with the edges flat nosed and set over a base coat of CM (1:8), 12mm thick, and fixing in position with neat cement paste including cost and conveyance of all materials like cement, sand, water, stones etc. to site, seigniorage charges, sales and other taxes on all materials, all operational, incidental and labour charges such as dressing of stones to the required sizes, mixing of cement mortar, fixing in position, curing, lift charges etc., complete for finished item of work for Treads (APSS No.701 & 707) | G91: =IF(F91=10,"Ten",IF(F91=1,"One",""))
B92: a | C92: Treads
C93: Ground Floor | D93: ='Security-GF '!H316 -> 3 | E93: SQM | F93: 1 | G93: =IF(F93=10,"Ten",IF(F93=1,"ONE","")) -> ONE | H93: =E93 -> SQM | I93: ='C-data'!E1149 -> 536.00651 | J93: =ROUND(D93*I93/F93,0) -> 1608
B95: b | C95: Risers
C96: Ground Floor | D96: ='Security-GF '!H321 -> 2 | E96: SQM | F96: 1 | G96: =IF(F96=10,"Ten",IF(F96=1,"ONE","")) -> ONE | H96: =E96 -> SQM | I96: ='C-data'!E1108 -> 614.42776 | J96: =ROUND(D96*I96/F96,0) -> 1229
A98: =A91+1 -> 25 | C98: ='C-data'!C1200:I1200 -> Dadooing to walls with any color glazed tiles 1st. quality of any size of brand as approved by Engineer - in - charge and set over a base coat of CM (1:5), 12mm thick and neat cement paste at the rate of 3.3 Kg/Sqmt. and jointed with white cement paste mixed with pigment of matching shade including cost and conveyance of all materials like cement, sand, water, tiles, etc. to site, sales and other taxes on all materials, C921 such as mixing of cement mortar, laying in position, curing, lift charges etc., complete but excluding seigniorage charges for finished item of work (APSS No.701 & 707) in All Floors
C99: Ground Floor | D99: ='Security-GF '!H311 -> 13 | E99: SQM | F99: 1 | G99: =IF(F99=10,"Ten",IF(F99=1,"ONE","")) -> ONE | H99: =E99 -> SQM | I99: ='C-data'!E1216 -> 467.5 | J99: =ROUND(D99*I99/F99,0) -> 6078
A101: =A98+1 -> 26 | C101: ='C-data'!C1432:I1432 -> Providing skirting to internal walls to 10 cm height with Nano polished vitrified tiles 8mm thick , regular finish and normal colour, length equal to flooring tiles, set over base coat of CM(1:5) 12 mm thick using screened sand with cement slurry of honey like consistency spread at the rate of 3.30 kgs per sqm and jointing with white cement paste mixed with pigment of matching shade to full depth, including cost of all materials like tiles, cement, sand and water etc.,and overheads & contractors profit complete for finished item of work.(APSS No.701 &707)
C102: Ground Floor | D102: ='Security-GF '!H304 -> 4 | E102: SQM | F102: 1 | G102: =IF(F102=10,"Ten",IF(F102=1,"ONE","")) -> ONE | H102: =E102 -> SQM | I102: ='C-data'!E1456 -> 862.54247 | J102: =ROUND(D102*I102/F102,0) -> 3450
A104: =A101+1 -> 27 | C104: Supply and Fixing of Door with Single leaf shutter, Door Size 1.00x2.13 mtrs with Medium teak Wood Frame of sections size 75mm x 100mm with Flush Door Shutter Solid Bond Wood black board type with commercial ply on both faces of 35mm thick including cost of fixtures such as MS Powder coated Tower Bolts 250mm long 1 Nos, MS Powder coated Handels 150mm long 1 No, 300mm long MS Powder coated Aldrops 1No, 125mm long MS Powder coated butt hinges 3 Nos, 250 mm long MS Powder coated Flat latch 1No, Door stoppers 1 Nos, MS Hold fasts 6Nos Sales and Other Taxes cost and convenyance of all materials to site all Labour charges such as Fixing of Door Frame on shutter Fixing in position , with Hardware fixtures etc., complte for finsihed item of work.
C105: Ground Floor | D105: ='Security-GF '!H342 -> 2 | E105: No
D106: =SUM(D105:D105) -> 2 | E106: No | F106: 1 | G106: =IF(F106=10,"Ten",IF(F106=1,"ONE","")) -> ONE | H106: =E106 -> No | I106: ='D&W DATA 1'!H248 -> 8795 | J106: =ROUND(D106*I106/F106,0) -> 17590
A108: =A104+1 -> 28 | C108: Providing and fixing factory made polyvinyl chloride (PVC) Door Frame of the size 50 x 47mm with a wall thickness of 5mm, made out of extruded 5mm rigid PVC foam sheet, mitre cut at two corners and joined with 2nos. of 150mm long brackets of 15x15mm M.S. square tube. The two vertical door profiles are to be reinforced with 19x19mm M.S. Square tube of 19 gauge. The door frame shall be fixed to the wall using 65/100mm long M.S. Screws through the frame by using PVC fasteners. A minimum of 4nos. of screws to be provided for each vertical member & minimum 2nos. for horizontal member etc. complete as per manufacturers specification and direction of Engineer-in-Charge for finished item of work
C109: Ground Floor | D109: ='Security-GF '!H348 -> 9.9 | E109: RM | F109: 1 | G109: =IF(F109=10,"Ten",IF(F109=1,"ONE","")) -> ONE | H109: =E109 -> RM | I109: ='D&W DATA 1'!H252 -> 315 | J109: =ROUND(D109*I109/F109,0) -> 3119
A111: =A104+1 -> 28 | C111: Providing and fixing 30mm thick Solid panel PVC door shutter consisting of frame made out of M.S. tubes of 19 gauge thickness and size of 19mm x 19mm for stiles, & 15mm x 15mm for top & bottom rails. M.S. frame shall have a coat of steel primers of approved make and manufacture. M.S. frame shall be covered with 5mm thick heat moulded PVC ‘C’ channel of size 30 x 50mm forming stiles, and 5mm thick, 75mm wide PVC sheets for top rail, lock rail & bottom rail on either side, and 10mm (5mm x 2) thick, 20mm wide cross PVC sheet as gap insert for top rail & bottom rail. Panelling of 10mm thick PVC sheet to be fitted in the M.S. frame welded / sealed to the stiles & rails with 30mm wide x 5mm thick PVC sheet beading on either side, and joined together with solvent cement adhesive etc. An additional 5mm thick PVC strip of 20mm width is to be stuck on the interior side of the ‘C’ Channel using PVC solvent adhesive. Complete as per direction of Engineer-in-charge, manufacturer’s specification & drawing for finished item of work .
C112: Ground Floor | D112: ='Security-GF '!H352 -> 3.15 | E112: Sqm | F112: 1 | G112: =IF(F112=10,"Ten",IF(F112=1,"ONE","")) -> ONE | H112: =E112 -> Sqm | I112: ='D&W DATA 1'!H257 -> 2292 | J112: =ROUND(D112*I112/F112,0) -> 7220
A114: =A111+1 -> 29 | C114: Providing & Fixing of Open able Windows with Flymesh made of pre-painted steel as per IS 513 of 0.58 mm thick galvanized as per IS 277 finish painted with a polyester paint and the section for outer frame of 72 x 55mm, centre mullion of 72 x 50mm, section for fixed glass beading section of 12 x 12 mm and section for shutters of 48 x 25 mm and outer frame & mullion sections with rebate for glazed shutters, fly mesh and a 20 mm provision for guard bars/grills and fly mesh shutter section of 20 x 40 mm, stay, handles, latch 2 Nos of heavy duty stainless steel pivot hinges per shutter and panelled with 0.5 mm thick Galvalume corrugated sheet and S.S. Mesh for fly mesh shutter (304 grade), fitted using rubber gaskets including fixing the windows in the concrete/masonry wall by means of self expanding screws, including 10mm Square guard bars with 6” (152.4mm) pitch , complete for Double shutter Window with vertical mullion of sizes 3’0” x 4’0” ( 914.4mm x 1219.2mm) and 4’0” x 4’0”(1219.2mm x 1219.2mm)
C115: Ground Floor | D115: ='Security-GF '!H355 -> 1.56 | E115: SQM | F115: 1 | G115: =IF(F115=10,"Ten",IF(F115=1,"ONE","")) -> ONE | H115: =E115 -> SQM | I115: ='D&W DATA 1'!H291 -> 8426 | J115: =ROUND(D115*I115/F115,0) -> 13145
A117: =A114+1 -> 30 | C117: Providing and fixing of louvered Ventilators made of pre-painted steel as per IS 513 of 0.80 mm thick galvanized as per IS 277 with a polyester paint with and fitted with 4 mm thick plain float glass including fixing the frames in concrete/masonry wall by means of self expanding screws, etc., complete for finished item of work for (i) Single fixed Louvers Ventilator size of 2’ 0” x 2’ 0” (609.6 x 609.6mm) outer frame box section size of 80 x 45mm and (ii) Double fixed Louvers ventilator Size of 4’ 0” x 2’ 0” (1219.2mm x 609.6mm) outer frame box section size of 80 x 45mm, vertical mullion section size of 80 x 60 mm and (iii) Double fixed Louvers Ventilator size of 4’0” x 3’0” (1219.2mm x 914.4mm) outer frame box section size of 80 x 45mm , Vertical mullion section size of 80 x 60 mm
C118: Ground Floor | D118: ='Security-GF '!H360 -> 0.3 | E118: SQM | F118: 1 | G118: =IF(F118=10,"Ten",IF(F118=1,"ONE","")) -> ONE | H118: =E118 -> SQM | I118: ='D&W DATA 1'!H297 -> 4246 | J118: =ROUND(D118*I118/F118,0) -> 1274
A120: =A117+1 -> 31 | C120: ='C-data'!C1574:I1574 -> Supplying and fixing of curtain Glazing made of pre painted steel as per IS 513 of 0.58 mm thick D quality, galvanized as per IS 277 Primer coated with epoxy, finish painted with a polyester paint using the section for outer frame of 46 x 52 mm, section for mullion of 46 x 70 mm and section for beading of 18 x 25 mm and the glazing with 5 mm thick plain float glass fitted with EPDM gaskets including handle made of high grade Aluminium powder coated and nylon receiver, corner brackets made of CRCA with zinc phosphating, mullion caps made of Glass filled nylon including fixing the frames in the concrete / masonry wall with self expanding screws, etc.,complete for finished item in all floors
C121: ='C-data'!C1575 -> Fixed Glazing 2'-0 x 2'-0 (609.6x609.6mm) and Fixed Glazing 2'-0 x 3'-0 (609.6x914.4mm)
C122: Ground Floor | D122: ='Security-GF '!H366 -> 6.5 | E122: SQM | F122: 1 | G122: =IF(F122=10,"Ten",IF(F122=1,"ONE","")) -> ONE | H122: =E122 -> SQM | I122: ='C-data'!I1579 -> 6108 | J122: =ROUND(D122*I122/F122,0) -> 39702
A124: =A120+1 -> 32 | C124: ='C-data'!C1234:I1234 -> Reinforced cement mortar Facia 5 cm thick in CM (1:3) for drop walls, Fins & staircase railing with rabbit wire mesh & nominal reinforcement as directed by Engineer-in-charge with dubara spong finishing including cost & conveyence of all materials to site, including sales and other taxes on all materials and all operational, incidental charges such as labour charges, like mixing cement mortar, scaffolding charges, lift charges, curing, for making 50 mm thick RCM Paradah walls (RCM Drop walls) including tying Rabbit (chicken) wire mesh to the existing mild steel / HYSD Steel reinforcement applying mortar lumps, finishing, plastering to both faces, sponge finishing etc complete for finished item of work but excluding cost of steel and its fabrication charges and seigniorage charges in All Floors
C125: Ground Floor | D125: ='Security-GF '!H371 -> 48 | E125: SQM | F125: 1 | G125: =IF(F125=10,"Ten",IF(F125=1,"ONE","")) -> ONE | H125: =E125 -> SQM | I125: ='C-data'!E1252 -> 1354.1 | J125: =ROUND(D125*I125/F125,0) -> 64997
A127: =A124+1 -> 33 | C127: ='C-data'!C1278:I1278 -> Painting to New walls with two coats of Acrylic Emulsion paint of superior quality of approved brand and shade over base coat of cement primer interior grade -I making three coats in all to give an even shade after thoroughly brushing the surface to remove all loose powdered materials, including cost and conveyance of all materials, including cost and conveyance of all materials, cost of brushes, water to site, etc., sales & other taxes, all operational, incidental and labour charges such as scaffolding charges, lift charges, curing etc., complete for finished item of work in all floors for internal Walls.(APSS No. 912) in All Floors
C128: Ground Floor | D128: ='Security-GF '!H324+'Security-GF '!H328 -> 101 | E128: SQM | F128: 1 | G128: =IF(F128=10,"Ten",IF(F128=1,"ONE","")) -> ONE | H128: =E128 -> SQM | I128: ='C-data'!I1289 -> 136.35 | J128: =ROUND(D128*I128/F128,0) -> 13771
A130: =A127+1 -> 34 | C130: ='C-data'!C1303:I1303 -> Painting to New walls with two coats of Acrylic Emulsion paint of superior quality of approved brand and shade over base coat of cement primer exterior grade -II making three coats in all to give an even shade after thoroughly brushing the surface to remove all loose powdered materials, including cost and conveyance of all materials, including cost and conveyance of all materials, cost of brushes, water to site, etc., sales & other taxes, all operational, incidental and labour charges such as scaffolding charges, lift charges, curing etc., complete for finished item of work in all floors for external Walls.(APSS No. 912) in All Floors
C131: Ground Floor | D131: ='Security-GF '!H333 -> 85 | E131: SQM | F131: 1 | G131: =IF(F131=10,"Ten",IF(F131=1,"ONE","")) -> ONE | H131: =E131 -> SQM | I131: ='C-data'!I1315 -> 187.55 | J131: =ROUND(D131*I131/F131,0) -> 15942
A133: =A130+1 -> 35 | C133: ='C-data'!C1253:I1253 -> Painting to New wood work with two coats of ready mixed synthetic enamel paint Grade I all shades to give an even shade over base coat Primer with Luppam finishing after thoroughly brushing the surface to remove all remains including cost and conveyance of all materials to site, sales & other taxes, all operational, incidental and labour charges etc., complete for finished item of work.(3 coats) (APSS No. 1201 & 1212).in All Floors
D134: ='Security-GF '!H338 -> 10 | E134: SQM | F134: 1 | G134: =IF(F134=10,"Ten",IF(F134=1,"ONE","")) -> ONE | H134: =E134 -> SQM | I134: ='C-data'!I1265 -> 161.65 | J134: =ROUND(D134*I134/F134,0) -> 1617
C135: Sub Total ::(Civil Works) | J135: =SUM(J5:J134) -> 757260
J137: =SUM(D33:D35) -> 46
J138: =J137*10.764 -> 495.144
C139: Civil/Sft | J139: =J135/J138 -> 1529.3733
C140: Total Steel | D140: in Kgs | J140: =SUM(D60:D64)*1000 -> 1800
C141: Steel/Sft | J141: =J140/J138 -> 3.6353061

Sheet ABS-WS-SEC
A1: ABSTRACT ESTIMATE FOR WATER SUPPLY & SANITARY ARRANGEMENTS FOR SECURITY BUILDING
A2: S.No | C2: Description of Work | D2: Quantity | E2: Units | F2: Rate | G2: Amount (Rs.)
A4: 1 | C4: ='WS-DATA'!C6:J6 -> Supplying and laying, filling, jointing and testing SWG SP-1 pipes of ISI make confirming to IS 1651 & 4127 1st quality with air tight Cement joints in CM (1.5:1)prop. including excavation of trenches and socket pits in any soil (except rock requiring blasting) and refilling with watering and tamping including cost and conveyance of all materials to site and all labour charges for finished item of work (APSS NO 1301 & 1318)
B5: a | C5: 101.60mm dia upto 914.40mm (3') depth | D5: ='Ws-Det-Security'!H8 -> 3 | E5: Rmt | F5: ='WS-DATA'!J11 -> 475 | G5: =ROUND(F5*D5,0) -> 1425
B7: b | C7: ='WS-DATA'!C25 -> 152.40mm dia SWG pipe upto 5' depth | D7: ='Ws-Det-Security'!H10 -> 5 | E7: Rmt | F7: ='WS-DATA'!J29 -> 722 | G7: =ROUND(F7*D7,0) -> 3610
A9: =A4+1 -> 2 | C9: ='WS-DATA'!C63:J63 -> Supplying and fixing 150.00mmx100.00mm SWG gully trap 1st class confirming to ISI 651 & 4127 with CI grating and constructing single brick masonry wall chamber of size 20" x 14" x 12” in CM (1:6) prop. Over a CC (1:5:10)prop. bed, and fitted with 304.8 mm x 225.6 mm(12" x 9") CI frame and hinged cover and plastering 12mm thk. in CM (1:4) prop. both inside and outside surfaces and including cost and conveyance of all materials to site, labour charges etc., complete for finished item of work. | D9: ='Ws-Det-Security'!H14 -> 1 | E9: NO | F9: ='WS-DATA'!J68 -> 693 | G9: =ROUND(F9*D9,0) -> 693
A11: =A9+1 -> 3 | C11: ='WS-DATA'!C412:J412 -> Constructing 457.2mm x 457.2mm (1'-6" x 1'-6") brick in CM (1:6) prop. Masonry inspection chamber upto 914.4mm (3'-0") and fitted with light weight 457.2mm x 457.2mm (1'-6" x 1"-6") frame and cover of 20kg., including cost and convenyance of all materials to site, all labour charges, sales and otehr taxes on all materials etc., complete for finished item of work | D11: ='Ws-Det-Security'!H17 -> 1 | E11: NO | F11: ='WS-DATA'!J417 -> 4273 | G11: =ROUND(F11*D11,0) -> 4273
A13: =A11+1 -> 4 | C13: ='WS-DATA'!C31:J31 -> Constructing 904.0 mm (3’0”) dia brick masonry inspection chamber as per IS - 4111: Part-1:1986 with cement mortar (1:6) prop using 2nd Class Clay Bricks of 225 mm thick from approved source having a minimum crushing strength of 5 N/sq.mm including plastering with cement mortar 1:3 prop; ½” thick both inside and outside fitted with 20” dia RCC manhole covers and frames including excavating pits up to a depth of 904 mm (3'-0") in all sorts of soils (exculding rock) and laying cement conrete (1:4:8) 150 mm thick using 40 mm HBG Metal and P.C.C. 1:2:4 benching and channel 100 mm thick as per Standard specification and including cost and conveyance of all materials like cement, sand, bricks, water etc., to site, cost of seigniorage charges on all materials and all incidental and operational, labour charges like mixing cement mortar, constructing masonry, lift charges, curing etc., complete for finished item of work as per Standard specification. | D13: ='Ws-Det-Security'!H20 -> 1 | E13: NO | F13: ='WS-DATA'!J36 -> 7835 | G13: =ROUND(F13*D13,0) -> 7835
A15: =A13+1 -> 5 | C15: ='WS-DATA'!C316:J316 -> Supplying and fixing UPVC/SWR Nahani traps 4" or 101.6mm dia 1st quality ISI marked conforming to IS:1729-1979 with 4" dia SS Grating fixing with white cement as per site requirements with standard practice for all floors including cost and conveyance of all materials to site, labour charges etc., complete for finished item of work. | D15: ='Ws-Det-Security'!H24 -> 2 | E15: NO | F15: ='WS-DATA'!J328 -> 188 | G15: =ROUND(F15*D15,0) -> 376
A17: =A15+1 -> 6 | C17: ='WS-DATA'!C340:J340 -> Supplying and fixing approved make wash down European Water Closet of 1st quality conforming to IS:2556-Part-2-2004 of white glazed with 'S' trap,supplying and fixing best Indian make plastic seat and lid for European water closets with rubber or plastic Buffers as per IS 2548-1996 and 10 litres capacity single flush PVC low level cistern with internal components and fixed using required size of nails and screws, 15 mm brass angle stop valve of quarter turn spindle type of not less than 400 grams weight with internal threaded conforming to IS 8931, 15mm PVC connections with brass union nuts CP coated including cost and conveyance of all materials to site, overheads & contractors profit etc., complete for finished item of work for all floors. | D17: ='Ws-Det-Security'!H28 -> 1 | E17: NO | F17: ='WS-DATA'!J350 -> 4598 | G17: =ROUND(F17*D17,0) -> 4598
A19: =A17+1 -> 7 | C19: ='WS-DATA'!C70:J70 -> Supplying and fixing Indian make Flat Back Wash Hand Basin (HSW/Parryware/ Neycer) 1st quality conforming to IS:2556-Part-4:1972 of size 550mm x 400mm with waste fittings like rubber plug, chain, 32 mm nominal size C.P. Fitting with parallel pipe thread conforming to IS:2963-1979 and fitted with 15 mm nominal bore Chromium Plated Pillar Tap of 1st quality Indian make 400 grams Seiko/ Esso or equivalent complete with standard CI brackets including wooden block ,1 No.12.70mm PVC connection with brass union nuts CP coated , 1 No.12.70mm NP bib tap 300 gms Seiko or equivalent including cost and conveyance of all materials to site, labour charges etc. complete for finished item of work | D19: ='Ws-Det-Security'!H30 -> 1 | E19: NO | F19: ='WS-DATA'!J96 -> 3158 | G19: =ROUND(F19*D19,0) -> 3158
A21: =A19+1 -> 8 | C21: ='WS-DATA'!C98:J98 -> Supplying and fixing CP finish brass soap dish type complete including cost and conveyance of all materials, labour charges for fixing etc., complete for finished item of work in all floors | D21: ='Ws-Det-Security'!H33 -> 1 | E21: NO | F21: ='WS-DATA'!J103 -> 577 | G21: =ROUND(F21*D21,0) -> 577
A23: =A21+1 -> 9 | C23: ='WS-DATA'!C104:J104 -> Supplying and fixing TV shape mirror with plastic frame of size 609.6mm x 457.2mm , plywood back with NP screws 1st quality including cost and conveyance of all materials, labour charges etc., complete for finished item of work in all floors. | D23: ='Ws-Det-Security'!H36 -> 1 | E23: NO | F23: ='WS-DATA'!J109 -> 522 | G23: =ROUND(F23*D23,0) -> 522
A25: =A23+1 -> 10 | C25: ='WS-DATA'!C111:J111 -> Supplying and fixing of 25.4mm dia , 609.6mm long aluminium anodized towel rods with brackets and aluminium screws including cost and conveyance of all materials, labour charges etc., complete for finished item of work. | D25: ='Ws-Det-Security'!H39 -> 1 | E25: NO | F25: ='WS-DATA'!J116 -> 168 | G25: =ROUND(F25*D25,0) -> 168
A27: =A25+1 -> 11 | C27: ='WS-DATA'!C117:J117 -> Supplying and fixing of 15 mm brass body CP finish bib tap of not less than 300 grams weight screw type (full turn) with internal /external threaded conenction conforming to IS 8931 including cost and conveyance of all materials, labour charges etc., complete for finished item of work in all floors.
C28: 300 grams | D28: ='Ws-Det-Security'!H44 -> 2 | E28: NO | F28: ='WS-DATA'!J123 -> 250 | G28: =ROUND(F28*D28,0) -> 500
A30: =A27+1 -> 12 | C30: ='WS-DATA'!C468:J468 -> Supply and fixing of Ashirvad/Ajay/Astral Flowgaurd or equivalent CPVC pipes and fittings to meet the requirement of ASTM-D 2846 and are produced in CTS( copper tube sizes 1/4" to 2" ) ashirwad flowgaurd SDR11 and SDR 13.5 pipes are made from identical CPVC components having the same physical properties for Hot and cold Water confirming to (IS 15778-2007)
B31: a) | C31: ='WS-DATA'!C469 -> 15.9 mm OD Pipe SDR 13.5 | D31: ='Ws-Det-Security'!H55 -> 3 | E31: Rmt | F31: ='WS-DATA'!J474 -> 143 | G31: =ROUND(F31*D31,0) -> 429
B33: b) | C33: ='WS-DATA'!C476 -> 22.2 mm OD Pipe SDR 13.5 | D33: ='Ws-Det-Security'!H61 -> 5 | E33: Rmt | F33: ='WS-DATA'!J481 -> 164 | G33: =ROUND(F33*D33,0) -> 820
B35: c) | C35: ='WS-DATA'!C483 -> 28.6 mm OD Pipe SDR 13.5 | D35: ='Ws-Det-Security'!H67+'Ws-Det-Security'!H83 -> 9 | E35: Rmt | F35: ='WS-DATA'!J488 -> 217 | G35: =ROUND(F35*D35,0) -> 1953
A37: =A30+1 -> 13 | C37: ='WS-DATA'!C267:J267 -> Supplying and fixing PPR ball valve of 32 mm dia confirming to DIN standards 8077/8092 , Indian make heavy type including cost and conveyance of all materials , labour charges etc. complete for finished item of work.
D38: ='Ws-Det-Security'!H87 -> 1 | E38: NO | F38: ='WS-DATA'!J273 -> 257 | G38: =ROUND(F38*D38,0) -> 257
A40: =A37+1 -> 14 | C40: ='WS-DATA'!C140:J140 -> Supplying and fixing of SWR/ PVC pipes (as per ISI standards) 4 Kg/Sq.cm. Prince/sudhakar or any ISI brand and fixing all special such as plain bends, off sets, door bends, single junctions, double junctions as per site requirement, fixing with PVC clamps if necessary with required number of Bombay nails including cost and conveyance of all materials to site, labour charges etc.complete for finished item of work at all floor levels. (APSS No. 1302 1319 & 1326)
B41: a) | C41: 75mmdia | D41: ='Ws-Det-Security'!H74 -> 4 | E41: Rmt | F41: ='WS-DATA'!J146 -> 92.7 | G41: =ROUND(F41*D41,0) -> 371
B43: b) | C43: 110mmdia | D43: ='Ws-Det-Security'!H79 -> 4 | E43: Rmt | F43: ='WS-DATA'!J158 -> 175.7 | G43: =ROUND(F43*D43,0) -> 703
A45: =A40+1 -> 15 | C45: ='WS-DATA'!C358:J358 -> Providing and placing on terrace (at all floor levels) polyetheylene water storage tank with double layer approved brand and manufacture with cover and suitable locking arrangement and making necessary holes for inlet and outlets and over flow pipes but without fittings and base support for tanks including cost and conveyance of all materials and labour charges for placing and fixing in position as directed by Engineer-in-Charge. | D45: ='Ws-Det-Security'!H91 -> 500 | E45: Lit | F45: ='WS-DATA'!J363 -> 8 | G45: =ROUND(F45*D45,0) -> 4000
A47: =A45+1 -> 16 | C47: ='WS-DATA'!C310:J310 -> Construction of brick masonry support for GI pipe of size 304.80mm x 228.60mm x 228.60 mm in CM (1:8) prop including plastering and finishing with 12mm thick in CM (1:5) including cost and conveyance of all materials and all labour charges etc. complete | D47: ='Ws-Det-Security'!H89 -> 2 | E47: NO | F47: ='WS-DATA'!J315 -> 86 | G47: =ROUND(F47*D47,0) -> 172
C48: Sub Total (WS): | G48: =SUM(G4:G47) -> 36440

Sheet ABS-ELE-SEC
A1: Sub work: Providing Internal Electrical Installation
A2: S. NO. | B2: Description of Work | C2: Quantity | D2: Unit | E2: Rate (Rs.) | F2: Amount (Rs.)
E3: in fig.
B4: CONDUIT PIPE
A5: 1 | B5: Supply and Fixing of ISI 25mm outer dia heavygrade, FRLS with IS:9537 part 3 regid PVC pipe. concealed in Roof Slabs with all required accessories including masonary work and labour charges etc., complete. Makes : Sudhakar / Goldmedal / Modi / AKG / VIP / MillionPlast / Precision | C5: 80 | D5: mts | E5: =#REF! -> #REF! | F5: =E5*C5 -> #REF!
A6: =A5+1 -> 2 | B6: Supply and Fixing of ISI 25mm outer dia mediumgrade, FRLS with IS:9537 part 3 regid PVC pipe. concealed in wall with all required accessories including masonary work for light, fan and separate plug point with 8 or 9 Module Hot dip galvanized Metal Box including all labour charges etc., complete. Makes : Sudhakar / Goldmedal / Modi / AKG / VIP / MillionPlast / Precision | C6: 60 | D6: mts | E6: =#REF! -> #REF! | F6: =E6*C6 -> #REF!
A7: =A6+1 -> 3 | B7: Supply and fixing of concealed box PVC/MS with hook for fan Supply and fixing PVC / MS galvanished Fan hook box with hook including all Labour charges etc., complete. | C7: 2 | D7: Pts | E7: =#REF! -> #REF! | F7: =E7*C7 -> #REF!
B9: WIRING
A10: =A7+1 -> 4 | B10: Wiring with 2 runs of 14/0.3mm (1.0 Sq.mm) Fire Retardant Low Smoke (FRLS) / HFFR P.V.C. insulated 1100 V Grade as per IS: 694 / 1990 specification for flexible copper cable (ISI MARK) in existing pipe with 6A 1 way modular switch, Ceiling rose including all labour charges etc., complete for light, bell, fan and exhaust fan points in Residential Buildings Makes of Wires : Finolex / RR kabel / Havells / APAR EBXL / KEI /L&T / V-Guard Makes of Switches : Legrand Myrius / Cabtree Verona / Million / Logus/ Gold Medal Curve / Anchor Roma viola / CPL / GreatWhite / Vimal / GM Four-Five / HPL / L&T / Salzar / Stanjo | C10: 16 | D10: Pts | E10: =#REF! -> #REF! | F10: =E10*C10 -> #REF!
A11: =A10+1 -> 5 | B11: Wiring with 2 runs of 14/0.3mm (1.0 Sq.mm) Fire Retardant Low Smoke (FRLS) P.V.C. insulated flexible copper cable (ISI MARK) in existing pipe with 6A 2 Way MODULAR switch, Ceiling rose and modular cover frame to switch control box including all labour charges etc., complete for Stair case and 2 way light / fan points in Non-Residential Buildings Makes of Wires : Finolex / RR kabel Makes of Switches : GM G Home /Anchor Penta Cherry / Gold Madel Olive / Million Zoom / Great White | C11: 2 | D11: Pts | E11: =#REF! -> #REF! | F11: =E11*C11 -> #REF!
B12: Sockets & Switches
A13: =A11+1 -> 6 | B13: Supply and fixing of 6A 3/2 pin Modular wall plug socket with shutter and 6A 1 way modular switch control on a common switch board with earth continuity including wire leads, earth connections along with all labour charges etc., complete. Makes of Switches : Legrand myreus/Crabtree verona / Gold Madel curve / Million / LogusAnchor Roma viola / Great White /CPL/Vimal/ GM four-five/HPL/L&T/Salzar / Stanjo | C13: 2 | D13: Pts | E13: =#REF! -> #REF! | F13: =E13*C13 -> #REF!
A14: =A13+1 -> 7 | B14: Wiring with 3 of 14/0.3mm ( 1.50 Sq.mm) FRLS / HFFR P.V.C. insulated flexible copper cable (ISI MARK) in existing pipe with 6A switch and 6A, 3/2 pin socket Modular type with 6A switch control and MS boxes with cover plate and GI switch box fixing on separate board including all labour charges etc., complete. Makes of Wires : Finolex / RR kabel / Havells / APAR EBXL / KEI /L&T / V-Guard Makes of Switches : Legrand Myrius / Cabtree Verona / Million / Logus/ Gold Medal Curve / Anchor Roma viola / CPL / GreatWhite / Vimal / GM Four-Five / HPL / L&T / Salzar / Stanjo | C14: 2 | D14: Pts | E14: =#REF! -> #REF! | F14: =E14*C14 -> #REF!
A15: =A14+1 -> 8 | B15: Supply and fixing of 3 Nos 6A ISI mark Modular type switch with 3Nos 6A 3/2 pin wall plug socket on suitable size Modular deep box with cover frame GI switch box fixing on separate board including all labour charges etc., complete. Makes of Wires : Finolex / RR kabel / Havells / APAR EBXL / KEI /L&T / V-Guard Makes of Switches : Legrand Myrius / Cabtree Verona / Million / Logus/ Gold Medal Curve / Anchor Roma viola / CPL / GreatWhite / Vimal / GM Four-Five / HPL / L&T / Salzar / Stanjo | C15: 0 | D15: Pts | E15: =#REF! -> #REF! | F15: =E15*C15 -> #REF!
A16: =A15+1 -> 9 | B16: Supply and Fixing of 16A/6A 3pin plug socket with shutter and 16A modular switch control duly recessed in wall with Galvanised hot deep box of with common switch board including earth connections and all labour charges etc., complete. Makes of Switches : Legrand myreus/Crabtree verona / Gold Madel curve / Million / LogusAnchor Roma viola / Great White /CPL/Vimal/ GM four-five/HPL/L&T | C16: 1 | D16: Pts | E16: =#REF! -> #REF! | F16: =E16*C16 -> #REF!
B18: Run of Mains
A19: =A16+1 -> 10 | B19: Supply and run of 1 of 22/0.3 mm ( 1.5 sq.mm) FRLS / HFFR PVC insulated 1100 V grade as per IS: 694 / 1990 specifications for flexible copper cable for existing pipe for earth continuity including all labour charges etc., complete. Makes of Wires : Finolex / RR kabel / Havells / APAR EBXL / KEI /L&T / V-Guard. | C19: 0 | D19: Mts | E19: =#REF! -> #REF! | F19: =E19*C19 -> #REF!
A20: =A19+1 -> 11 | B20: Supply and run of 3 of 2.5 Sq mm PVC F.R L.S. / HFFR P.V.C. insulated flexible copper cable 1100 V grade as per IS: 694 / 1990 specifications and 1 run of 1.00 Sq mm F.R L.S. / HFFR P.V.C. insulated flexible copper cable 1100 V grade as per IS: 694 / 1990 specifications in the existing conduit pipe for run of mains from main panel board to TPN DB'S with pin type lugs and connection. Makes of Wires : Finolex / RR kabel / Havells / APAR EBXL / KEI /L&T / V-Guard. | C20: 80 | D20: Mts | E20: =#REF! -> #REF! | F20: =E20*C20 -> #REF!
A21: =A20+1 -> 12 | B21: Supply and run of 3 of 4 Sq mm PVC F.R L.S. / HFFR P.V.C. insulated flexible copper cable 1100 V grade as per IS: 694 / 1990 specifications and 1 run of 2.5 Sq mm F.R L.S. / HFFR P.V.C. insulated flexible copper cable 1100 V grade as per IS: 694 / 1990 specifications in the existing conduit pipe for run of mains from main panel board to TPN DB'S with pin type lugs and connection. Makes of Wires : Finolex / RR kabel / Havells / APAR EBXL / KEI /L&T / V-Guard. | C21: 0 | D21: Mts | E21: =#REF! -> #REF! | F21: =E21*C21 -> #REF!
A22: =A21+1 -> 13 | B22: Supply and run of 3 of 6 Sq mm PVC F.R L.S. / HFFR P.V.C. insulated flexible copper cable 1100 V grade as per IS: 694 / 1990 specifications and 1 run of 2.5 Sq mm F.R L.S. / HFFR P.V.C. insulated flexible copper cable 1100 V grade as per IS: 694 / 1990 specifications in the existing conduit pipe for run of mains from main panel board to TPN DB'S with pin type lugs and connection. Makes of Wires : Finolex / RR kabel / Havells / APAR EBXL / KEI /L&T / V-Guard. | C22: 0 | D22: Mts | E22: =#REF! -> #REF! | F22: =E22*C22 -> #REF!
A23: =A22+1 -> 14 | B23: Supply and run of 5 of 10 Sq mm F.R L.S. / HFFR P.V.C. insulated flexible copper cable 1100 V grade as per IS: 694 / 1990 specifications and 1 run of 6 Sq mm F.R L.S. / HFFR P.V.C. insulated flexible copper cable 1100 V grade as per IS: 694 / 1990 specifications in the existing conduit pipe for run of mains from main panel board to TPN DB'S with pin type lugs and connections Makes of Wires : Finolex / RR kabel / Havells / APAR EBXL / KEI /L&T / V-Guard. | C23: 0 | D23: Mts | E23: =#REF! -> #REF! | F23: =E23*C23 -> #REF!
B25: Distribution Board
